Workbook

Sheet Смета 12 гр. по ФЕР
A1: =Source!B1 -> Smeta.RU (495) 974-1589 | I1: Приложение 1 к форме 7
B4: СМЕТА
B6: =IF(Source!G20<>"Новая локальная смета", Source!G20, "")
B8: =IF(Source!G12<>"Новый объект", Source!G12, "") -> на капитальный ремонт помещений мужских туалетов 3, 4 этажей здания учебного корпуса НИЯУ МИФИ по адресу: г.Москва,Холодильный переулок,д.1,корп.1,стр.2 | AD8: =IF(Source!G12<>"Новый объект", Source!G12, "") -> на капитальный ремонт помещений мужских туалетов 3, 4 этажей здания учебного корпуса НИЯУ МИФИ по адресу: г.Москва,Холодильный переулок,д.1,корп.1,стр.2
G13: базовая цена | I13: текущая цена
C14: Сметная стоимость | G14: =SUM(O25:O908)/1000 -> 154.05016 | I14: =(Source!F448/1000) -> 1191.6127 | K14: тыс. руб.
C15: Строительные работы | G15: =SUM(W25:W908)/1000 -> 145.51867 | I15: =(Source!F435)/1000 -> 950.80617 | K15: тыс. руб.
C16: Монтажные работы | G16: =SUM(X25:X908)/1000 -> 8.26159 | I16: =(Source!F436)/1000 -> 53.94765 | K16: тыс. руб.
C17: Оборудование | G17: =SUM(Y25:Y908)/1000 -> 0 | I17: =(Source!F427)/1000 -> 0 | K17: тыс. руб.
C18: Прочие работы | G18: =SUM(Z25:Z908)/1000 -> 0.2699 | I18: =(Source!F437+Source!F438)/1000 -> 5.08748 | K18: тыс. руб.
C19: Нормативная трудоемкость | G19: =I19 -> 2074.5168 | I19: =(Source!F440+Source!F441) -> 2074.5168 | K19: чел. -ч.
C20: Средства на оплату труда | G20: =SUM(R25:R908)/1000 -> 18.90996 | I20: =(Source!F433+ Source!F432)/1000 -> 125.1036 | K20: тыс. руб.
A22: Составлена в ценах I квартал 2018 года
A23: № п/п | B23: Шифр расценки и коды ресурсов | C23: Наименование работ и затрат | D23: Ед. изм. | E23: Кол-во единиц | F23: Цена на ед. изм. | G23: Попра-вочные коэфф. | H23: Стоимость в ценах 2001г. | I23: Пункт коэфф. пересчета | J23: Коэфф. пересчета | K23: Стоимость в текущих ценах | L23: ЗТР всего чел.-час
A24: 1 | B24: 2 | C24: 3 | D24: 4 | E24: 5 | F24: 6 | G24: 7 | H24: 8 | I24: 9 | J24: 10 | K24: 11 | L24: 12
A26: =CONCATENATE("Раздел: ",IF(Source!G24<>"Новый раздел", Source!G24, "")) -> Раздел: 1 Общестроительные работы
A27: =Source!E28 -> 1 | B27: =Source!F28 -> 46-04-012-03 | C27: =Source!G28 -> Разборка деревянных заполнений проемов дверных и воротных | D27: =Source!H28 -> 100 м2 | E27: =Source!I28 -> 0.076 | F27: =Source!AL28+Source!AM28+Source!AO28 -> 1082.58 | I27: =Source!BO28 | S27: =ROUND((Source!FX28/100)*((ROUND(Source!AF28*Source!I28, 2)+ROUND(Source!AE28*Source!I28, 2))), 2) -> 71.11 | T27: =Source!X28 -> 464.36 | U27: =ROUND((Source!FY28/100)*((ROUND(Source!AF28*Source!I28, 2)+ROUND(Source!AE28*Source!I28, 2))), 2) -> 42.74 | V27: =Source!Y28 -> 281.43
C28: ="Объем: "&Source!I28&"=7,6/"&"100" -> Объем: 0,076=7,6/100
C29: Зарплата | F29: =Source!AO28 -> 840.63 | G29: =Source!DG28 | H29: =ROUND(Source!AF28*Source!I28, 2) -> 63.89 | J29: =IF(Source!BA28<> 0, Source!BA28, 1) -> 6.53 | K29: =Source!S28 -> 417.19 | R29: =H29 -> 63.89
C30: Эксплуатация машин | F30: =Source!AM28 -> 241.95 | G30: =Source!DE28 | H30: =ROUND(Source!AD28*Source!I28, 2) -> 18.39 | J30: =IF(Source!BB28<> 0, Source!BB28, 1) -> 6.53 | K30: =Source!Q28 -> 120.07
C31: в т.ч. зарплата машинистов | F31: =Source!AN28 -> 104.49 | G31: =Source!DF28 | H31: =ROUND(Source!AE28*Source!I28, 2) -> 7.94 | J31: =IF(Source!BS28<> 0, Source!BS28, 1) -> 6.53 | K31: =Source!R28 -> 51.86 | R31: =H31 -> 7.94
C32: НР от ФОТ | D32: % | E32: =Source!BZ28 -> 110 | F32: =CONCATENATE(" )", Source!DL28, Source!FT28, "=", Source!FX28) -> )*0,9=99 | H32: =SUM(S27:S34) -> 71.11 | J32: =Source!AT28 -> 99 | K32: =SUM(T27:T34) -> 464.36
C33: СП от ФОТ | D33: % | E33: =Source!CA28 -> 70 | F33: =CONCATENATE(" )", Source!DM28, Source!FU28, "=", Source!FY28) -> )*0,85=59,5 | H33: =SUM(U27:U34) -> 42.74 | J33: =Source!AU28 -> 60 | K33: =SUM(V27:V34) -> 281.43
C34: Затраты труда | D34: чел-ч | E34: =Source!AQ28 -> 103.91 | G34: =Source!DI28 | L34: =Source!U28 -> 7.89716
G35: =H29+H30+H32+H33 -> 196.13 | J35: =K29+K30+K32+K33 -> 1283.05 | L35: =Source!U28 -> 7.89716 | O35: =G35 -> 196.13 | P35: =J35 -> 1283.05 | Q35: =L35 -> 7.89716 | W35: =IF(Source!BI28<=1,H29+H30+H32+H33, 0) -> 196.13 | X35: =IF(Source!BI28=2,H29+H30+H32+H33, 0) -> 0 | Y35: =IF(Source!BI28=3,H29+H30+H32+H33, 0) -> 0 | Z35: =IF(Source!BI28=4,H29+H30+H32+H33, 0) -> 0
A36: =Source!E29 -> 2 | B36: =Source!F29 -> 46-04-012-01 | C36: =Source!G29 -> Разборка деревянных заполнений проемов оконных с подоконными досками | D36: =Source!H29 -> 100 м2 | E36: =Source!I29 -> 0.0474 | F36: =Source!AL29+Source!AM29+Source!AO29 -> 1767.24 | I36: =Source!BO29 | S36: =ROUND((Source!FX29/100)*((ROUND(Source!AF29*Source!I29, 2)+ROUND(Source!AE29*Source!I29, 2))), 2) -> 76.48 | T36: =Source!X29 -> 499.41 | U36: =ROUND((Source!FY29/100)*((ROUND(Source!AF29*Source!I29, 2)+ROUND(Source!AE29*Source!I29, 2))), 2) -> 45.96 | V36: =Source!Y29 -> 302.67
C37: Зарплата | F37: =Source!AO29 -> 1525.29 | G37: =Source!DG29 | H37: =ROUND(Source!AF29*Source!I29, 2) -> 72.3 | J37: =IF(Source!BA29<> 0, Source!BA29, 1) -> 6.53 | K37: =Source!S29 -> 472.11 | R37: =H37 -> 72.3
C38: Эксплуатация машин | F38: =Source!AM29 -> 241.95 | G38: =Source!DE29 | H38: =ROUND(Source!AD29*Source!I29, 2) -> 11.47 | J38: =IF(Source!BB29<> 0, Source!BB29, 1) -> 6.53 | K38: =Source!Q29 -> 74.89
C39: в т.ч. зарплата машинистов | F39: =Source!AN29 -> 104.49 | G39: =Source!DF29 | H39: =ROUND(Source!AE29*Source!I29, 2) -> 4.95 | J39: =IF(Source!BS29<> 0, Source!BS29, 1) -> 6.53 | K39: =Source!R29 -> 32.34 | R39: =H39 -> 4.95
C40: НР от ФОТ | D40: % | E40: =Source!BZ29 -> 110 | F40: =CONCATENATE(" )", Source!DL29, Source!FT29, "=", Source!FX29) -> )*0,9=99 | H40: =SUM(S36:S42) -> 76.48 | J40: =Source!AT29 -> 99 | K40: =SUM(T36:T42) -> 499.41
C41: СП от ФОТ | D41: % | E41: =Source!CA29 -> 70 | F41: =CONCATENATE(" )", Source!DM29, Source!FU29, "=", Source!FY29) -> )*0,85=59,5 | H41: =SUM(U36:U42) -> 45.96 | J41: =Source!AU29 -> 60 | K41: =SUM(V36:V42) -> 302.67
C42: Затраты труда | D42: чел-ч | E42: =Source!AQ29 -> 188.54 | G42: =Source!DI29 | L42: =Source!U29 -> 8.936796
G43: =H37+H38+H40+H41 -> 206.21 | J43: =K37+K38+K40+K41 -> 1349.08 | L43: =Source!U29 -> 8.936796 | O43: =G43 -> 206.21 | P43: =J43 -> 1349.08 | Q43: =L43 -> 8.936796 | W43: =IF(Source!BI29<=1,H37+H38+H40+H41, 0) -> 206.21 | X43: =IF(Source!BI29=2,H37+H38+H40+H41, 0) -> 0 | Y43: =IF(Source!BI29=3,H37+H38+H40+H41, 0) -> 0 | Z43: =IF(Source!BI29=4,H37+H38+H40+H41, 0) -> 0
A44: =Source!E30 -> 3 | B44: =Source!F30 -> 58-20-1 | C44: =Source!G30 -> Смена обделок из листовой стали (поясков, сандриков, отливов, карнизов) шириной до 0,4 м | D44: =Source!H30 -> 100 м | E44: =Source!I30 -> 0.0264 | F44: =Source!AL30+Source!AM30+Source!AO30 -> 454.41 | I44: =Source!BO30 | S44: =ROUND((Source!FX30/100)*((ROUND(Source!AF30*Source!I30, 2)+ROUND(Source!AE30*Source!I30, 2))), 2) -> 7.78 | T44: =Source!X30 -> 50.76 | U44: =ROUND((Source!FY30/100)*((ROUND(Source!AF30*Source!I30, 2)+ROUND(Source!AE30*Source!I30, 2))), 2) -> 6.09 | V44: =Source!Y30 -> 39.75
C45: ="Объем: "&Source!I30&"=2,64/"&"100" -> Объем: 0,0264=2,64/100
C46: Зарплата | F46: =Source!AO30 -> 353.23 | G46: =Source!DG30 | H46: =ROUND(Source!AF30*Source!I30, 2) -> 9.33 | J46: =IF(Source!BA30<> 0, Source!BA30, 1) -> 6.53 | K46: =Source!S30 -> 60.89 | R46: =H46 -> 9.33
C47: Эксплуатация машин | F47: =Source!AM30 -> 5.13 | G47: =Source!DE30 | H47: =ROUND(Source!AD30*Source!I30, 2) -> 0.14 | J47: =IF(Source!BB30<> 0, Source!BB30, 1) -> 6.53 | K47: =Source!Q30 -> 0.88
C48: в т.ч. зарплата машинистов | F48: =Source!AN30 -> 1.54 | G48: =Source!DF30 | H48: =ROUND(Source!AE30*Source!I30, 2) -> 0.04 | J48: =IF(Source!BS30<> 0, Source!BS30, 1) -> 6.53 | K48: =Source!R30 -> 0.27 | R48: =H48 -> 0.04
C49: Материальные ресурсы | F49: =Source!AL30 -> 96.05 | G49: =Source!DD30 | H49: =ROUND(Source!AC30*Source!I30, 2) -> 2.54 | J49: =IF(Source!BC30<> 0, Source!BC30, 1) -> 6.53 | K49: =Source!P30 -> 16.56
C50: НР от ФОТ | D50: % | E50: =Source!BZ30 -> 83 | H50: =SUM(S44:S53) -> 7.78 | J50: =Source!AT30 -> 83 | K50: =SUM(T44:T53) -> 50.76
C51: СП от ФОТ | D51: % | E51: =Source!CA30 -> 65 | H51: =SUM(U44:U53) -> 6.09 | J51: =Source!AU30 -> 65 | K51: =SUM(V44:V53) -> 39.75
C52: Затраты труда | D52: чел-ч | E52: =Source!AQ30 -> 41.41 | G52: =Source!DI30 | L52: =Source!U30 -> 1.093224
A53: =Source!E31 -> 3,1 | B53: =Source!F31 -> 08.1.02.03-0021 | C53: =Source!G31 -> Водоотлив оконный шириной планки 250 мм из оцинкованной стали с полимерным покрытием | D53: =Source!H31 -> П.М | E53: =Source!I31 -> 2.64 | F53: =Source!AL31+Source!AM31+Source!AO31 -> 26.41 | H53: =ROUND(Source!AC31*Source!I31, 2)+ROUND(Source!AD31*Source!I31, 2)+ROUND(Source!AF31*Source!I31, 2) -> 69.72 | J53: =IF(Source!BC31<> 0, Source!BC31, 1) -> 6.53 | K53: =Source!O31 -> 455.29 | S53: =ROUND((Source!FX31/100)*((ROUND(Source!AF31*Source!I31, 2)+ROUND(Source!AE31*Source!I31, 2))), 2) -> 0 | T53: =Source!X31 -> 0 | U53: =ROUND((Source!FY31/100)*((ROUND(Source!AF31*Source!I31, 2)+ROUND(Source!AE31*Source!I31, 2))), 2) -> 0 | V53: =Source!Y31 -> 0 | W53: =IF(Source!BI31<=1,H53, 0) -> 69.72 | X53: =IF(Source!BI31=2,H53, 0) -> 0 | Y53: =IF(Source!BI31=3,H53, 0) -> 0 | Z53: =IF(Source!BI31=4,H53, 0) -> 0
G54: =H46+H47+H49+H50+H51+SUM(H53:H53) -> 95.6 | J54: =K46+K47+K49+K50+K51+SUM(K53:K53) -> 624.13 | L54: =Source!U30 -> 1.093224 | O54: =G54 -> 95.6 | P54: =J54 -> 624.13 | Q54: =L54 -> 1.093224 | W54: =IF(Source!BI30<=1,H46+H47+H49+H50+H51, 0) -> 25.88 | X54: =IF(Source!BI30=2,H46+H47+H49+H50+H51, 0) -> 0 | Y54: =IF(Source!BI30=3,H46+H47+H49+H50+H51, 0) -> 0 | Z54: =IF(Source!BI30=4,H46+H47+H49+H50+H51, 0) -> 0
A55: =Source!E32 -> 4 | B55: =Source!F32 -> 63-7-5 | C55: =Source!G32 -> Разборка облицовки стен из керамических глазурованных плиток | D55: =Source!H32 -> 100 м2 | E55: =Source!I32 -> 0.8964 | F55: =Source!AL32+Source!AM32+Source!AO32 -> 654 | I55: =Source!BO32 | S55: =ROUND((Source!FX32/100)*((ROUND(Source!AF32*Source!I32, 2)+ROUND(Source!AE32*Source!I32, 2))), 2) -> 406.87 | T55: =Source!X32 -> 2656.85 | U55: =ROUND((Source!FY32/100)*((ROUND(Source!AF32*Source!I32, 2)+ROUND(Source!AE32*Source!I32, 2))), 2) -> 264.2 | V55: =Source!Y32 -> 1725.23
C56: ="Объем: "&Source!I32&"=89,64/"&"100" -> Объем: 0,8964=89,64/100
C57: Зарплата | F57: =Source!AO32 -> 584.74 | G57: =Source!DG32 | H57: =ROUND(Source!AF32*Source!I32, 2) -> 524.16 | J57: =IF(Source!BA32<> 0, Source!BA32, 1) -> 6.53 | K57: =Source!S32 -> 3422.77 | R57: =H57 -> 524.16
C58: Эксплуатация машин | F58: =Source!AM32 -> 69.26 | G58: =Source!DE32 | H58: =ROUND(Source!AD32*Source!I32, 2) -> 62.08 | J58: =IF(Source!BB32<> 0, Source!BB32, 1) -> 6.53 | K58: =Source!Q32 -> 405.41
C59: в т.ч. зарплата машинистов | F59: =Source!AN32 -> 4.73 | G59: =Source!DF32 | H59: =ROUND(Source!AE32*Source!I32, 2) -> 4.24 | J59: =IF(Source!BS32<> 0, Source!BS32, 1) -> 6.53 | K59: =Source!R32 -> 27.69 | R59: =H59 -> 4.24
C60: НР от ФОТ | D60: % | E60: =Source!BZ32 -> 77 | H60: =SUM(S55:S62) -> 406.87 | J60: =Source!AT32 -> 77 | K60: =SUM(T55:T62) -> 2656.85
C61: СП от ФОТ | D61: % | E61: =Source!CA32 -> 50 | H61: =SUM(U55:U62) -> 264.2 | J61: =Source!AU32 -> 50 | K61: =SUM(V55:V62) -> 1725.23
C62: Затраты труда | D62: чел-ч | E62: =Source!AQ32 -> 74.3 | G62: =Source!DI32 | L62: =Source!U32 -> 66.60252
G63: =H57+H58+H60+H61 -> 1257.31 | J63: =K57+K58+K60+K61 -> 8210.26 | L63: =Source!U32 -> 66.60252 | O63: =G63 -> 1257.31 | P63: =J63 -> 8210.26 | Q63: =L63 -> 66.60252 | W63: =IF(Source!BI32<=1,H57+H58+H60+H61, 0) -> 1257.31 | X63: =IF(Source!BI32=2,H57+H58+H60+H61, 0) -> 0 | Y63: =IF(Source!BI32=3,H57+H58+H60+H61, 0) -> 0 | Z63: =IF(Source!BI32=4,H57+H58+H60+H61, 0) -> 0
A64: =Source!E33 -> 5 | B64: =Source!F33 -> 46-02-009-02 | C64: =Source!G33 -> Отбивка штукатурки с поверхностей стен и потолков кирпичных | D64: =Source!H33 -> 100 м2 | E64: =Source!I33 -> 2.108 | F64: =Source!AL33+Source!AM33+Source!AO33 -> 178 | I64: =Source!BO33 | S64: =ROUND((Source!FX33/100)*((ROUND(Source!AF33*Source!I33, 2)+ROUND(Source!AE33*Source!I33, 2))), 2) -> 371.47 | T64: =Source!X33 -> 2425.71 | U64: =ROUND((Source!FY33/100)*((ROUND(Source!AF33*Source!I33, 2)+ROUND(Source!AE33*Source!I33, 2))), 2) -> 223.26 | V64: =Source!Y33 -> 1470.13
C65: ="Объем: "&Source!I33&"=210,8/"&"100" -> Объем: 2,108=210,8/100
C66: Зарплата | F66: =Source!AO33 -> 178 | G66: =Source!DG33 | H66: =ROUND(Source!AF33*Source!I33, 2) -> 375.22 | J66: =IF(Source!BA33<> 0, Source!BA33, 1) -> 6.53 | K66: =Source!S33 -> 2450.21 | R66: =H66 -> 375.22
C67: НР от ФОТ | D67: % | E67: =Source!BZ33 -> 110 | F67: =CONCATENATE(" )", Source!DL33, Source!FT33, "=", Source!FX33) -> )*0,9=99 | H67: =SUM(S64:S69) -> 371.47 | J67: =Source!AT33 -> 99 | K67: =SUM(T64:T69) -> 2425.71
C68: СП от ФОТ | D68: % | E68: =Source!CA33 -> 70 | F68: =CONCATENATE(" )", Source!DM33, Source!FU33, "=", Source!FY33) -> )*0,85=59,5 | H68: =SUM(U64:U69) -> 223.26 | J68: =Source!AU33 -> 60 | K68: =SUM(V64:V69) -> 1470.13
C69: Затраты труда | D69: чел-ч | E69: =Source!AQ33 -> 22.82 | G69: =Source!DI33 | L69: =Source!U33 -> 48.10456
G70: =H66+H67+H68 -> 969.95 | J70: =K66+K67+K68 -> 6346.05 | L70: =Source!U33 -> 48.10456 | O70: =G70 -> 969.95 | P70: =J70 -> 6346.05 | Q70: =L70 -> 48.10456 | W70: =IF(Source!BI33<=1,H66+H67+H68, 0) -> 969.95 | X70: =IF(Source!BI33=2,H66+H67+H68, 0) -> 0 | Y70: =IF(Source!BI33=3,H66+H67+H68, 0) -> 0 | Z70: =IF(Source!BI33=4,H66+H67+H68, 0) -> 0
A71: =Source!E34 -> 6 | B71: =Source!F34 -> 46-04-001-04 | C71: =Source!G34 -> Разборка кирпичного пъедестала | D71: =Source!H34 -> м3 | E71: =Source!I34 -> 8.88 | F71: =Source!AL34+Source!AM34+Source!AO34 -> 113.91 | I71: =Source!BO34 | S71: =ROUND((Source!FX34/100)*((ROUND(Source!AF34*Source!I34, 2)+ROUND(Source!AE34*Source!I34, 2))), 2) -> 641.85 | T71: =Source!X34 -> 4191.25 | U71: =ROUND((Source!FY34/100)*((ROUND(Source!AF34*Source!I34, 2)+ROUND(Source!AE34*Source!I34, 2))), 2) -> 385.76 | V71: =Source!Y34 -> 2540.15
C72: Зарплата | F72: =Source!AO34 -> 73.01 | G72: =Source!DG34 | H72: =ROUND(Source!AF34*Source!I34, 2) -> 648.33 | J72: =IF(Source!BA34<> 0, Source!BA34, 1) -> 6.53 | K72: =Source!S34 -> 4233.59 | R72: =H72 -> 648.33
C73: Эксплуатация машин | F73: =Source!AM34 -> 40.9 | G73: =Source!DE34 | H73: =ROUND(Source!AD34*Source!I34, 2) -> 363.19 | J73: =IF(Source!BB34<> 0, Source!BB34, 1) -> 6.53 | K73: =Source!Q34 -> 2371.64
C74: НР от ФОТ | D74: % | E74: =Source!BZ34 -> 110 | F74: =CONCATENATE(" )", Source!DL34, Source!FT34, "=", Source!FX34) -> )*0,9=99 | H74: =SUM(S71:S76) -> 641.85 | J74: =Source!AT34 -> 99 | K74: =SUM(T71:T76) -> 4191.25
C75: СП от ФОТ | D75: % | E75: =Source!CA34 -> 70 | F75: =CONCATENATE(" )", Source!DM34, Source!FU34, "=", Source!FY34) -> )*0,85=59,5 | H75: =SUM(U71:U76) -> 385.76 | J75: =Source!AU34 -> 60 | K75: =SUM(V71:V76) -> 2540.15
C76: Затраты труда | D76: чел-ч | E76: =Source!AQ34 -> 8.24 | G76: =Source!DI34 | L76: =Source!U34 -> 73.1712
G77: =H72+H73+H74+H75 -> 2039.13 | J77: =K72+K73+K74+K75 -> 13336.63 | L77: =Source!U34 -> 73.1712 | O77: =G77 -> 2039.13 | P77: =J77 -> 13336.63 | Q77: =L77 -> 73.1712 | W77: =IF(Source!BI34<=1,H72+H73+H74+H75, 0) -> 2039.13 | X77: =IF(Source!BI34=2,H72+H73+H74+H75, 0) -> 0 | Y77: =IF(Source!BI34=3,H72+H73+H74+H75, 0) -> 0 | Z77: =IF(Source!BI34=4,H72+H73+H74+H75, 0) -> 0
A78: =Source!E35 -> 7 | B78: =Source!F35 -> 57-2-3 | C78: =Source!G35 -> Разборка покрытий полов из керамических плиток | D78: =Source!H35 -> 100 м2 | E78: =Source!I35 -> 0.382 | F78: =Source!AL35+Source!AM35+Source!AO35 -> 641 | I78: =Source!BO35 | S78: =ROUND((Source!FX35/100)*((ROUND(Source!AF35*Source!I35, 2)+ROUND(Source!AE35*Source!I35, 2))), 2) -> 188.08 | T78: =Source!X35 -> 1228.13 | U78: =ROUND((Source!FY35/100)*((ROUND(Source!AF35*Source!I35, 2)+ROUND(Source!AE35*Source!I35, 2))), 2) -> 159.87 | V78: =Source!Y35 -> 1043.91
C79: ="Объем: "&Source!I35&"=38,2/"&"100" -> Объем: 0,382=38,2/100
C80: Зарплата | F80: =Source!AO35 -> 595.99 | G80: =Source!DG35 | H80: =ROUND(Source!AF35*Source!I35, 2) -> 227.67 | J80: =IF(Source!BA35<> 0, Source!BA35, 1) -> 6.53 | K80: =Source!S35 -> 1486.67 | R80: =H80 -> 227.67
C81: Эксплуатация машин | F81: =Source!AM35 -> 45.01 | G81: =Source!DE35 | H81: =ROUND(Source!AD35*Source!I35, 2) -> 17.19 | J81: =IF(Source!BB35<> 0, Source!BB35, 1) -> 6.53 | K81: =Source!Q35 -> 112.28
C82: в т.ч. зарплата машинистов | F82: =Source!AN35 -> 19.44 | G82: =Source!DF35 | H82: =ROUND(Source!AE35*Source!I35, 2) -> 7.43 | J82: =IF(Source!BS35<> 0, Source!BS35, 1) -> 6.53 | K82: =Source!R35 -> 48.49 | R82: =H82 -> 7.43
C83: НР от ФОТ | D83: % | E83: =Source!BZ35 -> 80 | H83: =SUM(S78:S86) -> 188.08 | J83: =Source!AT35 -> 80 | K83: =SUM(T78:T86) -> 1228.13
C84: СП от ФОТ | D84: % | E84: =Source!CA35 -> 68 | H84: =SUM(U78:U86) -> 159.87 | J84: =Source!AU35 -> 68 | K84: =SUM(V78:V86) -> 1043.91
C85: Затраты труда | D85: чел-ч | E85: =Source!AQ35 -> 69.87 | G85: =Source!DI35 | L85: =Source!U35 -> 26.69034
A86: =Source!E36 -> 7,1 | B86: =Source!F36 -> 01.7.07.07 | C86: =Source!G36 -> Строительный мусор | D86: =Source!H36 -> т | E86: =Source!I36 -> 1.9864 | F86: =Source!AL36+Source!AM36+Source!AO36 -> 0 | H86: =ROUND(Source!AC36*Source!I36, 2)+ROUND(Source!AD36*Source!I36, 2)+ROUND(Source!AF36*Source!I36, 2) -> 0 | J86: =IF(Source!BC36<> 0, Source!BC36, 1) -> 6.53 | K86: =Source!O36 -> 0 | S86: =ROUND((Source!FX36/100)*((ROUND(Source!AF36*Source!I36, 2)+ROUND(Source!AE36*Source!I36, 2))), 2) -> 0 | T86: =Source!X36 -> 0 | U86: =ROUND((Source!FY36/100)*((ROUND(Source!AF36*Source!I36, 2)+ROUND(Source!AE36*Source!I36, 2))), 2) -> 0 | V86: =Source!Y36 -> 0 | W86: =IF(Source!BI36<=1,H86, 0) -> 0 | X86: =IF(Source!BI36=2,H86, 0) -> 0 | Y86: =IF(Source!BI36=3,H86, 0) -> 0 | Z86: =IF(Source!BI36=4,H86, 0) -> 0
G87: =H80+H81+H83+H84+SUM(H86:H86) -> 592.81 | J87: =K80+K81+K83+K84+SUM(K86:K86) -> 3870.99 | L87: =Source!U35 -> 26.69034 | O87: =G87 -> 592.81 | P87: =J87 -> 3870.99 | Q87: =L87 -> 26.69034 | W87: =IF(Source!BI35<=1,H80+H81+H83+H84, 0) -> 592.81 | X87: =IF(Source!BI35=2,H80+H81+H83+H84, 0) -> 0 | Y87: =IF(Source!BI35=3,H80+H81+H83+H84, 0) -> 0 | Z87: =IF(Source!BI35=4,H80+H81+H83+H84, 0) -> 0
A88: =Source!E37 -> 8 | B88: =Source!F37 -> 57-2-4 | C88: =Source!G37 -> Разборка покрытий полов цементных толщиной до 150 мм | D88: =Source!H37 -> 100 м2 | E88: =Source!I37 -> 0.382 | F88: =Source!AL37+Source!AM37+Source!AO37 -> 1687.56 | I88: =Source!BO37 | S88: =ROUND((Source!FX37/100)*((ROUND(Source!AF37*Source!I37, 2)+ROUND(Source!AE37*Source!I37, 2))), 2) -> 297.3 | T88: =Source!X37 -> 1941.38 | U88: =ROUND((Source!FY37/100)*((ROUND(Source!AF37*Source!I37, 2)+ROUND(Source!AE37*Source!I37, 2))), 2) -> 252.7 | V88: =Source!Y37 -> 1650.17
C89: ="Объем: "&Source!I37&"=38,2/"&"100" -> Объем: 0,382=38,2/100
C90: Зарплата | F90: =Source!AO37 -> 948.54 | G90: =Source!DG37 | H90: =ROUND(Source!AF37*Source!I37, 2) -> 362.34 | J90: =IF(Source!BA37<> 0, Source!BA37, 1) -> 6.53 | K90: =Source!S37 -> 2366.1 | R90: =H90 -> 362.34
C91: Эксплуатация машин | F91: =Source!AM37 -> 739.02 | G91: =Source!DE37 | H91: =ROUND(Source!AD37*Source!I37, 2) -> 282.31 | J91: =IF(Source!BB37<> 0, Source!BB37, 1) -> 6.53 | K91: =Source!Q37 -> 1843.46
C92: в т.ч. зарплата машинистов | F92: =Source!AN37 -> 24.3 | G92: =Source!DF37 | H92: =ROUND(Source!AE37*Source!I37, 2) -> 9.28 | J92: =IF(Source!BS37<> 0, Source!BS37, 1) -> 6.53 | K92: =Source!R37 -> 60.62 | R92: =H92 -> 9.28
C93: НР от ФОТ | D93: % | E93: =Source!BZ37 -> 80 | H93: =SUM(S88:S96) -> 297.3 | J93: =Source!AT37 -> 80 | K93: =SUM(T88:T96) -> 1941.38
C94: СП от ФОТ | D94: % | E94: =Source!CA37 -> 68 | H94: =SUM(U88:U96) -> 252.7 | J94: =Source!AU37 -> 68 | K94: =SUM(V88:V96) -> 1650.17
C95: Затраты труда | D95: чел-ч | E95: =Source!AQ37 -> 111.2 | G95: =Source!DI37 | L95: =Source!U37 -> 42.4784
A96: =Source!E38 -> 8,1 | B96: =Source!F38 -> 01.7.07.07 | C96: =Source!G38 -> Строительный мусор | D96: =Source!H38 -> т | E96: =Source!I38 -> 2.5212 | F96: =Source!AL38+Source!AM38+Source!AO38 -> 0 | H96: =ROUND(Source!AC38*Source!I38, 2)+ROUND(Source!AD38*Source!I38, 2)+ROUND(Source!AF38*Source!I38, 2) -> 0 | J96: =IF(Source!BC38<> 0, Source!BC38, 1) -> 6.53 | K96: =Source!O38 -> 0 | S96: =ROUND((Source!FX38/100)*((ROUND(Source!AF38*Source!I38, 2)+ROUND(Source!AE38*Source!I38, 2))), 2) -> 0 | T96: =Source!X38 -> 0 | U96: =ROUND((Source!FY38/100)*((ROUND(Source!AF38*Source!I38, 2)+ROUND(Source!AE38*Source!I38, 2))), 2) -> 0 | V96: =Source!Y38 -> 0 | W96: =IF(Source!BI38<=1,H96, 0) -> 0 | X96: =IF(Source!BI38=2,H96, 0) -> 0 | Y96: =IF(Source!BI38=3,H96, 0) -> 0 | Z96: =IF(Source!BI38=4,H96, 0) -> 0
G97: =H90+H91+H93+H94+SUM(H96:H96) -> 1194.65 | J97: =K90+K91+K93+K94+SUM(K96:K96) -> 7801.11 | L97: =Source!U37 -> 42.4784 | O97: =G97 -> 1194.65 | P97: =J97 -> 7801.11 | Q97: =L97 -> 42.4784 | W97: =IF(Source!BI37<=1,H90+H91+H93+H94, 0) -> 1194.65 | X97: =IF(Source!BI37=2,H90+H91+H93+H94, 0) -> 0 | Y97: =IF(Source!BI37=3,H90+H91+H93+H94, 0) -> 0 | Z97: =IF(Source!BI37=4,H90+H91+H93+H94, 0) -> 0
A98: =Source!E39 -> 9 | B98: =Source!F39 -> 13-06-003-01 | C98: =Source!G39 -> Очистка поверхности щетками | D98: =Source!H39 -> м2 | E98: =Source!I39 -> 38.2 | F98: =Source!AL39+Source!AM39+Source!AO39 -> 7.68 | I98: =Source!BO39 | S98: =ROUND((Source!FX39/100)*((ROUND(Source!AF39*Source!I39, 2)+ROUND(Source!AE39*Source!I39, 2))), 2) -> 273.22 | T98: =Source!X39 -> 1784.11 | U98: =ROUND((Source!FY39/100)*((ROUND(Source!AF39*Source!I39, 2)+ROUND(Source!AE39*Source!I39, 2))), 2) -> 200.7 | V98: =Source!Y39 -> 1321.57
C99: Зарплата | F99: =Source!AO39 -> 7.68 | G99: =Source!DG39 -> )*1,15 | H99: =ROUND(Source!AF39*Source!I39, 2) -> 337.31 | J99: =IF(Source!BA39<> 0, Source!BA39, 1) -> 6.53 | K99: =Source!S39 -> 2202.61 | R99: =H99 -> 337.31
C100: НР от ФОТ | D100: % | E100: =Source!BZ39 -> 90 | F100: =CONCATENATE(" )", Source!DL39, Source!FT39, "=", Source!FX39) -> )*0,9=81 | H100: =SUM(S98:S102) -> 273.22 | J100: =Source!AT39 -> 81 | K100: =SUM(T98:T102) -> 1784.11
C101: СП от ФОТ | D101: % | E101: =Source!CA39 -> 70 | F101: =CONCATENATE(" )", Source!DM39, Source!FU39, "=", Source!FY39) -> )*0,85=59,5 | H101: =SUM(U98:U102) -> 200.7 | J101: =Source!AU39 -> 60 | K101: =SUM(V98:V102) -> 1321.57
C102: Затраты труда | D102: чел-ч | E102: =Source!AQ39 -> 0.9 | G102: =Source!DI39 -> )*1,15 | L102: =Source!U39 -> 39.537
G103: =H99+H100+H101 -> 811.23 | J103: =K99+K100+K101 -> 5308.29 | L103: =Source!U39 -> 39.537 | O103: =G103 -> 811.23 | P103: =J103 -> 5308.29 | Q103: =L103 -> 39.537 | W103: =IF(Source!BI39<=1,H99+H100+H101, 0) -> 811.23 | X103: =IF(Source!BI39=2,H99+H100+H101, 0) -> 0 | Y103: =IF(Source!BI39=3,H99+H100+H101, 0) -> 0 | Z103: =IF(Source!BI39=4,H99+H100+H101, 0) -> 0
A104: =Source!E40 -> 10 | B104: =Source!F40 -> 10-01-039-01 | C104: =Source!G40 -> Установка блоков в наружных и внутренних дверных проемах в каменных стенах, площадь проема до 3 м2 | D104: =Source!H40 -> 100 м2 | E104: =Source!I40 -> 0.076 | F104: =Source!AL40+Source!AM40+Source!AO40 -> 3493.69 | I104: =Source!BO40 | S104: =ROUND((Source!FX40/100)*((ROUND(Source!AF40*Source!I40, 2)+ROUND(Source!AE40*Source!I40, 2))), 2) -> 91.81 | T104: =Source!X40 -> 598.41 | U104: =ROUND((Source!FY40/100)*((ROUND(Source!AF40*Source!I40, 2)+ROUND(Source!AE40*Source!I40, 2))), 2) -> 46.29 | V104: =Source!Y40 -> 304.85
C105: ="Объем: "&Source!I40&"=7,6/"&"100" -> Объем: 0,076=7,6/100
C106: Зарплата | F106: =Source!AO40 -> 821.89 | G106: =Source!DG40 -> )*1,15 | H106: =ROUND(Source!AF40*Source!I40, 2) -> 71.83 | J106: =IF(Source!BA40<> 0, Source!BA40, 1) -> 6.53 | K106: =Source!S40 -> 469.07 | R106: =H106 -> 71.83
C107: Эксплуатация машин | F107: =Source!AM40 -> 967.98 | G107: =Source!DE40 -> )*1,25 | H107: =ROUND(Source!AD40*Source!I40, 2) -> 91.96 | J107: =IF(Source!BB40<> 0, Source!BB40, 1) -> 6.53 | K107: =Source!Q40 -> 600.49
C108: в т.ч. зарплата машинистов | F108: =Source!AN40 -> 153.9 | G108: =Source!DF40 -> )*1,25 | H108: =ROUND(Source!AE40*Source!I40, 2) -> 14.62 | J108: =IF(Source!BS40<> 0, Source!BS40, 1) -> 6.53 | K108: =Source!R40 -> 95.47 | R108: =H108 -> 14.62
C109: Материальные ресурсы | F109: =Source!AL40 -> 1703.82 | G109: =Source!DD40 | H109: =ROUND(Source!AC40*Source!I40, 2) -> 129.49 | J109: =IF(Source!BC40<> 0, Source!BC40, 1) -> 6.53 | K109: =Source!P40 -> 845.57
C110: НР от ФОТ | D110: % | E110: =Source!BZ40 -> 118 | F110: =CONCATENATE(" )", Source!DL40, Source!FT40, "=", Source!FX40) -> )*0,9=106,2 | H110: =SUM(S104:S115) -> 91.81 | J110: =Source!AT40 -> 106 | K110: =SUM(T104:T115) -> 598.41
...

Sheet Source
A1: 0 | B1: Smeta.RU (495) 974-1589 | D1: _PS_ | F1: 0 | G1: 0 | H1: 0 | I1: Smeta.RU | K1: 0 | L1: 13277 | M1: 10
A12: 1 | B12: 508 | C12: 0 | D12: =ROW(A450) -> 450 | E12: 0 | F12: Новый объект | G12: на капитальный ремонт помещений мужских туалетов 3, 4 этажей здания учебного корпуса НИЯУ МИФИ по адресу: г.Москва,Холодильный переулок,д.1,корп.1,стр.2 | I12: 0 | K12: 0 | O12: 0 | P12: 0 | Q12: 0 | R12: 0 | V12: 0 | BH12: Сметные нормы списания | BI12: Коды ценников | BJ12: 1 | BK12: 1 | BL12: 0 | BM12: 0 | BN12: 1 | BO12: 0 | BP12: 2 | BQ12: 2 | BR12: 1 | BS12: 1 | BT12: 0 | BU12: 0 | BV12: 0 | BW12: 0 | BX12: 0 | BY12: ФЕР-2017 | BZ12: ТР для Версии 10: Центральные регионы (с учетом п-ма 2536-ИП/12/ГС от 22.03.2017 г | CA12: ФЕР-2017 | CB12: ФЕР-2017 | CC12: ФЕР-2017 | CD12: ФЕР-2017 | CE12: Поправки для ГСН 2017 от 31.03.2017 г | CF12: 0 | CG12: 0 | CH12: 8 | CK12: 4 | EC12: 0
A15: 15 | B15: 1
A18: 52 | B18: =B450 -> 508 | C18: =C450 -> 1 | D18: =D450 -> 12 | E18: =E450 -> 0 | F18: =F450 -> Новый объект | G18: =G450 -> на капитальный ремонт помещений мужских туалетов 3, 4 этажей здания учебного корпуса НИЯУ МИФИ по адресу: г.Москва,Холодильный переулок,д.1,корп.1,стр.2 | O18: =O450 -> 816002.52 | P18: =P450 -> 674187.31 | Q18: =Q450 -> 19869 | R18: =R450 -> 3157.39 | S18: =S450 -> 121946.21 | T18: =T450 -> 0 | U18: =U450 -> 2032.6534 | V18: =V450 -> 41.863432 | ... GX18: =GX450 -> 0
A20: 3 | B20: 1 | D20: =ROW(A418) -> 418 | F20: Новая локальная смета | G20: Новая локальная смета | I20: 0 | K20: 0 | V20: 0 | BX20: 0 | CF20: 0 | CG20: 0
A22: 52 | B22: =B418 -> 1 | C22: =C418 -> 3 | D22: =D418 -> 20 | E22: =E418 -> 0 | F22: =F418 -> Новая локальная смета | G22: =G418 -> Новая локальная смета | O22: =O418 -> 816002.52 | P22: =P418 -> 674187.31 | Q22: =Q418 -> 19869 | R22: =R418 -> 3157.39 | S22: =S418 -> 121946.21 | T22: =T418 -> 0 | U22: =U418 -> 2032.6534 | V22: =V418 -> 41.863432 | ... GX22: =GX418 -> 0
A24: 4 | B24: 1 | D24: =ROW(A80) -> 80 | G24: 1 Общестроительные работы | I24: 0 | K24: 0 | V24: 0 | BX24: 0 | CJ24: 0
A26: 52 | B26: =B80 -> 1 | C26: =C80 -> 4 | D26: =D80 -> 24 | E26: =E80 -> 0 | F26: =F80 | G26: =G80 -> 1 Общестроительные работы | O26: =O80 -> 507531.11 | P26: =P80 -> 416393.95 | Q26: =Q80 -> 10850.7 | R26: =R80 -> 2082.57 | S26: =S80 -> 80286.46 | T26: =T80 -> 0 | U26: =U80 -> 1368.7393 | V26: =V80 -> 29.321197 | ... GX26: =GX80 -> 0
A28: 17 | B28: 1 | C28: =ROW(SmtRes!A3) -> 3 | D28: =ROW(EtalonRes!A3) -> 3 | E28: 1 | F28: 46-04-012-03 | G28: Разборка деревянных заполнений проемов дверных и воротных | H28: 100 м2 | I28: =ROUND(7.6/100,9) -> 0.076 | J28: 0 | O28: =ROUND(CP28,2) -> 537.26 | P28: =ROUND(CQ28*I28,2) -> 0 | Q28: =ROUND(CR28*I28,2) -> 120.07 | R28: =ROUND(CS28*I28,2) -> 51.86 | S28: =ROUND(CT28*I28,2) -> 417.19 | T28: =ROUND(CU28*I28,2) -> 0 | U28: =CV28*I28 -> 7.89716 | V28: =CW28*I28 -> 0.58824 | W28: =ROUND(CX28*I28,2) -> 0 | X28: =ROUND(CY28,2) -> 464.36 | Y28: =ROUND(CZ28,2) -> 281.43 | AA28: 39083528 | AB28: =ROUND((AC28+AD28+AF28),2) -> 1082.58 | AC28: =ROUND((ES28),2) -> 0 | AD28: =ROUND((((ET28)-(EU28))+AE28),2) -> 241.95 | AE28: =ROUND((EU28),2) -> 104.49 | AF28: =ROUND((EV28),2) -> 840.63 | AG28: =ROUND((AP28),2) -> 0 | AH28: =(EW28) -> 103.91 | AI28: =(EX28) -> 7.74 | AJ28: =ROUND((AS28),2) -> 0 | AK28: 1082.58 | AL28: 0 | AM28: 241.95 | AN28: 104.49 | AO28: 840.63 | AP28: 0 | AQ28: 103.91 | AR28: 7.74 | AS28: 0 | AT28: 99 | AU28: 60 | AV28: 1 | AW28: 1 | AZ28: 6.53 | BA28: 6.53 | BB28: 6.53 | BC28: 6.53 | BH28: 0 | BI28: 1 | BJ28: ФЕР-2001, 46-04-012-03, приказ Минстроя России №1039/пр от 30.12.2016г. | BM28: 46001 | BN28: 0 | BP28: 0 | BQ28: 2 | BR28: 0 | BS28: 6.53 | BT28: 1 | BU28: 1 | BV28: 1 | BW28: 1 | BX28: 1 | BZ28: 110 | CA28: 70 | CF28: 0 | CG28: 0 | CM28: 0 | CO28: 0 | CP28: =(P28+Q28+S28) -> 537.26 | CQ28: =AC28*BC28 -> 0 | CR28: =AD28*BB28 -> 1579.9335 | CS28: =AE28*BS28 -> 682.3197 | CT28: =AF28*BA28 -> 5489.3139 | CU28: =AG28 -> 0 | CV28: =AH28 -> 103.91 | CW28: =AI28 -> 7.74 | CX28: =AJ28 -> 0 | CY28: =(((S28+R28)*AT28)/100) -> 464.3595 | CZ28: =(((S28+R28)*AU28)/100) -> 281.43 | DN28: 0 | DO28: 0 | DP28: 1 | DQ28: 1 | DU28: 1005 | DV28: 100 м2 | DW28: 100 м2 | DX28: 100 | EE28: 39174571 | EF28: 2 | EG28: Общестроительные работы | EH28: 0 | EJ28: 1 | EK28: 46001 | EL28: Реконструкция зданий и сооружений | EM28: ФЕР-46 | EQ28: 0 | ER28: 1082.58 | ES28: 0 | ET28: 241.95 | EU28: 104.49 | EV28: 840.63 | EW28: 103.91 | EX28: 7.74 | EY28: 0 | FQ28: 0 | FR28: =ROUND(IF(AND(BH28=3,BI28=3),P28,0),2) -> 0 | FS28: 0 | FT28: *0,9 | FU28: *0,85 | FX28: 99 | FY28: 59.5 | GD28: 0 | GF28: 309229644 | GG28: 1 | GH28: 1 | GI28: 4 | GJ28: 0 | GK28: =ROUND(R28*(R12)/100,2) -> 0 | GL28: =ROUND(IF(AND(BH28=3,BI28=3,FS28<>0),P28,0),2) -> 0 | GM28: =ROUND(O28+X28+Y28+GK28,2)+GX28 -> 1283.05 | GN28: =IF(OR(BI28=0,BI28=1),ROUND(O28+X28+Y28+GK28,2),0) -> 1283.05 | GO28: =IF(BI28=2,ROUND(O28+X28+Y28+GK28,2),0) -> 0 | GP28: =IF(BI28=4,ROUND(O28+X28+Y28+GK28,2)+GX28,0) -> 0 | GR28: 0 | GS28: 3 | GT28: 0 | GV28: =ROUND(GT28,2) -> 0 | GW28: 1 | GX28: =ROUND(GV28*GW28*I28,2) -> 0 | HA28: 0 | HB28: 0 | IK28: 0
A29: 17 | B29: 1 | C29: =ROW(SmtRes!A6) -> 6 | D29: =ROW(EtalonRes!A6) -> 6 | E29: 2 | F29: 46-04-012-01 | G29: Разборка деревянных заполнений проемов оконных с подоконными досками | H29: 100 м2 | I29: 0.0474 | J29: 0 | O29: =ROUND(CP29,2) -> 547 | P29: =ROUND(CQ29*I29,2) -> 0 | Q29: =ROUND(CR29*I29,2) -> 74.89 | R29: =ROUND(CS29*I29,2) -> 32.34 | S29: =ROUND(CT29*I29,2) -> 472.11 | T29: =ROUND(CU29*I29,2) -> 0 | U29: =CV29*I29 -> 8.936796 | V29: =CW29*I29 -> 0.366876 | W29: =ROUND(CX29*I29,2) -> 0 | X29: =ROUND(CY29,2) -> 499.41 | Y29: =ROUND(CZ29,2) -> 302.67 | AA29: 39083528 | AB29: =ROUND((AC29+AD29+AF29),2) -> 1767.24 | AC29: =ROUND((ES29),2) -> 0 | AD29: =ROUND((((ET29)-(EU29))+AE29),2) -> 241.95 | AE29: =ROUND((EU29),2) -> 104.49 | AF29: =ROUND((EV29),2) -> 1525.29 | AG29: =ROUND((AP29),2) -> 0 | AH29: =(EW29) -> 188.54 | AI29: =(EX29) -> 7.74 | AJ29: =ROUND((AS29),2) -> 0 | AK29: 1767.24 | AL29: 0 | AM29: 241.95 | AN29: 104.49 | AO29: 1525.29 | AP29: 0 | AQ29: 188.54 | AR29: 7.74 | AS29: 0 | AT29: 99 | AU29: 60 | AV29: 1 | AW29: 1 | AZ29: 6.53 | BA29: 6.53 | BB29: 6.53 | BC29: 6.53 | BH29: 0 | BI29: 1 | BJ29: ФЕР-2001, 46-04-012-01, приказ Минстроя России №1039/пр от 30.12.2016г. | BM29: 46001 | BN29: 0 | BP29: 0 | BQ29: 2 | BR29: 0 | BS29: 6.53 | BT29: 1 | BU29: 1 | BV29: 1 | BW29: 1 | BX29: 1 | BZ29: 110 | CA29: 70 | CF29: 0 | CG29: 0 | CM29: 0 | CO29: 0 | CP29: =(P29+Q29+S29) -> 547 | CQ29: =AC29*BC29 -> 0 | CR29: =AD29*BB29 -> 1579.9335 | CS29: =AE29*BS29 -> 682.3197 | CT29: =AF29*BA29 -> 9960.1437 | CU29: =AG29 -> 0 | CV29: =AH29 -> 188.54 | CW29: =AI29 -> 7.74 | CX29: =AJ29 -> 0 | CY29: =(((S29+R29)*AT29)/100) -> 499.4055 | CZ29: =(((S29+R29)*AU29)/100) -> 302.67 | DN29: 0 | DO29: 0 | DP29: 1 | DQ29: 1 | DU29: 1005 | DV29: 100 м2 | DW29: 100 м2 | DX29: 100 | EE29: 39174571 | EF29: 2 | EG29: Общестроительные работы | EH29: 0 | EJ29: 1 | EK29: 46001 | EL29: Реконструкция зданий и сооружений | EM29: ФЕР-46 | EQ29: 0 | ER29: 1767.24 | ES29: 0 | ET29: 241.95 | EU29: 104.49 | EV29: 1525.29 | EW29: 188.54 | EX29: 7.74 | EY29: 0 | FQ29: 0 | FR29: =ROUND(IF(AND(BH29=3,BI29=3),P29,0),2) -> 0 | FS29: 0 | FT29: *0,9 | FU29: *0,85 | FX29: 99 | FY29: 59.5 | GD29: 0 | GF29: 1630687704 | GG29: 1 | GH29: 1 | GI29: 4 | GJ29: 0 | GK29: =ROUND(R29*(R12)/100,2) -> 0 | GL29: =ROUND(IF(AND(BH29=3,BI29=3,FS29<>0),P29,0),2) -> 0 | GM29: =ROUND(O29+X29+Y29+GK29,2)+GX29 -> 1349.08 | GN29: =IF(OR(BI29=0,BI29=1),ROUND(O29+X29+Y29+GK29,2),0) -> 1349.08 | GO29: =IF(BI29=2,ROUND(O29+X29+Y29+GK29,2),0) -> 0 | GP29: =IF(BI29=4,ROUND(O29+X29+Y29+GK29,2)+GX29,0) -> 0 | GR29: 0 | GS29: 3 | GT29: 0 | GV29: =ROUND(GT29,2) -> 0 | GW29: 1 | GX29: =ROUND(GV29*GW29*I29,2) -> 0 | HA29: 0 | HB29: 0 | IK29: 0
A30: 17 | B30: 1 | C30: =ROW(SmtRes!A13) -> 13 | D30: =ROW(EtalonRes!A14) -> 14 | E30: 3 | F30: 58-20-1 | G30: Смена обделок из листовой стали (поясков, сандриков, отливов, карнизов) шириной до 0,4 м | H30: 100 м | I30: =ROUND(2.64/100,9) -> 0.0264 | J30: 0 | O30: =ROUND(CP30,2) -> 78.33 | P30: =ROUND(CQ30*I30,2) -> 16.56 | Q30: =ROUND(CR30*I30,2) -> 0.88 | R30: =ROUND(CS30*I30,2) -> 0.27 | S30: =ROUND(CT30*I30,2) -> 60.89 | T30: =ROUND(CU30*I30,2) -> 0 | U30: =CV30*I30 -> 1.093224 | V30: =CW30*I30 -> 0.003168 | W30: =ROUND(CX30*I30,2) -> 0 | X30: =ROUND(CY30,2) -> 50.76 | Y30: =ROUND(CZ30,2) -> 39.75 | AA30: 39083528 | AB30: =ROUND((AC30+AD30+AF30),2) -> 454.41 | AC30: =ROUND((ES30),2) -> 96.05 | AD30: =ROUND((((ET30)-(EU30))+AE30),2) -> 5.13 | AE30: =ROUND((EU30),2) -> 1.54 | AF30: =ROUND((EV30),2) -> 353.23 | AG30: =ROUND((AP30),2) -> 0 | AH30: =(EW30) -> 41.41 | AI30: =(EX30) -> 0.12 | AJ30: =ROUND((AS30),2) -> 0 | AK30: 454.41 | AL30: 96.05 | AM30: 5.13 | AN30: 1.54 | AO30: 353.23 | AP30: 0 | AQ30: 41.41 | AR30: 0.12 | AS30: 0 | AT30: 83 | AU30: 65 | AV30: 1 | AW30: 1 | AZ30: 6.53 | BA30: 6.53 | BB30: 6.53 | BC30: 6.53 | BH30: 0 | BI30: 1 | BJ30: ФЕР-2001, 58-20-1, приказ Минстроя России №1039/пр от 30.12.2016г. | BM30: 58001 | BN30: 0 | BP30: 0 | BQ30: 6 | BR30: 0 | BS30: 6.53 | BT30: 1 | BU30: 1 | BV30: 1 | BW30: 1 | BX30: 1 | BZ30: 83 | CA30: 65 | CF30: 0 | CG30: 0 | CM30: 0 | CO30: 0 | CP30: =(P30+Q30+S30) -> 78.33 | CQ30: =AC30*BC30 -> 627.2065 | CR30: =AD30*BB30 -> 33.4989 | CS30: =AE30*BS30 -> 10.0562 | CT30: =AF30*BA30 -> 2306.5919 | CU30: =AG30 -> 0 | CV30: =AH30 -> 41.41 | CW30: =AI30 -> 0.12 | CX30: =AJ30 -> 0 | CY30: =(((S30+R30)*AT30)/100) -> 50.7628 | CZ30: =(((S30+R30)*AU30)/100) -> 39.754 | DN30: 0 | DO30: 0 | DP30: 1 | DQ30: 1 | DU30: 1003 | DV30: 100 м | DW30: 100 м | DX30: 100 | EE30: 39174583 | EF30: 6 | EG30: Ремонтно-строительные работы | EH30: 0 | EJ30: 1 | EK30: 58001 | EL30: Крыши, кровля | EM30: рФЕР-58 | EQ30: 0 | ER30: 454.41 | ES30: 96.05 | ET30: 5.13 | EU30: 1.54 | EV30: 353.23 | EW30: 41.41 | EX30: 0.12 | EY30: 0 | FQ30: 0 | FR30: =ROUND(IF(AND(BH30=3,BI30=3),P30,0),2) -> 0 | FS30: 0 | FX30: 83 | FY30: 65 | GD30: 0 | GF30: -58071427 | GG30: 1 | GH30: 1 | GI30: 4 | GJ30: 0 | GK30: =ROUND(R30*(R12)/100,2) -> 0 | GL30: =ROUND(IF(AND(BH30=3,BI30=3,FS30<>0),P30,0),2) -> 0 | GM30: =ROUND(O30+X30+Y30+GK30,2)+GX30 -> 168.84 | GN30: =IF(OR(BI30=0,BI30=1),ROUND(O30+X30+Y30+GK30,2),0) -> 168.84 | GO30: =IF(BI30=2,ROUND(O30+X30+Y30+GK30,2),0) -> 0 | GP30: =IF(BI30=4,ROUND(O30+X30+Y30+GK30,2)+GX30,0) -> 0 | GR30: 0 | GS30: 3 | GT30: 0 | GV30: =ROUND(GT30,2) -> 0 | GW30: 1 | GX30: =ROUND(GV30*GW30*I30,2) -> 0 | HA30: 0 | HB30: 0 | IK30: 0
A31: 18 | B31: 1 | C31: 12 | E31: 3,1 | F31: 08.1.02.03-0021 | G31: Водоотлив оконный шириной планки 250 мм из оцинкованной стали с полимерным покрытием | H31: П.М | I31: =I30*J31 -> 2.64 | J31: 100 | O31: =ROUND(CP31,2) -> 455.29 | P31: =ROUND(CQ31*I31,2) -> 455.29 | Q31: =ROUND(CR31*I31,2) -> 0 | R31: =ROUND(CS31*I31,2) -> 0 | S31: =ROUND(CT31*I31,2) -> 0 | T31: =ROUND(CU31*I31,2) -> 0 | U31: =CV31*I31 -> 0 | V31: =CW31*I31 -> 0 | W31: =ROUND(CX31*I31,2) -> 0 | X31: =ROUND(CY31,2) -> 0 | Y31: =ROUND(CZ31,2) -> 0 | AA31: 39083528 | AB31: =ROUND((AC31+AD31+AF31),2) -> 26.41 | AC31: =ROUND((ES31),2) -> 26.41 | AD31: =ROUND((((ET31)-(EU31))+AE31),2) -> 0 | AE31: =ROUND((EU31),2) -> 0 | AF31: =ROUND((EV31),2) -> 0 | AG31: =ROUND((AP31),2) -> 0 | AH31: =(EW31) -> 0 | AI31: =(EX31) -> 0 | AJ31: =ROUND((AS31),2) -> 0 | AK31: 26.41 | AL31: 26.41 | AM31: 0 | AN31: 0 | AO31: 0 | AP31: 0 | AQ31: 0 | AR31: 0 | AS31: 0 | AT31: 83 | AU31: 65 | AV31: 1 | AW31: 1 | AZ31: 6.53 | BA31: 1 | BB31: 1 | BC31: 6.53 | BH31: 3 | BI31: 1 | BJ31: ФССЦ-2001, 08.1.02.03-0021, приказ Минстроя России №1039/пр от 30.12.2016г. | BM31: 58001 | BN31: 0 | BP31: 0 | BQ31: 6 | BR31: 0 | BS31: 1 | BT31: 1 | BU31: 1 | BV31: 1 | BW31: 1 | BX31: 1 | BZ31: 83 | CA31: 65 | CF31: 0 | CG31: 0 | CM31: 0 | CO31: 0 | CP31: =(P31+Q31+S31) -> 455.29 | CQ31: =AC31*BC31 -> 172.4573 | CR31: =AD31*BB31 -> 0 | CS31: =AE31*BS31 -> 0 | CT31: =AF31*BA31 -> 0 | CU31: =AG31 -> 0 | CV31: =AH31 -> 0 | CW31: =AI31 -> 0 | CX31: =AJ31 -> 0 | CY31: =(((S31+R31)*AT31)/100) -> 0 | CZ31: =(((S31+R31)*AU31)/100) -> 0 | DN31: 0 | DO31: 0 | DP31: 1 | DQ31: 1 | DU31: 1013 | DV31: П.М | DW31: П.М | DX31: 1 | EE31: 39174583 | EF31: 6 | EG31: Ремонтно-строительные работы | EH31: 0 | EJ31: 1 | EK31: 58001 | EL31: Крыши, кровля | EM31: рФЕР-58 | EQ31: 0 | ER31: 26.41 | ES31: 26.41 | ET31: 0 | EU31: 0 | EV31: 0 | EW31: 0 | EX31: 0 | FQ31: 0 | FR31: =ROUND(IF(AND(BH31=3,BI31=3),P31,0),2) -> 0 | FS31: 0 | FX31: 83 | FY31: 65 | GD31: 0 | GF31: 977476121 | GG31: 1 | GH31: 1 | GI31: 4 | GJ31: 0 | GK31: =ROUND(R31*(R12)/100,2) -> 0 | GL31: =ROUND(IF(AND(BH31=3,BI31=3,FS31<>0),P31,0),2) -> 0 | GM31: =ROUND(O31+X31+Y31+GK31,2)+GX31 -> 455.29 | GN31: =IF(OR(BI31=0,BI31=1),ROUND(O31+X31+Y31+GK31,2),0) -> 455.29 | GO31: =IF(BI31=2,ROUND(O31+X31+Y31+GK31,2),0) -> 0 | GP31: =IF(BI31=4,ROUND(O31+X31+Y31+GK31,2)+GX31,0) -> 0 | GR31: 0 | GS31: 3 | GT31: 0 | GV31: =ROUND(GT31,2) -> 0 | GW31: 1 | GX31: =ROUND(GV31*GW31*I31,2) -> 0 | HA31: 0 | HB31: 0 | IK31: 0
A32: 17 | B32: 1 | C32: =ROW(SmtRes!A18) -> 18 | D32: =ROW(EtalonRes!A19) -> 19 | E32: 4 | F32: 63-7-5 | G32: Разборка облицовки стен из керамических глазурованных плиток | H32: 100 м2 | I32: =ROUND(89.64/100,9) -> 0.8964 | J32: 0 | O32: =ROUND(CP32,2) -> 3828.18 | P32: =ROUND(CQ32*I32,2) -> 0 | Q32: =ROUND(CR32*I32,2) -> 405.41 | R32: =ROUND(CS32*I32,2) -> 27.69 | S32: =ROUND(CT32*I32,2) -> 3422.77 | T32: =ROUND(CU32*I32,2) -> 0 | U32: =CV32*I32 -> 66.60252 | V32: =CW32*I32 -> 0.31374 | W32: =ROUND(CX32*I32,2) -> 0 | X32: =ROUND(CY32,2) -> 2656.85 | Y32: =ROUND(CZ32,2) -> 1725.23 | AA32: 39083528 | AB32: =ROUND((AC32+AD32+AF32),2) -> 654 | AC32: =ROUND((ES32),2) -> 0 | AD32: =ROUND((((ET32)-(EU32))+AE32),2) -> 69.26 | AE32: =ROUND((EU32),2) -> 4.73 | AF32: =ROUND((EV32),2) -> 584.74 | AG32: =ROUND((AP32),2) -> 0 | AH32: =(EW32) -> 74.3 | AI32: =(EX32) -> 0.35 | AJ32: =ROUND((AS32),2) -> 0 | AK32: 654 | AL32: 0 | AM32: 69.26 | AN32: 4.73 | AO32: 584.74 | AP32: 0 | AQ32: 74.3 | AR32: 0.35 | AS32: 0 | AT32: 77 | AU32: 50 | AV32: 1 | AW32: 1 | AZ32: 6.53 | BA32: 6.53 | BB32: 6.53 | BC32: 6.53 | BH32: 0 | BI32: 1 | BJ32: ФЕР-2001, 63-7-5, приказ Минстроя России №1039/пр от 30.12.2016г. | BM32: 63001 | BN32: 0 | BP32: 0 | BQ32: 6 | BR32: 0 | BS32: 6.53 | BT32: 1 | BU32: 1 | BV32: 1 | BW32: 1 | BX32: 1 | BZ32: 77 | CA32: 50 | CF32: 0 | CG32: 0 | CM32: 0 | CO32: 0 | CP32: =(P32+Q32+S32) -> 3828.18 | CQ32: =AC32*BC32 -> 0 | CR32: =AD32*BB32 -> 452.2678 | CS32: =AE32*BS32 -> 30.8869 | CT32: =AF32*BA32 -> 3818.3522 | CU32: =AG32 -> 0 | CV32: =AH32 -> 74.3 | CW32: =AI32 -> 0.35 | CX32: =AJ32 -> 0 | CY32: =(((S32+R32)*AT32)/100) -> 2656.8542 | CZ32: =(((S32+R32)*AU32)/100) -> 1725.23 | DN32: 0 | DO32: 0 | DP32: 1 | DQ32: 1 | DU32: 1005 | DV32: 100 м2 | DW32: 100 м2 | DX32: 100 | EE32: 39174588 | EF32: 6 | EG32: Ремонтно-строительные работы | EH32: 0 | EJ32: 1 | EK32: 63001 | EL32: Стекольные, обойные, облицовочные работы | EM32: рФЕР-63 | EQ32: 0 | ER32: 654 | ES32: 0 | ET32: 69.26 | EU32: 4.73 | EV32: 584.74 | EW32: 74.3 | EX32: 0.35 | EY32: 0 | FQ32: 0 | FR32: =ROUND(IF(AND(BH32=3,BI32=3),P32,0),2) -> 0 | FS32: 0 | FX32: 77 | FY32: 50 | GD32: 0 | GF32: -1765919460 | GG32: 1 | GH32: 1 | GI32: 4 | GJ32: 0 | GK32: =ROUND(R32*(R12)/100,2) -> 0 | GL32: =ROUND(IF(AND(BH32=3,BI32=3,FS32<>0),P32,0),2) -> 0 | GM32: =ROUND(O32+X32+Y32+GK32,2)+GX32 -> 8210.26 | GN32: =IF(OR(BI32=0,BI32=1),ROUND(O32+X32+Y32+GK32,2),0) -> 8210.26 | GO32: =IF(BI32=2,ROUND(O32+X32+Y32+GK32,2),0) -> 0 | GP32: =IF(BI32=4,ROUND(O32+X32+Y32+GK32,2)+GX32,0) -> 0 | GR32: 0 | GS32: 3 | GT32: 0 | GV32: =ROUND(GT32,2) -> 0 | GW32: 1 | GX32: =ROUND(GV32*GW32*I32,2) -> 0 | HA32: 0 | HB32: 0 | IK32: 0
A33: 17 | B33: 1 | C33: =ROW(SmtRes!A19) -> 19 | D33: =ROW(EtalonRes!A20) -> 20 | E33: 5 | F33: 46-02-009-02 | G33: Отбивка штукатурки с поверхностей стен и потолков кирпичных | H33: 100 м2 | I33: =ROUND(210.8/100,9) -> 2.108 | J33: 0 | O33: =ROUND(CP33,2) -> 2450.21 | P33: =ROUND(CQ33*I33,2) -> 0 | Q33: =ROUND(CR33*I33,2) -> 0 | R33: =ROUND(CS33*I33,2) -> 0 | S33: =ROUND(CT33*I33,2) -> 2450.21 | T33: =ROUND(CU33*I33,2) -> 0 | U33: =CV33*I33 -> 48.10456 | V33: =CW33*I33 -> 0 | W33: =ROUND(CX33*I33,2) -> 0 | X33: =ROUND(CY33,2) -> 2425.71 | Y33: =ROUND(CZ33,2) -> 1470.13 | AA33: 39083528 | AB33: =ROUND((AC33+AD33+AF33),2) -> 178 | AC33: =ROUND((ES33),2) -> 0 | AD33: =ROUND((((ET33)-(EU33))+AE33),2) -> 0 | AE33: =ROUND((EU33),2) -> 0 | AF33: =ROUND((EV33),2) -> 178 | AG33: =ROUND((AP33),2) -> 0 | AH33: =(EW33) -> 22.82 | AI33: =(EX33) -> 0 | AJ33: =ROUND((AS33),2) -> 0 | AK33: 178 | AL33: 0 | AM33: 0 | AN33: 0 | AO33: 178 | AP33: 0 | AQ33: 22.82 | AR33: 0 | AS33: 0 | AT33: 99 | AU33: 60 | AV33: 1 | AW33: 1 | AZ33: 6.53 | BA33: 6.53 | BB33: 6.53 | BC33: 6.53 | BH33: 0 | BI33: 1 | BJ33: ФЕР-2001, 46-02-009-02, приказ Минстроя России №1039/пр от 30.12.2016г. | BM33: 46001 | BN33: 0 | BP33: 0 | BQ33: 2 | BR33: 0 | BS33: 6.53 | BT33: 1 | BU33: 1 | BV33: 1 | BW33: 1 | BX33: 1 | BZ33: 110 | CA33: 70 | CF33: 0 | CG33: 0 | CM33: 0 | CO33: 0 | CP33: =(P33+Q33+S33) -> 2450.21 | CQ33: =AC33*BC33 -> 0 | CR33: =AD33*BB33 -> 0 | CS33: =AE33*BS33 -> 0 | CT33: =AF33*BA33 -> 1162.34 | CU33: =AG33 -> 0 | CV33: =AH33 -> 22.82 | CW33: =AI33 -> 0 | CX33: =AJ33 -> 0 | CY33: =(((S33+R33)*AT33)/100) -> 2425.7079 | CZ33: =(((S33+R33)*AU33)/100) -> 1470.126 | DN33: 0 | DO33: 0 | DP33: 1 | DQ33: 1 | DU33: 1005 | DV33: 100 м2 | DW33: 100 м2 | DX33: 100 | EE33: 39174571 | EF33: 2 | EG33: Общестроительные работы | EH33: 0 | EJ33: 1 | EK33: 46001 | EL33: Реконструкция зданий и сооружений | EM33: ФЕР-46 | EQ33: 0 | ER33: 178 | ES33: 0 | ET33: 0 | EU33: 0 | EV33: 178 | EW33: 22.82 | EX33: 0 | EY33: 0 | FQ33: 0 | FR33: =ROUND(IF(AND(BH33=3,BI33=3),P33,0),2) -> 0 | FS33: 0 | FT33: *0,9 | FU33: *0,85 | FX33: 99 | FY33: 59.5 | GD33: 0 | GF33: 1716417608 | GG33: 1 | GH33: 1 | GI33: 4 | GJ33: 0 | GK33: =ROUND(R33*(R12)/100,2) -> 0 | GL33: =ROUND(IF(AND(BH33=3,BI33=3,FS33<>0),P33,0),2) -> 0 | GM33: =ROUND(O33+X33+Y33+GK33,2)+GX33 -> 6346.05 | GN33: =IF(OR(BI33=0,BI33=1),ROUND(O33+X33+Y33+GK33,2),0) -> 6346.05 | GO33: =IF(BI33=2,ROUND(O33+X33+Y33+GK33,2),0) -> 0 | GP33: =IF(BI33=4,ROUND(O33+X33+Y33+GK33,2)+GX33,0) -> 0 | GR33: 0 | GS33: 3 | GT33: 0 | GV33: =ROUND(GT33,2) -> 0 | GW33: 1 | GX33: =ROUND(GV33*GW33*I33,2) -> 0 | HA33: 0 | HB33: 0 | IK33: 0
A34: 17 | B34: 1 | C34: =ROW(SmtRes!A22) -> 22 | D34: =ROW(EtalonRes!A23) -> 23 | E34: 6 | F34: 46-04-001-04 | G34: Разборка кирпичного пъедестала | H34: м3 | I34: 8.88 | J34: 0 | O34: =ROUND(CP34,2) -> 6605.23 | P34: =ROUND(CQ34*I34,2) -> 0 | Q34: =ROUND(CR34*I34,2) -> 2371.64 | R34: =ROUND(CS34*I34,2) -> 0 | S34: =ROUND(CT34*I34,2) -> 4233.59 | T34: =ROUND(CU34*I34,2) -> 0 | U34: =CV34*I34 -> 73.1712 | V34: =CW34*I34 -> 0 | W34: =ROUND(CX34*I34,2) -> 0 | X34: =ROUND(CY34,2) -> 4191.25 | Y34: =ROUND(CZ34,2) -> 2540.15 | AA34: 39083528 | AB34: =ROUND((AC34+AD34+AF34),2) -> 113.91 | AC34: =ROUND((ES34),2) -> 0 | AD34: =ROUND((((ET34)-(EU34))+AE34),2) -> 40.9 | AE34: =ROUND((EU34),2) -> 0 | AF34: =ROUND((EV34),2) -> 73.01 | AG34: =ROUND((AP34),2) -> 0 | AH34: =(EW34) -> 8.24 | AI34: =(EX34) -> 0 | AJ34: =ROUND((AS34),2) -> 0 | AK34: 113.91 | AL34: 0 | AM34: 40.9 | AN34: 0 | AO34: 73.01 | AP34: 0 | AQ34: 8.24 | AR34: 0 | AS34: 0 | AT34: 99 | AU34: 60 | AV34: 1 | AW34: 1 | AZ34: 6.53 | BA34: 6.53 | BB34: 6.53 | BC34: 6.53 | BH34: 0 | BI34: 1 | BJ34: ФЕР-2001, 46-04-001-04, приказ Минстроя России №1039/пр от 30.12.2016г. | BM34: 46001 | BN34: 0 | BP34: 0 | BQ34: 2 | BR34: 0 | BS34: 6.53 | BT34: 1 | BU34: 1 | BV34: 1 | BW34: 1 | BX34: 1 | BZ34: 110 | CA34: 70 | CF34: 0 | CG34: 0 | CM34: 0 | CO34: 0 | CP34: =(P34+Q34+S34) -> 6605.23 | CQ34: =AC34*BC34 -> 0 | CR34: =AD34*BB34 -> 267.077 | CS34: =AE34*BS34 -> 0 | CT34: =AF34*BA34 -> 476.7553 | CU34: =AG34 -> 0 | CV34: =AH34 -> 8.24 | CW34: =AI34 -> 0 | CX34: =AJ34 -> 0 | CY34: =(((S34+R34)*AT34)/100) -> 4191.2541 | CZ34: =(((S34+R34)*AU34)/100) -> 2540.154 | DN34: 0 | DO34: 0 | DP34: 1 | DQ34: 1 | DU34: 1007 | DV34: м3 | DW34: м3 | DX34: 1 | EE34: 39174571 | EF34: 2 | EG34: Общестроительные работы | EH34: 0 | EJ34: 1 | EK34: 46001 | EL34: Реконструкция зданий и сооружений | EM34: ФЕР-46 | EQ34: 0 | ER34: 113.91 | ES34: 0 | ET34: 40.9 | EU34: 0 | EV34: 73.01 | EW34: 8.24 | EX34: 0 | EY34: 0 | FQ34: 0 | FR34: =ROUND(IF(AND(BH34=3,BI34=3),P34,0),2) -> 0 | FS34: 0 | FT34: *0,9 | FU34: *0,85 | FX34: 99 | FY34: 59.5 | GD34: 0 | GF34: -1395719548 | GG34: 1 | GH34: 1 | GI34: 4 | GJ34: 0 | GK34: =ROUND(R34*(R12)/100,2) -> 0 | GL34: =ROUND(IF(AND(BH34=3,BI34=3,FS34<>0),P34,0),2) -> 0 | GM34: =ROUND(O34+X34+Y34+GK34,2)+GX34 -> 13336.63 | GN34: =IF(OR(BI34=0,BI34=1),ROUND(O34+X34+Y34+GK34,2),0) -> 13336.63 | GO34: =IF(BI34=2,ROUND(O34+X34+Y34+GK34,2),0) -> 0 | GP34: =IF(BI34=4,ROUND(O34+X34+Y34+GK34,2)+GX34,0) -> 0 | GR34: 0 | GS34: 3 | GT34: 0 | GV34: =ROUND(GT34,2) -> 0 | GW34: 1 | GX34: =ROUND(GV34*GW34*I34,2) -> 0 | HA34: 0 | HB34: 0 | IK34: 0
A35: 17 | B35: 1 | C35: =ROW(SmtRes!A26) -> 26 | D35: =ROW(EtalonRes!A27) -> 27 | E35: 7 | F35: 57-2-3 | G35: Разборка покрытий полов из керамических плиток | H35: 100 м2 | I35: =ROUND(38.2/100,9) -> 0.382 | J35: 0 | O35: =ROUND(CP35,2) -> 1598.95 | P35: =ROUND(CQ35*I35,2) -> 0 | Q35: =ROUND(CR35*I35,2) -> 112.28 | R35: =ROUND(CS35*I35,2) -> 48.49 | S35: =ROUND(CT35*I35,2) -> 1486.67 | T35: =ROUND(CU35*I35,2) -> 0 | U35: =CV35*I35 -> 26.69034 | V35: =CW35*I35 -> 0.55008 | W35: =ROUND(CX35*I35,2) -> 0 | X35: =ROUND(CY35,2) -> 1228.13 | Y35: =ROUND(CZ35,2) -> 1043.91 | AA35: 39083528 | AB35: =ROUND((AC35+AD35+AF35),2) -> 641 | AC35: =ROUND((ES35),2) -> 0 | AD35: =ROUND((((ET35)-(EU35))+AE35),2) -> 45.01 | AE35: =ROUND((EU35),2) -> 19.44 | AF35: =ROUND((EV35),2) -> 595.99 | AG35: =ROUND((AP35),2) -> 0 | AH35: =(EW35) -> 69.87 | AI35: =(EX35) -> 1.44 | AJ35: =ROUND((AS35),2) -> 0 | AK35: 641 | AL35: 0 | AM35: 45.01 | AN35: 19.44 | AO35: 595.99 | AP35: 0 | AQ35: 69.87 | AR35: 1.44 | AS35: 0 | AT35: 80 | AU35: 68 | AV35: 1 | AW35: 1 | AZ35: 6.53 | BA35: 6.53 | BB35: 6.53 | BC35: 6.53 | BH35: 0 | BI35: 1 | BJ35: ФЕР-2001, 57-2-3, приказ Минстроя России №1039/пр от 30.12.2016г. | BM35: 57001 | BN35: 0 | BP35: 0 | BQ35: 6 | BR35: 0 | BS35: 6.53 | BT35: 1 | BU35: 1 | BV35: 1 | BW35: 1 | BX35: 1 | BZ35: 80 | CA35: 68 | CF35: 0 | CG35: 0 | CM35: 0 | CO35: 0 | CP35: =(P35+Q35+S35) -> 1598.95 | CQ35: =AC35*BC35 -> 0 | CR35: =AD35*BB35 -> 293.9153 | CS35: =AE35*BS35 -> 126.9432 | CT35: =AF35*BA35 -> 3891.8147 | CU35: =AG35 -> 0 | CV35: =AH35 -> 69.87 | CW35: =AI35 -> 1.44 | CX35: =AJ35 -> 0 | CY35: =(((S35+R35)*AT35)/100) -> 1228.128 | CZ35: =(((S35+R35)*AU35)/100) -> 1043.9088 | DN35: 0 | DO35: 0 | DP35: 1 | DQ35: 1 | DU35: 1005 | DV35: 100 м2 | DW35: 100 м2 | DX35: 100 | EE35: 39174582 | EF35: 6 | EG35: Ремонтно-строительные работы | EH35: 0 | EJ35: 1 | EK35: 57001 | EL35: Полы | EM35: рФЕР-57 | EQ35: 0 | ER35: 641 | ES35: 0 | ET35: 45.01 | EU35: 19.44 | EV35: 595.99 | EW35: 69.87 | EX35: 1.44 | EY35: 0 | FQ35: 0 | FR35: =ROUND(IF(AND(BH35=3,BI35=3),P35,0),2) -> 0 | FS35: 0 | FX35: 80 | FY35: 68 | GD35: 0 | GF35: 1406297217 | GG35: 1 | GH35: 1 | GI35: 4 | GJ35: 0 | GK35: =ROUND(R35*(R12)/100,2) -> 0 | GL35: =ROUND(IF(AND(BH35=3,BI35=3,FS35<>0),P35,0),2) -> 0 | GM35: =ROUND(O35+X35+Y35+GK35,2)+GX35 -> 3870.99 | GN35: =IF(OR(BI35=0,BI35=1),ROUND(O35+X35+Y35+GK35,2),0) -> 3870.99 | GO35: =IF(BI35=2,ROUND(O35+X35+Y35+GK35,2),0) -> 0 | GP35: =IF(BI35=4,ROUND(O35+X35+Y35+GK35,2)+GX35,0) -> 0 | GR35: 0 | GS35: 3 | GT35: 0 | GV35: =ROUND(GT35,2) -> 0 | GW35: 1 | GX35: =ROUND(GV35*GW35*I35,2) -> 0 | HA35: 0 | HB35: 0 | IK35: 0
A36: 18 | B36: 1 | C36: 26 | E36: 7,1 | F36: 01.7.07.07 | G36: Строительный мусор | H36: т | I36: =I35*J36 -> 1.9864 | J36: 5.2 | O36: =ROUND(CP36,2) -> 0 | P36: =ROUND(CQ36*I36,2) -> 0 | Q36: =ROUND(CR36*I36,2) -> 0 | R36: =ROUND(CS36*I36,2) -> 0 | S36: =ROUND(CT36*I36,2) -> 0 | T36: =ROUND(CU36*I36,2) -> 0 | U36: =CV36*I36 -> 0 | V36: =CW36*I36 -> 0 | W36: =ROUND(CX36*I36,2) -> 0 | X36: =ROUND(CY36,2) -> 0 | Y36: =ROUND(CZ36,2) -> 0 | AA36: 39083528 | AB36: =ROUND((AC36+AD36+AF36),2) -> 0 | AC36: =ROUND((ES36),2) -> 0 | AD36: =ROUND((((ET36)-(EU36))+AE36),2) -> 0 | AE36: =ROUND((EU36),2) -> 0 | AF36: =ROUND((EV36),2) -> 0 | AG36: =ROUND((AP36),2) -> 0 | AH36: =(EW36) -> 0 | AI36: =(EX36) -> 0 | AJ36: =ROUND((AS36),2) -> 0 | AK36: 0 | AL36: 0 | AM36: 0 | AN36: 0 | AO36: 0 | AP36: 0 | AQ36: 0 | AR36: 0 | AS36: 0 | AT36: 80 | AU36: 68 | AV36: 1 | AW36: 1 | AZ36: 6.53 | BA36: 1 | BB36: 1 | BC36: 6.53 | BH36: 3 | BI36: 1 | BM36: 57001 | BN36: 0 | BP36: 0 | BQ36: 6 | BR36: 0 | BS36: 1 | BT36: 1 | BU36: 1 | BV36: 1 | BW36: 1 | BX36: 1 | BZ36: 80 | CA36: 68 | CF36: 0 | CG36: 0 | CM36: 0 | CO36: 0 | CP36: =(P36+Q36+S36) -> 0 | CQ36: =AC36*BC36 -> 0 | CR36: =AD36*BB36 -> 0 | CS36: =AE36*BS36 -> 0 | CT36: =AF36*BA36 -> 0 | CU36: =AG36 -> 0 | CV36: =AH36 -> 0 | CW36: =AI36 -> 0 | CX36: =AJ36 -> 0 | CY36: =(((S36+R36)*AT36)/100) -> 0 | CZ36: =(((S36+R36)*AU36)/100) -> 0 | DN36: 0 | DO36: 0 | DP36: 1 | DQ36: 1 | DU36: 1009 | DV36: т | DW36: т | DX36: 1000 | EE36: 39174582 | EF36: 6 | EG36: Ремонтно-строительные работы | EH36: 0 | EJ36: 1 | EK36: 57001 | EL36: Полы | EM36: рФЕР-57 | EQ36: 0 | ER36: 0 | ES36: 0 | ET36: 0 | EU36: 0 | EV36: 0 | EW36: 0 | EX36: 0 | FQ36: 0 | FR36: =ROUND(IF(AND(BH36=3,BI36=3),P36,0),2) -> 0 | FS36: 0 | FX36: 80 | FY36: 68 | GD36: 0 | GF36: -179832266 | GG36: 1 | GH36: 1 | GI36: 4 | GJ36: 0 | GK36: =ROUND(R36*(R12)/100,2) -> 0 | GL36: =ROUND(IF(AND(BH36=3,BI36=3,FS36<>0),P36,0),2) -> 0 | GM36: =ROUND(O36+X36+Y36+GK36,2)+GX36 -> 0 | GN36: =IF(OR(BI36=0,BI36=1),ROUND(O36+X36+Y36+GK36,2),0) -> 0 | GO36: =IF(BI36=2,ROUND(O36+X36+Y36+GK36,2),0) -> 0 | GP36: =IF(BI36=4,ROUND(O36+X36+Y36+GK36,2)+GX36,0) -> 0 | GR36: 0 | GS36: 3 | GT36: 0 | GV36: =ROUND(GT36,2) -> 0 | GW36: 1 | GX36: =ROUND(GV36*GW36*I36,2) -> 0 | HA36: 0 | HB36: 0 | IK36: 0
A37: 17 | B37: 1 | C37: =ROW(SmtRes!A32) -> 32 | D37: =ROW(EtalonRes!A33) -> 33 | E37: 8 | F37: 57-2-4 | G37: Разборка покрытий полов цементных толщиной до 150 мм | H37: 100 м2 | I37: =ROUND(38.2/100,9) -> 0.382 | J37: 0 | O37: =ROUND(CP37,2) -> 4209.56 | P37: =ROUND(CQ37*I37,2) -> 0 | Q37: =ROUND(CR37*I37,2) -> 1843.46 | R37: =ROUND(CS37*I37,2) -> 60.62 | S37: =ROUND(CT37*I37,2) -> 2366.1 | T37: =ROUND(CU37*I37,2) -> 0 | U37: =CV37*I37 -> 42.4784 | V37: =CW37*I37 -> 0.6876 | W37: =ROUND(CX37*I37,2) -> 0 | X37: =ROUND(CY37,2) -> 1941.38 | Y37: =ROUND(CZ37,2) -> 1650.17 | AA37: 39083528 | AB37: =ROUND((AC37+AD37+AF37),2) -> 1687.56 | AC37: =ROUND((ES37),2) -> 0 | AD37: =ROUND((((ET37)-(EU37))+AE37),2) -> 739.02 | AE37: =ROUND((EU37),2) -> 24.3 | AF37: =ROUND((EV37),2) -> 948.54 | AG37: =ROUND((AP37),2) -> 0 | AH37: =(EW37) -> 111.2 | AI37: =(EX37) -> 1.8 | AJ37: =ROUND((AS37),2) -> 0 | AK37: 1687.56 | AL37: 0 | AM37: 739.02 | AN37: 24.3 | AO37: 948.54 | AP37: 0 | AQ37: 111.2 | AR37: 1.8 | AS37: 0 | AT37: 80 | AU37: 68 | AV37: 1 | AW37: 1 | AZ37: 6.53 | BA37: 6.53 | BB37: 6.53 | BC37: 6.53 | BH37: 0 | BI37: 1 | BJ37: ФЕР-2001, 57-2-4, приказ Минстроя России №1039/пр от 30.12.2016г. | BM37: 57001 | BN37: 0 | BP37: 0 | BQ37: 6 | BR37: 0 | BS37: 6.53 | BT37: 1 | BU37: 1 | BV37: 1 | BW37: 1 | BX37: 1 | BZ37: 80 | CA37: 68 | CF37: 0 | CG37: 0 | CM37: 0 | CO37: 0 | CP37: =(P37+Q37+S37) -> 4209.56 | CQ37: =AC37*BC37 -> 0 | CR37: =AD37*BB37 -> 4825.8006 | CS37: =AE37*BS37 -> 158.679 | CT37: =AF37*BA37 -> 6193.9662 | CU37: =AG37 -> 0 | CV37: =AH37 -> 111.2 | CW37: =AI37 -> 1.8 | CX37: =AJ37 -> 0 | CY37: =(((S37+R37)*AT37)/100) -> 1941.376 | CZ37: =(((S37+R37)*AU37)/100) -> 1650.1696 | DN37: 0 | DO37: 0 | DP37: 1 | DQ37: 1 | DU37: 1005 | DV37: 100 м2 | DW37: 100 м2 | DX37: 100 | EE37: 39174582 | EF37: 6 | EG37: Ремонтно-строительные работы | EH37: 0 | EJ37: 1 | EK37: 57001 | EL37: Полы | EM37: рФЕР-57 | EQ37: 0 | ER37: 1687.56 | ES37: 0 | ET37: 739.02 | EU37: 24.3 | EV37: 948.54 | EW37: 111.2 | EX37: 1.8 | EY37: 0 | FQ37: 0 | FR37: =ROUND(IF(AND(BH37=3,BI37=3),P37,0),2) -> 0 | FS37: 0 | FX37: 80 | FY37: 68 | GD37: 0 | GF37: -1288204879 | GG37: 1 | GH37: 1 | GI37: 4 | GJ37: 0 | GK37: =ROUND(R37*(R12)/100,2) -> 0 | GL37: =ROUND(IF(AND(BH37=3,BI37=3,FS37<>0),P37,0),2) -> 0 | GM37: =ROUND(O37+X37+Y37+GK37,2)+GX37 -> 7801.11 | GN37: =IF(OR(BI37=0,BI37=1),ROUND(O37+X37+Y37+GK37,2),0) -> 7801.11 | GO37: =IF(BI37=2,ROUND(O37+X37+Y37+GK37,2),0) -> 0 | GP37: =IF(BI37=4,ROUND(O37+X37+Y37+GK37,2)+GX37,0) -> 0 | GR37: 0 | GS37: 3 | GT37: 0 | GV37: =ROUND(GT37,2) -> 0 | GW37: 1 | GX37: =ROUND(GV37*GW37*I37,2) -> 0 | HA37: 0 | HB37: 0 | IK37: 0
A38: 18 | B38: 1 | C38: 32 | E38: 8,1 | F38: 01.7.07.07 | G38: Строительный мусор | H38: т | I38: =I37*J38 -> 2.5212 | J38: 6.6 | O38: =ROUND(CP38,2) -> 0 | P38: =ROUND(CQ38*I38,2) -> 0 | Q38: =ROUND(CR38*I38,2) -> 0 | R38: =ROUND(CS38*I38,2) -> 0 | S38: =ROUND(CT38*I38,2) -> 0 | T38: =ROUND(CU38*I38,2) -> 0 | U38: =CV38*I38 -> 0 | V38: =CW38*I38 -> 0 | W38: =ROUND(CX38*I38,2) -> 0 | X38: =ROUND(CY38,2) -> 0 | Y38: =ROUND(CZ38,2) -> 0 | AA38: 39083528 | AB38: =ROUND((AC38+AD38+AF38),2) -> 0 | AC38: =ROUND((ES38),2) -> 0 | AD38: =ROUND((((ET38)-(EU38))+AE38),2) -> 0 | AE38: =ROUND((EU38),2) -> 0 | AF38: =ROUND((EV38),2) -> 0 | AG38: =ROUND((AP38),2) -> 0 | AH38: =(EW38) -> 0 | AI38: =(EX38) -> 0 | AJ38: =ROUND((AS38),2) -> 0 | AK38: 0 | AL38: 0 | AM38: 0 | AN38: 0 | AO38: 0 | AP38: 0 | AQ38: 0 | AR38: 0 | AS38: 0 | AT38: 80 | AU38: 68 | AV38: 1 | AW38: 1 | AZ38: 6.53 | BA38: 1 | BB38: 1 | BC38: 6.53 | BH38: 3 | BI38: 1 | BM38: 57001 | BN38: 0 | BP38: 0 | BQ38: 6 | BR38: 0 | BS38: 1 | BT38: 1 | BU38: 1 | BV38: 1 | BW38: 1 | BX38: 1 | BZ38: 80 | CA38: 68 | CF38: 0 | CG38: 0 | CM38: 0 | CO38: 0 | CP38: =(P38+Q38+S38) -> 0 | CQ38: =AC38*BC38 -> 0 | CR38: =AD38*BB38 -> 0 | CS38: =AE38*BS38 -> 0 | CT38: =AF38*BA38 -> 0 | CU38: =AG38 -> 0 | CV38: =AH38 -> 0 | CW38: =AI38 -> 0 | CX38: =AJ38 -> 0 | CY38: =(((S38+R38)*AT38)/100) -> 0 | CZ38: =(((S38+R38)*AU38)/100) -> 0 | DN38: 0 | DO38: 0 | DP38: 1 | DQ38: 1 | DU38: 1009 | DV38: т | DW38: т | DX38: 1000 | EE38: 39174582 | EF38: 6 | EG38: Ремонтно-строительные работы | EH38: 0 | EJ38: 1 | EK38: 57001 | EL38: Полы | EM38: рФЕР-57 | EQ38: 0 | ER38: 0 | ES38: 0 | ET38: 0 | EU38: 0 | EV38: 0 | EW38: 0 | EX38: 0 | FQ38: 0 | FR38: =ROUND(IF(AND(BH38=3,BI38=3),P38,0),2) -> 0 | FS38: 0 | FX38: 80 | FY38: 68 | GD38: 0 | GF38: -179832266 | GG38: 1 | GH38: 1 | GI38: 4 | GJ38: 0 | GK38: =ROUND(R38*(R12)/100,2) -> 0 | GL38: =ROUND(IF(AND(BH38=3,BI38=3,FS38<>0),P38,0),2) -> 0 | GM38: =ROUND(O38+X38+Y38+GK38,2)+GX38 -> 0 | GN38: =IF(OR(BI38=0,BI38=1),ROUND(O38+X38+Y38+GK38,2),0) -> 0 | GO38: =IF(BI38=2,ROUND(O38+X38+Y38+GK38,2),0) -> 0 | GP38: =IF(BI38=4,ROUND(O38+X38+Y38+GK38,2)+GX38,0) -> 0 | GR38: 0 | GS38: 3 | GT38: 0 | GV38: =ROUND(GT38,2) -> 0 | GW38: 1 | GX38: =ROUND(GV38*GW38*I38,2) -> 0 | HA38: 0 | HB38: 0 | IK38: 0
A39: 17 | B39: 1 | C39: =ROW(SmtRes!A33) -> 33 | D39: =ROW(EtalonRes!A34) -> 34 | E39: 9 | F39: 13-06-003-01 | G39: Очистка поверхности щетками | H39: м2 | I39: 38.2 | J39: 0 | O39: =ROUND(CP39,2) -> 2202.61 | P39: =ROUND(CQ39*I39,2) -> 0 | Q39: =ROUND(CR39*I39,2) -> 0 | R39: =ROUND(CS39*I39,2) -> 0 | S39: =ROUND(CT39*I39,2) -> 2202.61 | T39: =ROUND(CU39*I39,2) -> 0 | U39: =CV39*I39 -> 39.537 | V39: =CW39*I39 -> 0 | W39: =ROUND(CX39*I39,2) -> 0 | X39: =ROUND(CY39,2) -> 1784.11 | Y39: =ROUND(CZ39,2) -> 1321.57 | AA39: 39083528 | AB39: =ROUND((AC39+AD39+AF39),2) -> 8.83 | AC39: =ROUND((ES39),2) -> 0 | AD39: =ROUND(((((ET39*1.25))-((EU39*1.25)))+AE39),2) -> 0 | AE39: =ROUND(((EU39*1.25)),2) -> 0 | AF39: =ROUND(((EV39*1.15)),2) -> 8.83 | AG39: =ROUND((AP39),2) -> 0 | AH39: =((EW39*1.15)) -> 1.035 | AI39: =((EX39*1.25)) -> 0 | AJ39: =ROUND((AS39),2) -> 0 | AK39: 7.68 | AL39: 0 | AM39: 0 | AN39: 0 | AO39: 7.68 | AP39: 0 | AQ39: 0.9 | AR39: 0 | AS39: 0 | AT39: 81 | AU39: 60 | AV39: 1 | AW39: 1 | AZ39: 6.53 | BA39: 6.53 | BB39: 6.53 | BC39: 6.53 | BH39: 0 | BI39: 1 | BJ39: ФЕР-2001, 13-06-003-01, приказ Минстроя России №1039/пр от 30.12.2016г. | BM39: 13001 | BN39: 0 | BP39: 0 | BQ39: 2 | BR39: 0 | BS39: 6.53 | BT39: 1 | BU39: 1 | BV39: 1 | BW39: 1 | BX39: 1 | BZ39: 90 | CA39: 70 | CF39: 0 | CG39: 0 | CM39: 0 | CN39: Поправка: МДС 81-35.2004, п.4.7 Наименование: Работы, выполняемые при реконструкции зданий и сооружений работы, аналогичные технологическим процессам в новом строительстве (в том числе возведение новых конструктивных элементов) стоимость которых определена по соответствующим сборникам ФЕР, кроме сборника № 46 «Работы при реконструкции зданий и сооружений» | CO39: 0 | CP39: =(P39+Q39+S39) -> 2202.61 | CQ39: =AC39*BC39 -> 0 | CR39: =AD39*BB39 -> 0 | CS39: =AE39*BS39 -> 0 | CT39: =AF39*BA39 -> 57.6599 | CU39: =AG39 -> 0 | CV39: =AH39 -> 1.035 | CW39: =AI39 -> 0 | CX39: =AJ39 -> 0 | CY39: =(((S39+R39)*AT39)/100) -> 1784.1141 | CZ39: =(((S39+R39)*AU39)/100) -> 1321.566 | DE39: )*1,25 | DF39: )*1,25 | DG39: )*1,15 | DI39: )*1,15 | DJ39: )*1,25 | DN39: 0 | DO39: 0 | DP39: 1 | DQ39: 1 | DU39: 1005 | DV39: м2 | DW39: м2 | DX39: 1 | EE39: 39174506 | EF39: 2 | EG39: Общестроительные работы | EH39: 0 | EJ39: 1 | EK39: 13001 | EL39: Защита строительных конструкций | EM39: ФЕР-13 | EO39: Поправка: МДС 81-35.2004, п.4.7 | EQ39: 0 | ER39: 7.68 | ES39: 0 | ET39: 0 | EU39: 0 | EV39: 7.68 | EW39: 0.9 | EX39: 0 | EY39: 0 | FQ39: 0 | FR39: =ROUND(IF(AND(BH39=3,BI39=3),P39,0),2) -> 0 | FS39: 0 | FT39: *0,9 | FU39: *0,85 | FX39: 81 | FY39: 59.5 | GD39: 0 | GF39: 1256725681 | GG39: 1 | GH39: 1 | GI39: 4 | GJ39: 0 | GK39: =ROUND(R39*(R12)/100,2) -> 0 | GL39: =ROUND(IF(AND(BH39=3,BI39=3,FS39<>0),P39,0),2) -> 0 | GM39: =ROUND(O39+X39+Y39+GK39,2)+GX39 -> 5308.29 | GN39: =IF(OR(BI39=0,BI39=1),ROUND(O39+X39+Y39+GK39,2),0) -> 5308.29 | GO39: =IF(BI39=2,ROUND(O39+X39+Y39+GK39,2),0) -> 0 | GP39: =IF(BI39=4,ROUND(O39+X39+Y39+GK39,2)+GX39,0) -> 0 | GR39: 0 | GS39: 3 | GT39: 0 | GV39: =ROUND(GT39,2) -> 0 | GW39: 1 | GX39: =ROUND(GV39*GW39*I39,2) -> 0 | HA39: 0 | HB39: 0 | IK39: 0
A40: 17 | B40: 1 | C40: =ROW(SmtRes!A44) -> 44 | D40: =ROW(EtalonRes!A45) -> 45 | E40: 10 | F40: 10-01-039-01 | G40: Установка блоков в наружных и внутренних дверных проемах в каменных стенах, площадь проема до 3 м2 | H40: 100 м2 | I40: =ROUND(7.6/100,9) -> 0.076 | J40: 0 | O40: =ROUND(CP40,2) -> 1915.13 | P40: =ROUND(CQ40*I40,2) -> 845.57 | Q40: =ROUND(CR40*I40,2) -> 600.49 | R40: =ROUND(CS40*I40,2) -> 95.47 | S40: =ROUND(CT40*I40,2) -> 469.07 | T40: =ROUND(CU40*I40,2) -> 0 | U40: =CV40*I40 -> 7.824922 | V40: =CW40*I40 -> 1.1096 | W40: =ROUND(CX40*I40,2) -> 0 | X40: =ROUND(CY40,2) -> 598.41 | Y40: =ROUND(CZ40,2) -> 304.85 | AA40: 39083528 | AB40: =ROUND((AC40+AD40+AF40),2) -> 3858.97 | AC40: =ROUND((ES40),2) -> 1703.82 | AD40: =ROUND(((((ET40*1.25))-((EU40*1.25)))+AE40),2) -> 1209.98 | AE40: =ROUND(((EU40*1.25)),2) -> 192.38 | AF40: =ROUND(((EV40*1.15)),2) -> 945.17 | AG40: =ROUND((AP40),2) -> 0 | AH40: =((EW40*1.15)) -> 102.9595 | AI40: =((EX40*1.25)) -> 14.6 | AJ40: =ROUND((AS40),2) -> 0 | AK40: 3493.69 | AL40: 1703.82 | AM40: 967.98 | AN40: 153.9 | AO40: 821.89 | AP40: 0 | AQ40: 89.53 | AR40: 11.68 | AS40: 0 | AT40: 106 | AU40: 54 | AV40: 1 | AW40: 1 | AZ40: 6.53 | BA40: 6.53 | BB40: 6.53 | BC40: 6.53 | BH40: 0 | BI40: 1 | BJ40: ФЕР-2001, 10-01-039-01, приказ Минстроя России №1039/пр от 30.12.2016г. | BM40: 10001 | BN40: 0 | BP40: 0 | BQ40: 2 | BR40: 0 | BS40: 6.53 | BT40: 1 | BU40: 1 | BV40: 1 | BW40: 1 | BX40: 1 | BZ40: 118 | CA40: 63 | CF40: 0 | CG40: 0 | CM40: 0 | CN40: Поправка: МДС 81-35.2004, п.4.7 Наименование: Работы, выполняемые при реконструкции зданий и сооружений работы, аналогичные технологическим процессам в новом строительстве (в том числе возведение новых конструктивных элементов) стоимость которых определена по соответствующим сборникам ФЕР, кроме сборника № 46 «Работы при реконструкции зданий и сооружений» | CO40: 0 | CP40: =(P40+Q40+S40) -> 1915.13 | CQ40: =AC40*BC40 -> 11125.945 | CR40: =AD40*BB40 -> 7901.1694 | CS40: =AE40*BS40 -> 1256.2414 | CT40: =AF40*BA40 -> 6171.9601 | CU40: =AG40 -> 0 | CV40: =AH40 -> 102.9595 | CW40: =AI40 -> 14.6 | CX40: =AJ40 -> 0 | CY40: =(((S40+R40)*AT40)/100) -> 598.4124 | CZ40: =(((S40+R40)*AU40)/100) -> 304.8516 | DE40: )*1,25 | DF40: )*1,25 | DG40: )*1,15 | DI40: )*1,15 | DJ40: )*1,25 | DN40: 0 | DO40: 0 | DP40: 1 | DQ40: 1 | DU40: 1005 | DV40: 100 м2 | DW40: 100 м2 | DX40: 100 | EE40: 39174503 | EF40: 2 | EG40: Общестроительные работы | EH40: 0 | EJ40: 1 | EK40: 10001 | EL40: Деревянные конструкции | EM40: ФЕР-10 | EO40: Поправка: МДС 81-35.2004, п.4.7 | EQ40: 0 | ER40: 3493.69 | ES40: 1703.82 | ET40: 967.98 | EU40: 153.9 | EV40: 821.89 | EW40: 89.53 | EX40: 11.68 | EY40: 0 | FQ40: 0 | FR40: =ROUND(IF(AND(BH40=3,BI40=3),P40,0),2) -> 0 | FS40: 0 | FT40: *0,9 | FU40: *0,85 | FX40: 106.2 | FY40: 53.55 | GD40: 0 | GF40: -2063365966 | GG40: 1 | GH40: 1 | GI40: 4 | GJ40: 0 | GK40: =ROUND(R40*(R12)/100,2) -> 0 | GL40: =ROUND(IF(AND(BH40=3,BI40=3,FS40<>0),P40,0),2) -> 0 | GM40: =ROUND(O40+X40+Y40+GK40,2)+GX40 -> 2818.39 | GN40: =IF(OR(BI40=0,BI40=1),ROUND(O40+X40+Y40+GK40,2),0) -> 2818.39 | GO40: =IF(BI40=2,ROUND(O40+X40+Y40+GK40,2),0) -> 0 | GP40: =IF(BI40=4,ROUND(O40+X40+Y40+GK40,2)+GX40,0) -> 0 | GR40: 0 | GS40: 3 | GT40: 0 | GV40: =ROUND(GT40,2) -> 0 | GW40: 1 | GX40: =ROUND(GV40*GW40*I40,2) -> 0 | HA40: 0 | HB40: 0 | IK40: 0
A41: 18 | B41: 1 | C41: 38 | E41: 10,1 | F41: 01.7.04.07-0003 | G41: Скобяные изделия для блоков входных дверей в помещение однопольных | H41: компл. | I41: =I40*J41 -> 4 | J41: 52.631579 | O41: =ROUND(CP41,2) -> 2473.04 | P41: =ROUND(CQ41*I41,2) -> 2473.04 | Q41: =ROUND(CR41*I41,2) -> 0 | R41: =ROUND(CS41*I41,2) -> 0 | S41: =ROUND(CT41*I41,2) -> 0 | T41: =ROUND(CU41*I41,2) -> 0 | U41: =CV41*I41 -> 0 | V41: =CW41*I41 -> 0 | W41: =ROUND(CX41*I41,2) -> 0 | X41: =ROUND(CY41,2) -> 0 | Y41: =ROUND(CZ41,2) -> 0 | AA41: 39083528 | AB41: =ROUND((AC41+AD41+AF41),2) -> 94.68 | AC41: =ROUND((ES41),2) -> 94.68 | AD41: =ROUND((((ET41)-(EU41))+AE41),2) -> 0 | AE41: =ROUND((EU41),2) -> 0 | AF41: =ROUND((EV41),2) -> 0 | AG41: =ROUND((AP41),2) -> 0 | AH41: =(EW41) -> 0 | AI41: =(EX41) -> 0 | AJ41: =ROUND((AS41),2) -> 0 | AK41: 94.68 | AL41: 94.68 | AM41: 0 | AN41: 0 | AO41: 0 | AP41: 0 | AQ41: 0 | AR41: 0 | AS41: 0 | AT41: 106 | AU41: 54 | AV41: 1 | AW41: 1 | AZ41: 6.53 | BA41: 1 | BB41: 1 | BC41: 6.53 | BH41: 3 | BI41: 1 | BJ41: ФССЦ-2001, 01.7.04.07-0003, приказ Минстроя России №1039/пр от 30.12.2016г. | BM41: 10001 | BN41: 0 | BP41: 0 | BQ41: 2 | BR41: 0 | BS41: 1 | BT41: 1 | BU41: 1 | BV41: 1 | BW41: 1 | BX41: 1 | BZ41: 118 | CA41: 63 | CF41: 0 | CG41: 0 | CM41: 0 | CO41: 0 | CP41: =(P41+Q41+S41) -> 2473.04 | CQ41: =AC41*BC41 -> 618.2604 | CR41: =AD41*BB41 -> 0 | CS41: =AE41*BS41 -> 0 | CT41: =AF41*BA41 -> 0 | CU41: =AG41 -> 0 | CV41: =AH41 -> 0 | CW41: =AI41 -> 0 | CX41: =AJ41 -> 0 | CY41: =(((S41+R41)*AT41)/100) -> 0 | CZ41: =(((S41+R41)*AU41)/100) -> 0 | DN41: 0 | DO41: 0 | DP41: 1 | DQ41: 1 | DU41: 1013 | DV41: компл. | DW41: компл. | DX41: 1 | EE41: 39174503 | EF41: 2 | EG41: Общестроительные работы | EH41: 0 | EJ41: 1 | EK41: 10001 | EL41: Деревянные конструкции | EM41: ФЕР-10 | EQ41: 0 | ER41: 94.68 | ES41: 94.68 | ET41: 0 | EU41: 0 | EV41: 0 | EW41: 0 | EX41: 0 | FQ41: 0 | FR41: =ROUND(IF(AND(BH41=3,BI41=3),P41,0),2) -> 0 | FS41: 0 | FT41: *0,9 | FU41: *0,85 | FX41: 106.2 | FY41: 53.55 | GD41: 0 | GF41: 602577485 | GG41: 1 | GH41: 1 | GI41: 4 | GJ41: 0 | GK41: =ROUND(R41*(R12)/100,2) -> 0 | GL41: =ROUND(IF(AND(BH41=3,BI41=3,FS41<>0),P41,0),2) -> 0 | GM41: =ROUND(O41+X41+Y41+GK41,2)+GX41 -> 2473.04 | GN41: =IF(OR(BI41=0,BI41=1),ROUND(O41+X41+Y41+GK41,2),0) -> 2473.04 | GO41: =IF(BI41=2,ROUND(O41+X41+Y41+GK41,2),0) -> 0 | GP41: =IF(BI41=4,ROUND(O41+X41+Y41+GK41,2)+GX41,0) -> 0 | GR41: 0 | GS41: 3 | GT41: 0 | GV41: =ROUND(GT41,2) -> 0 | GW41: 1 | GX41: =ROUND(GV41*GW41*I41,2) -> 0 | HA41: 0 | HB41: 0 | IK41: 0
A42: 18 | B42: 1 | C42: 42 | E42: 10,2 | F42: 11.2.02.01-0021 | G42: Блоки дверные внутренние двупольные глухие шлифованные, из массива сосны, без покрытия 1000х2000 мм | H42: м2 | I42: =I40*J42 -> 4 | J42: 52.631579 | O42: =ROUND(CP42,2) -> 25990.18 | P42: =ROUND(CQ42*I42,2) -> 25990.18 | Q42: =ROUND(CR42*I42,2) -> 0 | R42: =ROUND(CS42*I42,2) -> 0 | S42: =ROUND(CT42*I42,2) -> 0 | T42: =ROUND(CU42*I42,2) -> 0 | U42: =CV42*I42 -> 0 | V42: =CW42*I42 -> 0 | W42: =ROUND(CX42*I42,2) -> 0 | X42: =ROUND(CY42,2) -> 0 | Y42: =ROUND(CZ42,2) -> 0 | AA42: 39083528 | AB42: =ROUND((AC42+AD42+AF42),2) -> 995.03 | AC42: =ROUND((ES42),2) -> 995.03 | AD42: =ROUND((((ET42)-(EU42))+AE42),2) -> 0 | AE42: =ROUND((EU42),2) -> 0 | AF42: =ROUND((EV42),2) -> 0 | AG42: =ROUND((AP42),2) -> 0 | AH42: =(EW42) -> 0 | AI42: =(EX42) -> 0 | AJ42: =ROUND((AS42),2) -> 0 | AK42: 995.03 | AL42: 995.03 | AM42: 0 | AN42: 0 | AO42: 0 | AP42: 0 | AQ42: 0 | AR42: 0 | AS42: 0 | AT42: 106 | AU42: 54 | AV42: 1 | AW42: 1 | AZ42: 6.53 | BA42: 1 | BB42: 1 | BC42: 6.53 | BH42: 3 | BI42: 1 | BJ42: ФССЦ-2001, 11.2.02.01-0021, приказ Минстроя России №1039/пр от 30.12.2016г. | BM42: 10001 | BN42: 0 | BP42: 0 | BQ42: 2 | BR42: 0 | BS42: 1 | BT42: 1 | BU42: 1 | BV42: 1 | BW42: 1 | BX42: 1 | BZ42: 118 | CA42: 63 | CF42: 0 | CG42: 0 | CM42: 0 | CO42: 0 | CP42: =(P42+Q42+S42) -> 25990.18 | CQ42: =AC42*BC42 -> 6497.5459 | CR42: =AD42*BB42 -> 0 | CS42: =AE42*BS42 -> 0 | CT42: =AF42*BA42 -> 0 | CU42: =AG42 -> 0 | CV42: =AH42 -> 0 | CW42: =AI42 -> 0 | CX42: =AJ42 -> 0 | CY42: =(((S42+R42)*AT42)/100) -> 0 | CZ42: =(((S42+R42)*AU42)/100) -> 0 | DN42: 0 | DO42: 0 | DP42: 1 | DQ42: 1 | DU42: 1005 | DV42: м2 | DW42: м2 | DX42: 1 | EE42: 39174503 | EF42: 2 | EG42: Общестроительные работы | EH42: 0 | EJ42: 1 | EK42: 10001 | EL42: Деревянные конструкции | EM42: ФЕР-10 | EQ42: 0 | ER42: 995.03 | ES42: 995.03 | ET42: 0 | EU42: 0 | EV42: 0 | EW42: 0 | EX42: 0 | FQ42: 0 | FR42: =ROUND(IF(AND(BH42=3,BI42=3),P42,0),2) -> 0 | FS42: 0 | FT42: *0,9 | FU42: *0,85 | FX42: 106.2 | FY42: 53.55 | GD42: 0 | GF42: 1603208030 | GG42: 1 | GH42: 1 | GI42: 4 | GJ42: 0 | GK42: =ROUND(R42*(R12)/100,2) -> 0 | GL42: =ROUND(IF(AND(BH42=3,BI42=3,FS42<>0),P42,0),2) -> 0 | GM42: =ROUND(O42+X42+Y42+GK42,2)+GX42 -> 25990.18 | GN42: =IF(OR(BI42=0,BI42=1),ROUND(O42+X42+Y42+GK42,2),0) -> 25990.18 | GO42: =IF(BI42=2,ROUND(O42+X42+Y42+GK42,2),0) -> 0 | GP42: =IF(BI42=4,ROUND(O42+X42+Y42+GK42,2)+GX42,0) -> 0 | GR42: 0 | GS42: 3 | GT42: 0 | GV42: =ROUND(GT42,2) -> 0 | GW42: 1 | GX42: =ROUND(GV42*GW42*I42,2) -> 0 | HA42: 0 | HB42: 0 | IK42: 0
A43: 18 | B43: 1 | C43: 43 | E43: 10,3 | F43: 11.2.02.01-0031 | G43: Блоки дверные внутренние однопольные глухие шлифованные, из массива сосны, без покрытия 900х2000 | H43: м2 | I43: =I40*J43 -> 3.6 | J43: 47.368421 | O43: =ROUND(CP43,2) -> 21864.09 | P43: =ROUND(CQ43*I43,2) -> 21864.09 | Q43: =ROUND(CR43*I43,2) -> 0 | R43: =ROUND(CS43*I43,2) -> 0 | S43: =ROUND(CT43*I43,2) -> 0 | T43: =ROUND(CU43*I43,2) -> 0 | U43: =CV43*I43 -> 0 | V43: =CW43*I43 -> 0 | W43: =ROUND(CX43*I43,2) -> 0 | X43: =ROUND(CY43,2) -> 0 | Y43: =ROUND(CZ43,2) -> 0 | AA43: 39083528 | AB43: =ROUND((AC43+AD43+AF43),2) -> 930.07 | AC43: =ROUND((ES43),2) -> 930.07 | AD43: =ROUND((((ET43)-(EU43))+AE43),2) -> 0 | AE43: =ROUND((EU43),2) -> 0 | AF43: =ROUND((EV43),2) -> 0 | AG43: =ROUND((AP43),2) -> 0 | AH43: =(EW43) -> 0 | AI43: =(EX43) -> 0 | AJ43: =ROUND((AS43),2) -> 0 | AK43: 930.07 | AL43: 930.07 | AM43: 0 | AN43: 0 | AO43: 0 | AP43: 0 | AQ43: 0 | AR43: 0 | AS43: 0 | AT43: 106 | AU43: 54 | AV43: 1 | AW43: 1 | AZ43: 6.53 | BA43: 1 | BB43: 1 | BC43: 6.53 | BH43: 3 | BI43: 1 | BJ43: ФССЦ-2001, 11.2.02.01-0031, приказ Минстроя России №1039/пр от 30.12.2016г. | BM43: 10001 | BN43: 0 | BP43: 0 | BQ43: 2 | BR43: 0 | BS43: 1 | BT43: 1 | BU43: 1 | BV43: 1 | BW43: 1 | BX43: 1 | BZ43: 118 | CA43: 63 | CF43: 0 | CG43: 0 | CM43: 0 | CO43: 0 | CP43: =(P43+Q43+S43) -> 21864.09 | CQ43: =AC43*BC43 -> 6073.3571 | CR43: =AD43*BB43 -> 0 | CS43: =AE43*BS43 -> 0 | CT43: =AF43*BA43 -> 0 | CU43: =AG43 -> 0 | CV43: =AH43 -> 0 | CW43: =AI43 -> 0 | CX43: =AJ43 -> 0 | CY43: =(((S43+R43)*AT43)/100) -> 0 | CZ43: =(((S43+R43)*AU43)/100) -> 0 | DN43: 0 | DO43: 0 | DP43: 1 | DQ43: 1 | DU43: 1005 | DV43: м2 | DW43: м2 | DX43: 1 | EE43: 39174503 | EF43: 2 | EG43: Общестроительные работы | EH43: 0 | EJ43: 1 | EK43: 10001 | EL43: Деревянные конструкции | EM43: ФЕР-10 | EQ43: 0 | ER43: 930.07 | ES43: 930.07 | ET43: 0 | EU43: 0 | EV43: 0 | EW43: 0 | EX43: 0 | FQ43: 0 | FR43: =ROUND(IF(AND(BH43=3,BI43=3),P43,0),2) -> 0 | FS43: 0 | FT43: *0,9 | FU43: *0,85 | FX43: 106.2 | FY43: 53.55 | GD43: 0 | GF43: 655187428 | GG43: 1 | GH43: 1 | GI43: 4 | GJ43: 0 | GK43: =ROUND(R43*(R12)/100,2) -> 0 | GL43: =ROUND(IF(AND(BH43=3,BI43=3,FS43<>0),P43,0),2) -> 0 | GM43: =ROUND(O43+X43+Y43+GK43,2)+GX43 -> 21864.09 | GN43: =IF(OR(BI43=0,BI43=1),ROUND(O43+X43+Y43+GK43,2),0) -> 21864.09 | GO43: =IF(BI43=2,ROUND(O43+X43+Y43+GK43,2),0) -> 0 | GP43: =IF(BI43=4,ROUND(O43+X43+Y43+GK43,2)+GX43,0) -> 0 | GR43: 0 | GS43: 3 | GT43: 0 | GV43: =ROUND(GT43,2) -> 0 | GW43: 1 | GX43: =ROUND(GV43*GW43*I43,2) -> 0 | HA43: 0 | HB43: 0 | IK43: 0
A44: 17 | B44: 1 | C44: =ROW(SmtRes!A50) -> 50 | D44: =ROW(EtalonRes!A50) -> 50 | E44: 11 | F44: 09-04-012-02 | G44: Установка дверного доводчика к металлическим дверям | H44: ШТ | I44: 2 | J44: 0 | O44: =ROUND(CP44,2) -> 209.22 | P44: =ROUND(CQ44*I44,2) -> 9.4 | Q44: =ROUND(CR44*I44,2) -> 34.48 | R44: =ROUND(CS44*I44,2) -> 0 | S44: =ROUND(CT44*I44,2) -> 165.34 | T44: =ROUND(CU44*I44,2) -> 0 | U44: =CV44*I44 -> 2.553 | V44: =CW44*I44 -> 0 | W44: =ROUND(CX44*I44,2) -> 0 | X44: =ROUND(CY44,2) -> 133.93 | Y44: =ROUND(CZ44,2) -> 119.04 | AA44: 39083528 | AB44: =ROUND((AC44+AD44+AF44),2) -> 16.02 | AC44: =ROUND((ES44),2) -> 0.72 | AD44: =ROUND(((((ET44*1.25))-((EU44*1.25)))+AE44),2) -> 2.64 | AE44: =ROUND(((EU44*1.25)),2) -> 0 | AF44: =ROUND(((EV44*1.15)),2) -> 12.66 | AG44: =ROUND((AP44),2) -> 0 | AH44: =((EW44*1.15)) -> 1.2765 | AI44: =((EX44*1.25)) -> 0 | AJ44: =ROUND((AS44),2) -> 0 | AK44: 13.84 | AL44: 0.72 | AM44: 2.11 | AN44: 0 | AO44: 11.01 | AP44: 0 | AQ44: 1.11 | AR44: 0 | AS44: 0 | AT44: 81 | AU44: 72 | AV44: 1 | AW44: 1 | AZ44: 6.53 | BA44: 6.53 | BB44: 6.53 | BC44: 6.53 | BH44: 0 | BI44: 1 | BJ44: ФЕР-2001, 09-04-012-02, приказ Минстроя России №1039/пр от 30.12.2016г. | BM44: 9001 | BN44: 0 | BP44: 0 | BQ44: 2 | BR44: 0 | BS44: 6.53 | BT44: 1 | BU44: 1 | BV44: 1 | BW44: 1 | BX44: 1 | BZ44: 90 | CA44: 85 | CF44: 0 | CG44: 0 | CM44: 0 | CN44: Поправка: МДС 81-35.2004, п.4.7 Наименование: Работы, выполняемые при реконструкции зданий и сооружений работы, аналогичные технологическим процессам в новом строительстве (в том числе возведение новых конструктивных элементов) стоимость которых определена по соответствующим сборникам ФЕР, кроме сборника № 46 «Работы при реконструкции зданий и сооружений» | CO44: 0 | CP44: =(P44+Q44+S44) -> 209.22 | CQ44: =AC44*BC44 -> 4.7016 | CR44: =AD44*BB44 -> 17.2392 | CS44: =AE44*BS44 -> 0 | CT44: =AF44*BA44 -> 82.6698 | CU44: =AG44 -> 0 | CV44: =AH44 -> 1.2765 | CW44: =AI44 -> 0 | CX44: =AJ44 -> 0 | CY44: =(((S44+R44)*AT44)/100) -> 133.9254 | CZ44: =(((S44+R44)*AU44)/100) -> 119.0448 | DE44: )*1,25 | DF44: )*1,25 | DG44: )*1,15 | DI44: )*1,15 | DJ44: )*1,25 | DN44: 0 | DO44: 0 | DP44: 1 | DQ44: 1 | DU44: 1013 | DV44: ШТ | DW44: ШТ | DX44: 1 | EE44: 39174502 | EF44: 2 | EG44: Общестроительные работы | EH44: 0 | EJ44: 1 | EK44: 9001 | EL44: Металлические конструкции | EM44: ФЕР-09 | EO44: Поправка: МДС 81-35.2004, п.4.7 | EQ44: 0 | ER44: 13.84 | ES44: 0.72 | ET44: 2.11 | EU44: 0 | EV44: 11.01 | EW44: 1.11 | EX44: 0 | EY44: 0 | FQ44: 0 | FR44: =ROUND(IF(AND(BH44=3,BI44=3),P44,0),2) -> 0 | FS44: 0 | FT44: *0,9 | FU44: *0,85 | FX44: 81 | FY44: 72.25 | GD44: 0 | GF44: -418508909 | GG44: 1 | GH44: 1 | GI44: 4 | GJ44: 0 | GK44: =ROUND(R44*(R12)/100,2) -> 0 | GL44: =ROUND(IF(AND(BH44=3,BI44=3,FS44<>0),P44,0),2) -> 0 | GM44: =ROUND(O44+X44+Y44+GK44,2)+GX44 -> 462.19 | GN44: =IF(OR(BI44=0,BI44=1),ROUND(O44+X44+Y44+GK44,2),0) -> 462.19 | GO44: =IF(BI44=2,ROUND(O44+X44+Y44+GK44,2),0) -> 0 | GP44: =IF(BI44=4,ROUND(O44+X44+Y44+GK44,2)+GX44,0) -> 0 | GR44: 0 | GS44: 3 | GT44: 0 | GV44: =ROUND(GT44,2) -> 0 | GW44: 1 | GX44: =ROUND(GV44*GW44*I44,2) -> 0 | HA44: 0 | HB44: 0 | IK44: 0
A45: 18 | B45: 1 | C45: 47 | E45: 11,1 | F45: 01.7.04.01-0002 | G45: Доводчик дверной гидравлический TS-68 с зубчатым приводом (нагрузка до 90 кг) | H45: шт. | I45: =I44*J45 -> 2 | J45: 1 | O45: =ROUND(CP45,2) -> 3555.19 | P45: =ROUND(CQ45*I45,2) -> 3555.19 | Q45: =ROUND(CR45*I45,2) -> 0 | R45: =ROUND(CS45*I45,2) -> 0 | S45: =ROUND(CT45*I45,2) -> 0 | T45: =ROUND(CU45*I45,2) -> 0 | U45: =CV45*I45 -> 0 | V45: =CW45*I45 -> 0 | W45: =ROUND(CX45*I45,2) -> 0 | X45: =ROUND(CY45,2) -> 0 | Y45: =ROUND(CZ45,2) -> 0 | AA45: 39083528 | AB45: =ROUND((AC45+AD45+AF45),2) -> 272.22 | AC45: =ROUND((ES45),2) -> 272.22 | AD45: =ROUND((((ET45)-(EU45))+AE45),2) -> 0 | AE45: =ROUND((EU45),2) -> 0 | AF45: =ROUND((EV45),2) -> 0 | AG45: =ROUND((AP45),2) -> 0 | AH45: =(EW45) -> 0 | AI45: =(EX45) -> 0 | AJ45: =ROUND((AS45),2) -> 0 | AK45: 272.22 | AL45: 272.22 | AM45: 0 | AN45: 0 | AO45: 0 | AP45: 0 | AQ45: 0 | AR45: 0 | AS45: 0 | AT45: 81 | AU45: 72 | AV45: 1 | AW45: 1 | AZ45: 6.53 | BA45: 1 | BB45: 1 | BC45: 6.53 | BH45: 3 | BI45: 1 | BJ45: ФССЦ-2001, 01.7.04.01-0002, приказ Минстроя России №1039/пр от 30.12.2016г. | BM45: 9001 | BN45: 0 | BP45: 0 | BQ45: 2 | BR45: 0 | BS45: 1 | BT45: 1 | BU45: 1 | BV45: 1 | BW45: 1 | BX45: 1 | BZ45: 90 | CA45: 85 | CF45: 0 | CG45: 0 | CM45: 0 | CO45: 0 | CP45: =(P45+Q45+S45) -> 3555.19 | CQ45: =AC45*BC45 -> 1777.5966 | CR45: =AD45*BB45 -> 0 | CS45: =AE45*BS45 -> 0 | CT45: =AF45*BA45 -> 0 | CU45: =AG45 -> 0 | CV45: =AH45 -> 0 | CW45: =AI45 -> 0 | CX45: =AJ45 -> 0 | CY45: =(((S45+R45)*AT45)/100) -> 0 | CZ45: =(((S45+R45)*AU45)/100) -> 0 | DN45: 0 | DO45: 0 | DP45: 1 | DQ45: 1 | DU45: 1010 | DV45: шт. | DW45: шт. | DX45: 1 | EE45: 39174502 | EF45: 2 | EG45: Общестроительные работы | EH45: 0 | EJ45: 1 | EK45: 9001 | EL45: Металлические конструкции | EM45: ФЕР-09 | EQ45: 0 | ER45: 272.22 | ES45: 272.22 | ET45: 0 | EU45: 0 | EV45: 0 | EW45: 0 | EX45: 0 | FQ45: 0 | FR45: =ROUND(IF(AND(BH45=3,BI45=3),P45,0),2) -> 0 | FS45: 0 | FT45: *0,9 | FU45: *0,85 | FX45: 81 | FY45: 72.25 | GD45: 0 | GF45: 735354979 | GG45: 1 | GH45: 1 | GI45: 4 | GJ45: 0 | GK45: =ROUND(R45*(R12)/100,2) -> 0 | GL45: =ROUND(IF(AND(BH45=3,BI45=3,FS45<>0),P45,0),2) -> 0 | GM45: =ROUND(O45+X45+Y45+GK45,2)+GX45 -> 3555.19 | GN45: =IF(OR(BI45=0,BI45=1),ROUND(O45+X45+Y45+GK45,2),0) -> 3555.19 | GO45: =IF(BI45=2,ROUND(O45+X45+Y45+GK45,2),0) -> 0 | GP45: =IF(BI45=4,ROUND(O45+X45+Y45+GK45,2)+GX45,0) -> 0 | GR45: 0 | GS45: 3 | GT45: 0 | GV45: =ROUND(GT45,2) -> 0 | GW45: 1 | GX45: =ROUND(GV45*GW45*I45,2) -> 0 | HA45: 0 | HB45: 0 | IK45: 0
A46: 18 | B46: 1 | C46: 48 | E46: 11,2 | F46: 01.7.04.11-0041 | G46: Упор стальной | H46: компл. | I46: =I44*J46 -> 2 | J46: 1 | O46: =ROUND(CP46,2) -> 108.4 | P46: =ROUND(CQ46*I46,2) -> 108.4 | Q46: =ROUND(CR46*I46,2) -> 0 | R46: =ROUND(CS46*I46,2) -> 0 | S46: =ROUND(CT46*I46,2) -> 0 | T46: =ROUND(CU46*I46,2) -> 0 | U46: =CV46*I46 -> 0 | V46: =CW46*I46 -> 0 | W46: =ROUND(CX46*I46,2) -> 0 | X46: =ROUND(CY46,2) -> 0 | Y46: =ROUND(CZ46,2) -> 0 | AA46: 39083528 | AB46: =ROUND((AC46+AD46+AF46),2) -> 8.3 | AC46: =ROUND((ES46),2) -> 8.3 | AD46: =ROUND((((ET46)-(EU46))+AE46),2) -> 0 | AE46: =ROUND((EU46),2) -> 0 | AF46: =ROUND((EV46),2) -> 0 | AG46: =ROUND((AP46),2) -> 0 | AH46: =(EW46) -> 0 | AI46: =(EX46) -> 0 | AJ46: =ROUND((AS46),2) -> 0 | AK46: 8.3 | AL46: 8.3 | AM46: 0 | AN46: 0 | AO46: 0 | AP46: 0 | AQ46: 0 | AR46: 0 | AS46: 0 | AT46: 81 | AU46: 72 | AV46: 1 | AW46: 1 | AZ46: 6.53 | BA46: 1 | BB46: 1 | BC46: 6.53 | BH46: 3 | BI46: 1 | BJ46: ФССЦ-2001, 01.7.04.11-0041, приказ Минстроя России №1039/пр от 30.12.2016г. | BM46: 9001 | BN46: 0 | BP46: 0 | BQ46: 2 | BR46: 0 | BS46: 1 | BT46: 1 | BU46: 1 | BV46: 1 | BW46: 1 | BX46: 1 | BZ46: 90 | CA46: 85 | CF46: 0 | CG46: 0 | CM46: 0 | CO46: 0 | CP46: =(P46+Q46+S46) -> 108.4 | CQ46: =AC46*BC46 -> 54.199 | CR46: =AD46*BB46 -> 0 | CS46: =AE46*BS46 -> 0 | CT46: =AF46*BA46 -> 0 | CU46: =AG46 -> 0 | CV46: =AH46 -> 0 | CW46: =AI46 -> 0 | CX46: =AJ46 -> 0 | CY46: =(((S46+R46)*AT46)/100) -> 0 | CZ46: =(((S46+R46)*AU46)/100) -> 0 | DN46: 0 | DO46: 0 | DP46: 1 | DQ46: 1 | DU46: 1013 | DV46: компл. | DW46: компл. | DX46: 1 | EE46: 39174502 | EF46: 2 | EG46: Общестроительные работы | EH46: 0 | EJ46: 1 | EK46: 9001 | EL46: Металлические конструкции | EM46: ФЕР-09 | EQ46: 0 | ER46: 8.3 | ES46: 8.3 | ET46: 0 | EU46: 0 | EV46: 0 | EW46: 0 | EX46: 0 | FQ46: 0 | FR46: =ROUND(IF(AND(BH46=3,BI46=3),P46,0),2) -> 0 | FS46: 0 | FT46: *0,9 | FU46: *0,85 | FX46: 81 | FY46: 72.25 | GD46: 0 | GF46: -35948077 | GG46: 1 | GH46: 1 | GI46: 4 | GJ46: 0 | GK46: =ROUND(R46*(R12)/100,2) -> 0 | GL46: =ROUND(IF(AND(BH46=3,BI46=3,FS46<>0),P46,0),2) -> 0 | GM46: =ROUND(O46+X46+Y46+GK46,2)+GX46 -> 108.4 | GN46: =IF(OR(BI46=0,BI46=1),ROUND(O46+X46+Y46+GK46,2),0) -> 108.4 | GO46: =IF(BI46=2,ROUND(O46+X46+Y46+GK46,2),0) -> 0 | GP46: =IF(BI46=4,ROUND(O46+X46+Y46+GK46,2)+GX46,0) -> 0 | GR46: 0 | GS46: 3 | GT46: 0 | GV46: =ROUND(GT46,2) -> 0 | GW46: 1 | GX46: =ROUND(GV46*GW46*I46,2) -> 0 | HA46: 0 | HB46: 0 | IK46: 0
A47: 17 | B47: 1 | C47: =ROW(SmtRes!A62) -> 62 | D47: =ROW(EtalonRes!A61) -> 61 | E47: 12 | F47: 10-01-034-06 | G47: Установка в жилых и общественных зданиях оконных блоков из ПВХ профилей поворотных (откидных, поворотно-откидных) с площадью проема более 2 м2 двухстворчатых | H47: 100 м2 | I47: =ROUND(4.74/100,9) -> 0.0474 | J47: 0 | O47: =ROUND(CP47,2) -> 3120.6 | P47: =ROUND(CQ47*I47,2) -> 2568.52 | Q47: =ROUND(CR47*I47,2) -> 98.74 | R47: =ROUND(CS47*I47,2) -> 19.47 | S47: =ROUND(CT47*I47,2) -> 453.34 | T47: =ROUND(CU47*I47,2) -> 0 | U47: =CV47*I47 -> 7.9431972 | V47: =CW47*I47 -> 0.2506275 | W47: =ROUND(CX47*I47,2) -> 0 | X47: =ROUND(CY47,2) -> 501.18 | Y47: =ROUND(CZ47,2) -> 255.32 | AA47: 39083528 | AB47: =ROUND((AC47+AD47+AF47),2) -> 10081.99 | AC47: =ROUND((ES47),2) -> 8298.35 | AD47: =ROUND(((((ET47*1.25))-((EU47*1.25)))+AE47),2) -> 319.01 | AE47: =ROUND(((EU47*1.25)),2) -> 62.9 | AF47: =ROUND(((EV47*1.15)),2) -> 1464.63 | AG47: =ROUND((AP47),2) -> 0 | AH47: =((EW47*1.15)) -> 167.578 | AI47: =((EX47*1.25)) -> 5.2875 | AJ47: =ROUND((AS47),2) -> 0 | AK47: 9827.15 | AL47: 8298.35 | AM47: 255.21 | AN47: 50.32 | AO47: 1273.59 | AP47: 0 | AQ47: 145.72 | AR47: 4.23 | AS47: 0 | AT47: 106 | AU47: 54 | AV47: 1 | AW47: 1 | AZ47: 6.53 | BA47: 6.53 | BB47: 6.53 | BC47: 6.53 | BH47: 0 | BI47: 1 | BJ47: ФЕР-2001, 10-01-034-06, приказ Минстроя России №1039/пр от 30.12.2016г. | BM47: 10001 | BN47: 0 | BP47: 0 | BQ47: 2 | BR47: 0 | BS47: 6.53 | BT47: 1 | BU47: 1 | BV47: 1 | BW47: 1 | BX47: 1 | BZ47: 118 | CA47: 63 | CF47: 0 | CG47: 0 | CM47: 0 | CN47: Поправка: МДС 81-35.2004, п.4.7 Наименование: Работы, выполняемые при реконструкции зданий и сооружений работы, аналогичные технологическим процессам в новом строительстве (в том числе возведение новых конструктивных элементов) стоимость которых определена по соответствующим сборникам ФЕР, кроме сборника № 46 «Работы при реконструкции зданий и сооружений» | CO47: 0 | CP47: =(P47+Q47+S47) -> 3120.6 | CQ47: =AC47*BC47 -> 54188.226 | CR47: =AD47*BB47 -> 2083.1353 | CS47: =AE47*BS47 -> 410.737 | CT47: =AF47*BA47 -> 9564.0339 | CU47: =AG47 -> 0 | CV47: =AH47 -> 167.578 | CW47: =AI47 -> 5.2875 | CX47: =AJ47 -> 0 | CY47: =(((S47+R47)*AT47)/100) -> 501.1786 | CZ47: =(((S47+R47)*AU47)/100) -> 255.3174 | DE47: )*1,25 | DF47: )*1,25 | DG47: )*1,15 | DI47: )*1,15 | DJ47: )*1,25 | DN47: 0 | DO47: 0 | DP47: 1 | DQ47: 1 | DU47: 1005 | DV47: 100 м2 | DW47: 100 м2 | DX47: 100 | EE47: 39174503 | EF47: 2 | EG47: Общестроительные работы | EH47: 0 | EJ47: 1 | EK47: 10001 | EL47: Деревянные конструкции | EM47: ФЕР-10 | EO47: Поправка: МДС 81-35.2004, п.4.7 | EQ47: 0 | ER47: 9827.15 | ES47: 8298.35 | ET47: 255.21 | EU47: 50.32 | EV47: 1273.59 | EW47: 145.72 | EX47: 4.23 | EY47: 0 | FQ47: 0 | FR47: =ROUND(IF(AND(BH47=3,BI47=3),P47,0),2) -> 0 | FS47: 0 | FT47: *0,9 | FU47: *0,85 | FX47: 106.2 | FY47: 53.55 | GD47: 0 | GF47: 1452579699 | GG47: 1 | GH47: 1 | GI47: 4 | GJ47: 0 | GK47: =ROUND(R47*(R12)/100,2) -> 0 | GL47: =ROUND(IF(AND(BH47=3,BI47=3,FS47<>0),P47,0),2) -> 0 | GM47: =ROUND(O47+X47+Y47+GK47,2)+GX47 -> 3877.1 | GN47: =IF(OR(BI47=0,BI47=1),ROUND(O47+X47+Y47+GK47,2),0) -> 3877.1 | GO47: =IF(BI47=2,ROUND(O47+X47+Y47+GK47,2),0) -> 0 | GP47: =IF(BI47=4,ROUND(O47+X47+Y47+GK47,2)+GX47,0) -> 0 | GR47: 0 | GS47: 3 | GT47: 0 | GV47: =ROUND(GT47,2) -> 0 | GW47: 1 | GX47: =ROUND(GV47*GW47*I47,2) -> 0 | HA47: 0 | HB47: 0 | IK47: 0
A48: 18 | B48: 1 | C48: 60 | E48: 12,1 | F48: 11.3.02.03 | G48: Блоки оконные пластиковые | H48: м2 | I48: =I47*J48 -> 4.74 | J48: 100 | O48: =ROUND(CP48,2) -> 0 | P48: =ROUND(CQ48*I48,2) -> 0 | Q48: =ROUND(CR48*I48,2) -> 0 | R48: =ROUND(CS48*I48,2) -> 0 | S48: =ROUND(CT48*I48,2) -> 0 | T48: =ROUND(CU48*I48,2) -> 0 | U48: =CV48*I48 -> 0 | V48: =CW48*I48 -> 0 | W48: =ROUND(CX48*I48,2) -> 0 | X48: =ROUND(CY48,2) -> 0 | Y48: =ROUND(CZ48,2) -> 0 | AA48: 39083528 | AB48: =ROUND((AC48+AD48+AF48),2) -> 0 | AC48: =ROUND((ES48),2) -> 0 | AD48: =ROUND((((ET48)-(EU48))+AE48),2) -> 0 | AE48: =ROUND((EU48),2) -> 0 | AF48: =ROUND((EV48),2) -> 0 | AG48: =ROUND((AP48),2) -> 0 | AH48: =(EW48) -> 0 | AI48: =(EX48) -> 0 | AJ48: =ROUND((AS48),2) -> 0 | AK48: 0 | AL48: 0 | AM48: 0 | AN48: 0 | AO48: 0 | AP48: 0 | AQ48: 0 | AR48: 0 | AS48: 0 | AT48: 106 | AU48: 54 | AV48: 1 | AW48: 1 | AZ48: 6.53 | BA48: 1 | BB48: 1 | BC48: 6.53 | BH48: 3 | BI48: 1 | BM48: 10001 | BN48: 0 | BP48: 0 | BQ48: 2 | BR48: 0 | BS48: 1 | BT48: 1 | BU48: 1 | BV48: 1 | BW48: 1 | BX48: 1 | BZ48: 118 | CA48: 63 | CF48: 0 | CG48: 0 | CM48: 0 | CO48: 0 | CP48: =(P48+Q48+S48) -> 0 | CQ48: =AC48*BC48 -> 0 | CR48: =AD48*BB48 -> 0 | CS48: =AE48*BS48 -> 0 | CT48: =AF48*BA48 -> 0 | CU48: =AG48 -> 0 | CV48: =AH48 -> 0 | CW48: =AI48 -> 0 | CX48: =AJ48 -> 0 | CY48: =(((S48+R48)*AT48)/100) -> 0 | CZ48: =(((S48+R48)*AU48)/100) -> 0 | DN48: 0 | DO48: 0 | DP48: 1 | DQ48: 1 | DU48: 1005 | DV48: м2 | DW48: м2 | DX48: 1 | EE48: 39174503 | EF48: 2 | EG48: Общестроительные работы | EH48: 0 | EJ48: 1 | EK48: 10001 | EL48: Деревянные конструкции | EM48: ФЕР-10 | EQ48: 0 | ER48: 0 | ES48: 0 | ET48: 0 | EU48: 0 | EV48: 0 | EW48: 0 | EX48: 0 | FQ48: 0 | FR48: =ROUND(IF(AND(BH48=3,BI48=3),P48,0),2) -> 0 | FS48: 0 | FT48: *0,9 | FU48: *0,85 | FX48: 106.2 | FY48: 53.55 | GD48: 0 | GF48: 1219964505 | GG48: 1 | GH48: 1 | GI48: 4 | GJ48: 0 | GK48: =ROUND(R48*(R12)/100,2) -> 0 | GL48: =ROUND(IF(AND(BH48=3,BI48=3,FS48<>0),P48,0),2) -> 0 | GM48: =ROUND(O48+X48+Y48+GK48,2)+GX48 -> 0 | GN48: =IF(OR(BI48=0,BI48=1),ROUND(O48+X48+Y48+GK48,2),0) -> 0 | GO48: =IF(BI48=2,ROUND(O48+X48+Y48+GK48,2),0) -> 0 | GP48: =IF(BI48=4,ROUND(O48+X48+Y48+GK48,2)+GX48,0) -> 0 | GR48: 0 | GS48: 3 | GT48: 0 | GV48: =ROUND(GT48,2) -> 0 | GW48: 1 | GX48: =ROUND(GV48*GW48*I48,2) -> 0 | HA48: 0 | HB48: 0 | IK48: 0
A49: 18 | B49: 1 | C49: 59 | E49: 12,2 | F49: 11.3.02.01-0005 | G49: Блок оконный пластиковый двустворчатый, глухой с двухкамерным стеклопакетом (32 мм), площадью до 2,5 м2 | H49: м2 | I49: =I47*J49 -> 4.74 | J49: 100 | O49: =ROUND(CP49,2) -> 61166.19 | P49: =ROUND(CQ49*I49,2) -> 61166.19 | Q49: =ROUND(CR49*I49,2) -> 0 | R49: =ROUND(CS49*I49,2) -> 0 | S49: =ROUND(CT49*I49,2) -> 0 | T49: =ROUND(CU49*I49,2) -> 0 | U49: =CV49*I49 -> 0 | V49: =CW49*I49 -> 0 | W49: =ROUND(CX49*I49,2) -> 0 | X49: =ROUND(CY49,2) -> 0 | Y49: =ROUND(CZ49,2) -> 0 | AA49: 39083528 | AB49: =ROUND((AC49+AD49+AF49),2) -> 1976.15 | AC49: =ROUND((ES49),2) -> 1976.15 | AD49: =ROUND((((ET49)-(EU49))+AE49),2) -> 0 | AE49: =ROUND((EU49),2) -> 0 | AF49: =ROUND((EV49),2) -> 0 | AG49: =ROUND((AP49),2) -> 0 | AH49: =(EW49) -> 0 | AI49: =(EX49) -> 0 | AJ49: =ROUND((AS49),2) -> 0 | AK49: 1976.15 | AL49: 1976.15 | AM49: 0 | AN49: 0 | AO49: 0 | AP49: 0 | AQ49: 0 | AR49: 0 | AS49: 0 | AT49: 106 | AU49: 54 | AV49: 1 | AW49: 1 | AZ49: 6.53 | BA49: 1 | BB49: 1 | BC49: 6.53 | BH49: 3 | BI49: 1 | BJ49: ФССЦ-2001, 11.3.02.01-0005, приказ Минстроя России №1039/пр от 30.12.2016г. | BM49: 10001 | BN49: 0 | BP49: 0 | BQ49: 2 | BR49: 0 | BS49: 1 | BT49: 1 | BU49: 1 | BV49: 1 | BW49: 1 | BX49: 1 | BZ49: 118 | CA49: 63 | CF49: 0 | CG49: 0 | CM49: 0 | CO49: 0 | CP49: =(P49+Q49+S49) -> 61166.19 | CQ49: =AC49*BC49 -> 12904.26 | CR49: =AD49*BB49 -> 0 | CS49: =AE49*BS49 -> 0 | CT49: =AF49*BA49 -> 0 | CU49: =AG49 -> 0 | CV49: =AH49 -> 0 | CW49: =AI49 -> 0 | CX49: =AJ49 -> 0 | CY49: =(((S49+R49)*AT49)/100) -> 0 | CZ49: =(((S49+R49)*AU49)/100) -> 0 | DN49: 0 | DO49: 0 | DP49: 1 | DQ49: 1 | DU49: 1005 | DV49: м2 | DW49: м2 | DX49: 1 | EE49: 39174503 | EF49: 2 | EG49: Общестроительные работы | EH49: 0 | EJ49: 1 | EK49: 10001 | EL49: Деревянные конструкции | EM49: ФЕР-10 | EQ49: 0 | ER49: 1976.15 | ES49: 1976.15 | ET49: 0 | EU49: 0 | EV49: 0 | EW49: 0 | EX49: 0 | FQ49: 0 | FR49: =ROUND(IF(AND(BH49=3,BI49=3),P49,0),2) -> 0 | FS49: 0 | FT49: *0,9 | FU49: *0,85 | FX49: 106.2 | FY49: 53.55 | GD49: 0 | GF49: -1730619823 | GG49: 1 | GH49: 1 | GI49: 4 | GJ49: 0 | GK49: =ROUND(R49*(R12)/100,2) -> 0 | GL49: =ROUND(IF(AND(BH49=3,BI49=3,FS49<>0),P49,0),2) -> 0 | GM49: =ROUND(O49+X49+Y49+GK49,2)+GX49 -> 61166.19 | GN49: =IF(OR(BI49=0,BI49=1),ROUND(O49+X49+Y49+GK49,2),0) -> 61166.19 | GO49: =IF(BI49=2,ROUND(O49+X49+Y49+GK49,2),0) -> 0 | GP49: =IF(BI49=4,ROUND(O49+X49+Y49+GK49,2)+GX49,0) -> 0 | GR49: 0 | GS49: 3 | GT49: 0 | GV49: =ROUND(GT49,2) -> 0 | GW49: 1 | GX49: =ROUND(GV49*GW49*I49,2) -> 0 | HA49: 0 | HB49: 0 | IK49: 0
A50: 17 | B50: 1 | C50: =ROW(SmtRes!A69) -> 69 | D50: =ROW(EtalonRes!A68) -> 68 | E50: 13 | F50: 10-01-035-01 | G50: Установка подоконных досок из ПВХ в каменных стенах толщиной до 0,51 м | H50: 100 м | I50: =ROUND(2.64/100,9) -> 0.0264 | J50: 0 | O50: =ROUND(CP50,2) -> 726.44 | P50: =ROUND(CQ50*I50,2) -> 688.22 | Q50: =ROUND(CR50*I50,2) -> 2.39 | R50: =ROUND(CS50*I50,2) -> 0.49 | S50: =ROUND(CT50*I50,2) -> 35.83 | T50: =ROUND(CU50*I50,2) -> 0 | U50: =CV50*I50 -> 0.6433284 | V50: =CW50*I50 -> 0.00627 | W50: =ROUND(CX50*I50,2) -> 0 | X50: =ROUND(CY50,2) -> 38.5 | Y50: =ROUND(CZ50,2) -> 19.61 | AA50: 39083528 | AB50: =ROUND((AC50+AD50+AF50),2) -> 4213.95 | AC50: =ROUND((ES50),2) -> 3992.2 | AD50: =ROUND(((((ET50*1.25))-((EU50*1.25)))+AE50),2) -> 13.89 | AE50: =ROUND(((EU50*1.25)),2) -> 2.85 | AF50: =ROUND(((EV50*1.15)),2) -> 207.86 | AG50: =ROUND((AP50),2) -> 0 | AH50: =((EW50*1.15)) -> 24.3685 | AI50: =((EX50*1.25)) -> 0.2375 | AJ50: =ROUND((AS50),2) -> 0 | AK50: 4184.06 | AL50: 3992.2 | AM50: 11.11 | AN50: 2.28 | AO50: 180.75 | AP50: 0 | AQ50: 21.19 | AR50: 0.19 | AS50: 0 | AT50: 106 | AU50: 54 | AV50: 1 | AW50: 1 | AZ50: 6.53 | BA50: 6.53 | BB50: 6.53 | BC50: 6.53 | BH50: 0 | BI50: 1 | BJ50: ФЕР-2001, 10-01-035-01, приказ Минстроя России №1039/пр от 30.12.2016г. | BM50: 10001 | BN50: 0 | BP50: 0 | BQ50: 2 | BR50: 0 | BS50: 6.53 | BT50: 1 | BU50: 1 | BV50: 1 | BW50: 1 | BX50: 1 | BZ50: 118 | CA50: 63 | CF50: 0 | CG50: 0 | CM50: 0 | CN50: Поправка: МДС 81-35.2004, п.4.7 Наименование: Работы, выполняемые при реконструкции зданий и сооружений работы, аналогичные технологическим процессам в новом строительстве (в том числе возведение новых конструктивных элементов) стоимость которых определена по соответствующим сборникам ФЕР, кроме сборника № 46 «Работы при реконструкции зданий и сооружений» | CO50: 0 | CP50: =(P50+Q50+S50) -> 726.44 | CQ50: =AC50*BC50 -> 26069.066 | CR50: =AD50*BB50 -> 90.7017 | CS50: =AE50*BS50 -> 18.6105 | CT50: =AF50*BA50 -> 1357.3258 | CU50: =AG50 -> 0 | CV50: =AH50 -> 24.3685 | CW50: =AI50 -> 0.2375 | CX50: =AJ50 -> 0 | CY50: =(((S50+R50)*AT50)/100) -> 38.4992 | CZ50: =(((S50+R50)*AU50)/100) -> 19.6128 | DE50: )*1,25 | DF50: )*1,25 | DG50: )*1,15 | DI50: )*1,15 | DJ50: )*1,25 | DN50: 0 | DO50: 0 | DP50: 1 | DQ50: 1 | DU50: 1003 | DV50: 100 м | DW50: 100 м | DX50: 100 | EE50: 39174503 | EF50: 2 | EG50: Общестроительные работы | EH50: 0 | EJ50: 1 | EK50: 10001 | EL50: Деревянные конструкции | EM50: ФЕР-10 | EO50: Поправка: МДС 81-35.2004, п.4.7 | EQ50: 0 | ER50: 4184.06 | ES50: 3992.2 | ET50: 11.11 | EU50: 2.28 | EV50: 180.75 | EW50: 21.19 | EX50: 0.19 | EY50: 0 | FQ50: 0 | FR50: =ROUND(IF(AND(BH50=3,BI50=3),P50,0),2) -> 0 | FS50: 0 | FT50: *0,9 | FU50: *0,85 | FX50: 106.2 | FY50: 53.55 | GD50: 0 | GF50: 756108961 | GG50: 1 | GH50: 1 | GI50: 4 | GJ50: 0 | GK50: =ROUND(R50*(R12)/100,2) -> 0 | GL50: =ROUND(IF(AND(BH50=3,BI50=3,FS50<>0),P50,0),2) -> 0 | GM50: =ROUND(O50+X50+Y50+GK50,2)+GX50 -> 784.55 | GN50: =IF(OR(BI50=0,BI50=1),ROUND(O50+X50+Y50+GK50,2),0) -> 784.55 | GO50: =IF(BI50=2,ROUND(O50+X50+Y50+GK50,2),0) -> 0 | GP50: =IF(BI50=4,ROUND(O50+X50+Y50+GK50,2)+GX50,0) -> 0 | GR50: 0 | GS50: 3 | GT50: 0 | GV50: =ROUND(GT50,2) -> 0 | GW50: 1 | GX50: =ROUND(GV50*GW50*I50,2) -> 0 | HA50: 0 | HB50: 0 | IK50: 0
A51: 18 | B51: 1 | C51: 67 | E51: 13,1 | F51: 11.3.03.01-0007 | G51: Доски подоконные ПВХ, шириной 400 мм | H51: м | I51: =I50*J51 -> 2.64 | J51: 100 | O51: =ROUND(CP51,2) -> 854.37 | P51: =ROUND(CQ51*I51,2) -> 854.37 | Q51: =ROUND(CR51*I51,2) -> 0 | R51: =ROUND(CS51*I51,2) -> 0 | S51: =ROUND(CT51*I51,2) -> 0 | T51: =ROUND(CU51*I51,2) -> 0 | U51: =CV51*I51 -> 0 | V51: =CW51*I51 -> 0 | W51: =ROUND(CX51*I51,2) -> 0 | X51: =ROUND(CY51,2) -> 0 | Y51: =ROUND(CZ51,2) -> 0 | AA51: 39083528 | AB51: =ROUND((AC51+AD51+AF51),2) -> 49.56 | AC51: =ROUND((ES51),2) -> 49.56 | AD51: =ROUND((((ET51)-(EU51))+AE51),2) -> 0 | AE51: =ROUND((EU51),2) -> 0 | AF51: =ROUND((EV51),2) -> 0 | AG51: =ROUND((AP51),2) -> 0 | AH51: =(EW51) -> 0 | AI51: =(EX51) -> 0 | AJ51: =ROUND((AS51),2) -> 0 | AK51: 49.56 | AL51: 49.56 | AM51: 0 | AN51: 0 | AO51: 0 | AP51: 0 | AQ51: 0 | AR51: 0 | AS51: 0 | AT51: 106 | AU51: 54 | AV51: 1 | AW51: 1 | AZ51: 6.53 | BA51: 1 | BB51: 1 | BC51: 6.53 | BH51: 3 | BI51: 1 | BJ51: ФССЦ-2001, 11.3.03.01-0007, приказ Минстроя России №1039/пр от 30.12.2016г. | BM51: 10001 | BN51: 0 | BP51: 0 | BQ51: 2 | BR51: 0 | BS51: 1 | BT51: 1 | BU51: 1 | BV51: 1 | BW51: 1 | BX51: 1 | BZ51: 118 | CA51: 63 | CF51: 0 | CG51: 0 | CM51: 0 | CO51: 0 | CP51: =(P51+Q51+S51) -> 854.37 | CQ51: =AC51*BC51 -> 323.6268 | CR51: =AD51*BB51 -> 0 | CS51: =AE51*BS51 -> 0 | CT51: =AF51*BA51 -> 0 | CU51: =AG51 -> 0 | CV51: =AH51 -> 0 | CW51: =AI51 -> 0 | CX51: =AJ51 -> 0 | CY51: =(((S51+R51)*AT51)/100) -> 0 | CZ51: =(((S51+R51)*AU51)/100) -> 0 | DN51: 0 | DO51: 0 | DP51: 1 | DQ51: 1 | DU51: 1003 | DV51: м | DW51: м | DX51: 1 | EE51: 39174503 | EF51: 2 | EG51: Общестроительные работы | EH51: 0 | EJ51: 1 | EK51: 10001 | EL51: Деревянные конструкции | EM51: ФЕР-10 | EQ51: 0 | ER51: 49.56 | ES51: 49.56 | ET51: 0 | EU51: 0 | EV51: 0 | EW51: 0 | EX51: 0 | FQ51: 0 | FR51: =ROUND(IF(AND(BH51=3,BI51=3),P51,0),2) -> 0 | FS51: 0 | FT51: *0,9 | FU51: *0,85 | FX51: 106.2 | FY51: 53.55 | GD51: 0 | GF51: -451614110 | GG51: 1 | GH51: 1 | GI51: 4 | GJ51: 0 | GK51: =ROUND(R51*(R12)/100,2) -> 0 | GL51: =ROUND(IF(AND(BH51=3,BI51=3,FS51<>0),P51,0),2) -> 0 | GM51: =ROUND(O51+X51+Y51+GK51,2)+GX51 -> 854.37 | GN51: =IF(OR(BI51=0,BI51=1),ROUND(O51+X51+Y51+GK51,2),0) -> 854.37 | GO51: =IF(BI51=2,ROUND(O51+X51+Y51+GK51,2),0) -> 0 | GP51: =IF(BI51=4,ROUND(O51+X51+Y51+GK51,2)+GX51,0) -> 0 | GR51: 0 | GS51: 3 | GT51: 0 | GV51: =ROUND(GT51,2) -> 0 | GW51: 1 | GX51: =ROUND(GV51*GW51*I51,2) -> 0 | HA51: 0 | HB51: 0 | IK51: 0
A52: 17 | B52: 1 | C52: =ROW(SmtRes!A76) -> 76 | D52: =ROW(EtalonRes!A74) -> 74 | E52: 14 | F52: 15-04-006-03 | G52: Покрытие поверхностей грунтовкой глубокого проникновения за 1 раз стен | H52: 100 м2 | I52: =ROUND(210.8/100,9) -> 2.108 | J52: 0 | O52: =ROUND(CP52,2) -> 1016.7 | P52: =ROUND(CQ52*I52,2) -> 2.48 | Q52: =ROUND(CR52*I52,2) -> 16.79 | R52: =ROUND(CS52*I52,2) -> 4.54 | S52: =ROUND(CT52*I52,2) -> 997.43 | T52: =ROUND(CU52*I52,2) -> 0 | U52: =CV52*I52 -> 15.87851 | V52: =CW52*I52 -> 0.0527 | W52: =ROUND(CX52*I52,2) -> 0 | X52: =ROUND(CY52,2) -> 951.87 | Y52: =ROUND(CZ52,2) -> 470.93 | AA52: 39083528 | AB52: =ROUND((AC52+AD52+AF52),2) -> 73.86 | AC52: =ROUND((ES52),2) -> 0.18 | AD52: =ROUND(((((ET52*1.25))-((EU52*1.25)))+AE52),2) -> 1.22 | AE52: =ROUND(((EU52*1.25)),2) -> 0.33 | AF52: =ROUND(((EV52*1.15)),2) -> 72.46 | AG52: =ROUND((AP52),2) -> 0 | AH52: =((EW52*1.15)) -> 7.5325 | AI52: =((EX52*1.25)) -> 0.025 | AJ52: =ROUND((AS52),2) -> 0 | AK52: 64.16 | AL52: 0.18 | AM52: 0.97 | AN52: 0.26 | AO52: 63.01 | AP52: 0 | AQ52: 6.55 | AR52: 0.02 | AS52: 0 | AT52: 95 | AU52: 47 | AV52: 1 | AW52: 1 | AZ52: 6.53 | BA52: 6.53 | BB52: 6.53 | BC52: 6.53 | BH52: 0 | BI52: 1 | BJ52: ФЕР-2001, 15-04-006-03, приказ Минстроя России №1039/пр от 30.12.2016г. | BM52: 15001 | BN52: 0 | BP52: 0 | BQ52: 2 | BR52: 0 | BS52: 6.53 | BT52: 1 | BU52: 1 | BV52: 1 | BW52: 1 | BX52: 1 | BZ52: 105 | CA52: 55 | CF52: 0 | CG52: 0 | CM52: 0 | CN52: Поправка: МДС 81-35.2004, п.4.7 Наименование: Работы, выполняемые при реконструкции зданий и сооружений работы, аналогичные технологическим процессам в новом строительстве (в том числе возведение новых конструктивных элементов) стоимость которых определена по соответствующим сборникам ФЕР, кроме сборника № 46 «Работы при реконструкции зданий и сооружений» | CO52: 0 | CP52: =(P52+Q52+S52) -> 1016.7 | CQ52: =AC52*BC52 -> 1.1754 | CR52: =AD52*BB52 -> 7.9666 | CS52: =AE52*BS52 -> 2.1549 | CT52: =AF52*BA52 -> 473.1638 | CU52: =AG52 -> 0 | CV52: =AH52 -> 7.5325 | CW52: =AI52 -> 0.025 | CX52: =AJ52 -> 0 | CY52: =(((S52+R52)*AT52)/100) -> 951.8715 | CZ52: =(((S52+R52)*AU52)/100) -> 470.9259 | DE52: )*1,25 | DF52: )*1,25 | DG52: )*1,15 | DI52: )*1,15 | DJ52: )*1,25 | DN52: 0 | DO52: 0 | DP52: 1 | DQ52: 1 | DU52: 1005 | DV52: 100 м2 | DW52: 100 м2 | DX52: 100 | EE52: 39174529 | EF52: 2 | EG52: Общестроительные работы | EH52: 0 | EJ52: 1 | EK52: 15001 | EL52: Отделочные работы | EM52: ФЕР-15 | EO52: Поправка: МДС 81-35.2004, п.4.7 | EQ52: 0 | ER52: 64.16 | ES52: 0.18 | ET52: 0.97 | EU52: 0.26 | EV52: 63.01 | EW52: 6.55 | EX52: 0.02 | EY52: 0 | FQ52: 0 | FR52: =ROUND(IF(AND(BH52=3,BI52=3),P52,0),2) -> 0 | FS52: 0 | FT52: *0,9 | FU52: *0,85 | FX52: 94.5 | FY52: 46.75 | GD52: 0 | GF52: -2014629731 | GG52: 1 | GH52: 1 | GI52: 4 | GJ52: 0 | GK52: =ROUND(R52*(R12)/100,2) -> 0 | GL52: =ROUND(IF(AND(BH52=3,BI52=3,FS52<>0),P52,0),2) -> 0 | GM52: =ROUND(O52+X52+Y52+GK52,2)+GX52 -> 2439.5 | GN52: =IF(OR(BI52=0,BI52=1),ROUND(O52+X52+Y52+GK52,2),0) -> 2439.5 | GO52: =IF(BI52=2,ROUND(O52+X52+Y52+GK52,2),0) -> 0 | GP52: =IF(BI52=4,ROUND(O52+X52+Y52+GK52,2)+GX52,0) -> 0 | GR52: 0 | GS52: 3 | GT52: 0 | GV52: =ROUND(GT52,2) -> 0 | GW52: 1 | GX52: =ROUND(GV52*GW52*I52,2) -> 0 | HA52: 0 | HB52: 0 | IK52: 0
A53: 18 | B53: 1 | C53: 76 | E53: 14,1 | F53: 14.4.01.21 | G53: Грунтовка | H53: т | I53: =I52*J53 -> 0.027404 | J53: 0.013 | O53: =ROUND(CP53,2) -> 0 | P53: =ROUND(CQ53*I53,2) -> 0 | Q53: =ROUND(CR53*I53,2) -> 0 | R53: =ROUND(CS53*I53,2) -> 0 | S53: =ROUND(CT53*I53,2) -> 0 | T53: =ROUND(CU53*I53,2) -> 0 | U53: =CV53*I53 -> 0 | V53: =CW53*I53 -> 0 | W53: =ROUND(CX53*I53,2) -> 0 | X53: =ROUND(CY53,2) -> 0 | Y53: =ROUND(CZ53,2) -> 0 | AA53: 39083528 | AB53: =ROUND((AC53+AD53+AF53),2) -> 0 | AC53: =ROUND((ES53),2) -> 0 | AD53: =ROUND((((ET53)-(EU53))+AE53),2) -> 0 | AE53: =ROUND((EU53),2) -> 0 | AF53: =ROUND((EV53),2) -> 0 | AG53: =ROUND((AP53),2) -> 0 | AH53: =(EW53) -> 0 | AI53: =(EX53) -> 0 | AJ53: =ROUND((AS53),2) -> 0 | AK53: 0 | AL53: 0 | AM53: 0 | AN53: 0 | AO53: 0 | AP53: 0 | AQ53: 0 | AR53: 0 | AS53: 0 | AT53: 95 | AU53: 47 | AV53: 1 | AW53: 1 | AZ53: 6.53 | BA53: 1 | BB53: 1 | BC53: 6.53 | BH53: 3 | BI53: 1 | BM53: 15001 | BN53: 0 | BP53: 0 | BQ53: 2 | BR53: 0 | BS53: 1 | BT53: 1 | BU53: 1 | BV53: 1 | BW53: 1 | BX53: 1 | BZ53: 105 | CA53: 55 | CF53: 0 | CG53: 0 | CM53: 0 | CO53: 0 | CP53: =(P53+Q53+S53) -> 0 | CQ53: =AC53*BC53 -> 0 | CR53: =AD53*BB53 -> 0 | CS53: =AE53*BS53 -> 0 | CT53: =AF53*BA53 -> 0 | CU53: =AG53 -> 0 | CV53: =AH53 -> 0 | CW53: =AI53 -> 0 | CX53: =AJ53 -> 0 | CY53: =(((S53+R53)*AT53)/100) -> 0 | CZ53: =(((S53+R53)*AU53)/100) -> 0 | DN53: 0 | DO53: 0 | DP53: 1 | DQ53: 1 | DU53: 1009 | DV53: т | DW53: т | DX53: 1000 | EE53: 39174529 | EF53: 2 | EG53: Общестроительные работы | EH53: 0 | EJ53: 1 | EK53: 15001 | EL53: Отделочные работы | EM53: ФЕР-15 | EQ53: 0 | ER53: 0 | ES53: 0 | ET53: 0 | EU53: 0 | EV53: 0 | EW53: 0 | EX53: 0 | FQ53: 0 | FR53: =ROUND(IF(AND(BH53=3,BI53=3),P53,0),2) -> 0 | FS53: 0 | FT53: *0,9 | FU53: *0,85 | FX53: 94.5 | FY53: 46.75 | GD53: 0 | GF53: -1212923053 | GG53: 1 | GH53: 1 | GI53: 4 | GJ53: 0 | GK53: =ROUND(R53*(R12)/100,2) -> 0 | GL53: =ROUND(IF(AND(BH53=3,BI53=3,FS53<>0),P53,0),2) -> 0 | GM53: =ROUND(O53+X53+Y53+GK53,2)+GX53 -> 0 | GN53: =IF(OR(BI53=0,BI53=1),ROUND(O53+X53+Y53+GK53,2),0) -> 0 | GO53: =IF(BI53=2,ROUND(O53+X53+Y53+GK53,2),0) -> 0 | GP53: =IF(BI53=4,ROUND(O53+X53+Y53+GK53,2)+GX53,0) -> 0 | GR53: 0 | GS53: 3 | GT53: 0 | GV53: =ROUND(GT53,2) -> 0 | GW53: 1 | GX53: =ROUND(GV53*GW53*I53,2) -> 0 | HA53: 0 | HB53: 0 | IK53: 0
A54: 18 | B54: 1 | C54: 75 | E54: 14,2 | F54: 14.4.01.02-0022 | G54: Грунтовка акриловая CAPAGRUND, адгезионная, CAPAROL | H54: л | I54: =I52*J54 -> 2.7404 | J54: 1.3 | O54: =ROUND(CP54,2) -> 1040.76 | P54: =ROUND(CQ54*I54,2) -> 1040.76 | Q54: =ROUND(CR54*I54,2) -> 0 | R54: =ROUND(CS54*I54,2) -> 0 | S54: =ROUND(CT54*I54,2) -> 0 | T54: =ROUND(CU54*I54,2) -> 0 | U54: =CV54*I54 -> 0 | V54: =CW54*I54 -> 0 | W54: =ROUND(CX54*I54,2) -> 0 | X54: =ROUND(CY54,2) -> 0 | Y54: =ROUND(CZ54,2) -> 0 | AA54: 39083528 | AB54: =ROUND((AC54+AD54+AF54),2) -> 58.16 | AC54: =ROUND((ES54),2) -> 58.16 | AD54: =ROUND((((ET54)-(EU54))+AE54),2) -> 0 | AE54: =ROUND((EU54),2) -> 0 | AF54: =ROUND((EV54),2) -> 0 | AG54: =ROUND((AP54),2) -> 0 | AH54: =(EW54) -> 0 | AI54: =(EX54) -> 0 | AJ54: =ROUND((AS54),2) -> 0 | AK54: 58.16 | AL54: 58.16 | AM54: 0 | AN54: 0 | AO54: 0 | AP54: 0 | AQ54: 0 | AR54: 0 | AS54: 0 | AT54: 95 | AU54: 47 | AV54: 1 | AW54: 1 | AZ54: 6.53 | BA54: 1 | BB54: 1 | BC54: 6.53 | BH54: 3 | BI54: 1 | BJ54: ФССЦ-2001, 14.4.01.02-0022, приказ Минстроя России №1039/пр от 30.12.2016г. | BM54: 15001 | BN54: 0 | BP54: 0 | BQ54: 2 | BR54: 0 | BS54: 1 | BT54: 1 | BU54: 1 | BV54: 1 | BW54: 1 | BX54: 1 | BZ54: 105 | CA54: 55 | CF54: 0 | CG54: 0 | CM54: 0 | CO54: 0 | CP54: =(P54+Q54+S54) -> 1040.76 | CQ54: =AC54*BC54 -> 379.7848 | CR54: =AD54*BB54 -> 0 | CS54: =AE54*BS54 -> 0 | CT54: =AF54*BA54 -> 0 | CU54: =AG54 -> 0 | CV54: =AH54 -> 0 | CW54: =AI54 -> 0 | CX54: =AJ54 -> 0 | CY54: =(((S54+R54)*AT54)/100) -> 0 | CZ54: =(((S54+R54)*AU54)/100) -> 0 | DN54: 0 | DO54: 0 | DP54: 1 | DQ54: 1 | DU54: 1002 | DV54: л | DW54: л | DX54: 1 | EE54: 39174529 | EF54: 2 | EG54: Общестроительные работы | EH54: 0 | EJ54: 1 | EK54: 15001 | EL54: Отделочные работы | EM54: ФЕР-15 | EQ54: 0 | ER54: 58.16 | ES54: 58.16 | ET54: 0 | EU54: 0 | EV54: 0 | EW54: 0 | EX54: 0 | FQ54: 0 | FR54: =ROUND(IF(AND(BH54=3,BI54=3),P54,0),2) -> 0 | FS54: 0 | FT54: *0,9 | FU54: *0,85 | FX54: 94.5 | FY54: 46.75 | GD54: 0 | GF54: -963013203 | GG54: 1 | GH54: 1 | GI54: 4 | GJ54: 0 | GK54: =ROUND(R54*(R12)/100,2) -> 0 | GL54: =ROUND(IF(AND(BH54=3,BI54=3,FS54<>0),P54,0),2) -> 0 | GM54: =ROUND(O54+X54+Y54+GK54,2)+GX54 -> 1040.76 | GN54: =IF(OR(BI54=0,BI54=1),ROUND(O54+X54+Y54+GK54,2),0) -> 1040.76 | GO54: =IF(BI54=2,ROUND(O54+X54+Y54+GK54,2),0) -> 0 | GP54: =IF(BI54=4,ROUND(O54+X54+Y54+GK54,2)+GX54,0) -> 0 | GR54: 0 | GS54: 3 | GT54: 0 | GV54: =ROUND(GT54,2) -> 0 | GW54: 1 | GX54: =ROUND(GV54*GW54*I54,2) -> 0 | HA54: 0 | HB54: 0 | IK54: 0
A55: 17 | B55: 1 | C55: =ROW(SmtRes!A81) -> 81 | D55: =ROW(EtalonRes!A80) -> 80 | E55: 15 | F55: 61-7-1 | G55: Ремонт штукатурки откосов внутри здания по камню и бетону цементно-песчаным раствором прямолинейных | H55: 100 м2 | I55: =ROUND(0.4/100,9) -> 0.004 | J55: 0 | O55: =ROUND(CP55,2) -> 150.24 | P55: =ROUND(CQ55*I55,2) -> 59.54 | Q55: =ROUND(CR55*I55,2) -> 0.95 | R55: =ROUND(CS55*I55,2) -> 0.41 | S55: =ROUND(CT55*I55,2) -> 89.75 | T55: =ROUND(CU55*I55,2) -> 0 | U55: =CV55*I55 -> 1.53224 | V55: =CW55*I55 -> 0.00464 | W55: =ROUND(CX55*I55,2) -> 0 | X55: =ROUND(CY55,2) -> 71.23 | Y55: =ROUND(CZ55,2) -> 45.08 | AA55: 39083528 | AB55: =ROUND((AC55+AD55+AF55),2) -> 5751.96 | AC55: =ROUND((ES55),2) -> 2279.65 | AD55: =ROUND((((ET55)-(EU55))+AE55),2) -> 36.26 | AE55: =ROUND((EU55),2) -> 15.66 | AF55: =ROUND((EV55),2) -> 3436.05 | AG55: =ROUND((AP55),2) -> 0 | AH55: =(EW55) -> 383.06 | AI55: =(EX55) -> 1.16 | AJ55: =ROUND((AS55),2) -> 0 | AK55: 5751.96 | AL55: 2279.65 | AM55: 36.26 | AN55: 15.66 | AO55: 3436.05 | AP55: 0 | AQ55: 383.06 | AR55: 1.16 | AS55: 0 | AT55: 79 | AU55: 50 | AV55: 1 | AW55: 1 | AZ55: 6.53 | BA55: 6.53 | BB55: 6.53 | BC55: 6.53 | BH55: 0 | BI55: 1 | BJ55: ФЕР-2001, 61-7-1, приказ Минстроя России №1039/пр от 30.12.2016г. | BM55: 61001 | BN55: 0 | BP55: 0 | BQ55: 6 | BR55: 0 | BS55: 6.53 | BT55: 1 | BU55: 1 | BV55: 1 | BW55: 1 | BX55: 1 | BZ55: 79 | CA55: 50 | CF55: 0 | CG55: 0 | CM55: 0 | CO55: 0 | CP55: =(P55+Q55+S55) -> 150.24 | CQ55: =AC55*BC55 -> 14886.115 | CR55: =AD55*BB55 -> 236.7778 | CS55: =AE55*BS55 -> 102.2598 | CT55: =AF55*BA55 -> 22437.407 | CU55: =AG55 -> 0 | CV55: =AH55 -> 383.06 | CW55: =AI55 -> 1.16 | CX55: =AJ55 -> 0 | CY55: =(((S55+R55)*AT55)/100) -> 71.2264 | CZ55: =(((S55+R55)*AU55)/100) -> 45.08 | DN55: 0 | DO55: 0 | DP55: 1 | DQ55: 1 | DU55: 1005 | DV55: 100 м2 | DW55: 100 м2 | DX55: 100 | EE55: 39174586 | EF55: 6 | EG55: Ремонтно-строительные работы | EH55: 0 | EJ55: 1 | EK55: 61001 | EL55: Штукатрурные работы | EM55: рФЕР-61 | EQ55: 0 | ER55: 5751.96 | ES55: 2279.65 | ET55: 36.26 | EU55: 15.66 | EV55: 3436.05 | EW55: 383.06 | EX55: 1.16 | EY55: 0 | FQ55: 0 | FR55: =ROUND(IF(AND(BH55=3,BI55=3),P55,0),2) -> 0 | FS55: 0 | FX55: 79 | FY55: 50 | GD55: 0 | GF55: 1273700319 | GG55: 1 | GH55: 1 | GI55: 4 | GJ55: 0 | GK55: =ROUND(R55*(R12)/100,2) -> 0 | GL55: =ROUND(IF(AND(BH55=3,BI55=3,FS55<>0),P55,0),2) -> 0 | GM55: =ROUND(O55+X55+Y55+GK55,2)+GX55 -> 266.55 | GN55: =IF(OR(BI55=0,BI55=1),ROUND(O55+X55+Y55+GK55,2),0) -> 266.55 | GO55: =IF(BI55=2,ROUND(O55+X55+Y55+GK55,2),0) -> 0 | GP55: =IF(BI55=4,ROUND(O55+X55+Y55+GK55,2)+GX55,0) -> 0 | GR55: 0 | GS55: 3 | GT55: 0 | GV55: =ROUND(GT55,2) -> 0 | GW55: 1 | GX55: =ROUND(GV55*GW55*I55,2) -> 0 | HA55: 0 | HB55: 0 | IK55: 0
A56: 17 | B56: 1 | C56: =ROW(SmtRes!A89) -> 89 | D56: =ROW(EtalonRes!A88) -> 88 | E56: 16 | F56: 15-02-016-03 | G56: Штукатурка поверхностей внутри здания цементно-известковым или цементным раствором по камню и бетону улучшенная стен | H56: 100 м2 | I56: =ROUND(210.8/100,9) -> 2.108 | J56: 0 | O56: =ROUND(CP56,2) -> 30112.43 | P56: =ROUND(CQ56*I56,2) -> 15560.23 | Q56: =ROUND(CR56*I56,2) -> 1778.88 | R56: =ROUND(CS56*I56,2) -> 1030.74 | S56: =ROUND(CT56*I56,2) -> 12773.32 | T56: =ROUND(CU56*I56,2) -> 0 | U56: =CV56*I56 -> 208.09333 | V56: =CW56*I56 -> 16.57415 | W56: =ROUND(CX56*I56,2) -> 0 | X56: =ROUND(CY56,2) -> 13113.86 | Y56: =ROUND(CZ56,2) -> 6487.91 | AA56: 39083528 | AB56: =ROUND((AC56+AD56+AF56),2) -> 2187.57 | AC56: =ROUND((ES56),2) -> 1130.4 | AD56: =ROUND(((((ET56*1.25))-((EU56*1.25)))+AE56),2) -> 129.23 | AE56: =ROUND(((EU56*1.25)),2) -> 74.88 | AF56: =ROUND(((EV56*1.15)),2) -> 927.94 | AG56: =ROUND((AP56),2) -> 0 | AH56: =((EW56*1.15)) -> 98.716 | AI56: =((EX56*1.25)) -> 7.8625 | AJ56: =ROUND((AS56),2) -> 0 | AK56: 2040.68 | AL56: 1130.4 | AM56: 103.38 | AN56: 59.9 | AO56: 806.9 | AP56: 0 | AQ56: 85.84 | AR56: 6.29 | AS56: 0 | AT56: 95 | AU56: 47 | AV56: 1 | AW56: 1 | AZ56: 6.53 | BA56: 6.53 | BB56: 6.53 | BC56: 6.53 | BH56: 0 | BI56: 1 | BJ56: ФЕР-2001, 15-02-016-03, приказ Минстроя России №1039/пр от 30.12.2016г. | BM56: 15001 | BN56: 0 | BP56: 0 | BQ56: 2 | BR56: 0 | BS56: 6.53 | BT56: 1 | BU56: 1 | BV56: 1 | BW56: 1 | BX56: 1 | BZ56: 105 | CA56: 55 | CF56: 0 | CG56: 0 | CM56: 0 | CN56: Поправка: МДС 81-35.2004, п.4.7 Наименование: Работы, выполняемые при реконструкции зданий и сооружений работы, аналогичные технологическим процессам в новом строительстве (в том числе возведение новых конструктивных элементов) стоимость которых определена по соответствующим сборникам ФЕР, кроме сборника № 46 «Работы при реконструкции зданий и сооружений» | CO56: 0 | CP56: =(P56+Q56+S56) -> 30112.43 | CQ56: =AC56*BC56 -> 7381.512 | CR56: =AD56*BB56 -> 843.8719 | CS56: =AE56*BS56 -> 488.9664 | CT56: =AF56*BA56 -> 6059.4482 | CU56: =AG56 -> 0 | CV56: =AH56 -> 98.716 | CW56: =AI56 -> 7.8625 | CX56: =AJ56 -> 0 | CY56: =(((S56+R56)*AT56)/100) -> 13113.857 | CZ56: =(((S56+R56)*AU56)/100) -> 6487.9082 | DE56: )*1,25 | DF56: )*1,25 | DG56: )*1,15 | DI56: )*1,15 | DJ56: )*1,25 | DN56: 0 | DO56: 0 | DP56: 1 | DQ56: 1 | DU56: 1005 | DV56: 100 м2 | DW56: 100 м2 | DX56: 100 | EE56: 39174529 | EF56: 2 | EG56: Общестроительные работы | EH56: 0 | EJ56: 1 | EK56: 15001 | EL56: Отделочные работы | EM56: ФЕР-15 | EO56: Поправка: МДС 81-35.2004, п.4.7 | EQ56: 0 | ER56: 2040.68 | ES56: 1130.4 | ET56: 103.38 | EU56: 59.9 | EV56: 806.9 | EW56: 85.84 | EX56: 6.29 | EY56: 0 | FQ56: 0 | FR56: =ROUND(IF(AND(BH56=3,BI56=3),P56,0),2) -> 0 | FS56: 0 | FT56: *0,9 | FU56: *0,85 | FX56: 94.5 | FY56: 46.75 | GD56: 0 | GF56: 2119154356 | GG56: 1 | GH56: 1 | GI56: 4 | GJ56: 0 | GK56: =ROUND(R56*(R12)/100,2) -> 0 | GL56: =ROUND(IF(AND(BH56=3,BI56=3,FS56<>0),P56,0),2) -> 0 | GM56: =ROUND(O56+X56+Y56+GK56,2)+GX56 -> 49714.2 | GN56: =IF(OR(BI56=0,BI56=1),ROUND(O56+X56+Y56+GK56,2),0) -> 49714.2 | GO56: =IF(BI56=2,ROUND(O56+X56+Y56+GK56,2),0) -> 0 | GP56: =IF(BI56=4,ROUND(O56+X56+Y56+GK56,2)+GX56,0) -> 0 | GR56: 0 | GS56: 3 | GT56: 0 | GV56: =ROUND(GT56,2) -> 0 | GW56: 1 | GX56: =ROUND(GV56*GW56*I56,2) -> 0 | HA56: 0 | HB56: 0 | IK56: 0
A57: 17 | B57: 1 | C57: =ROW(SmtRes!A97) -> 97 | D57: =ROW(EtalonRes!A96) -> 96 | E57: 17 | F57: 15-01-050-04 | G57: Облицовка оконных и дверных откосов декоративным бумажно-слоистым пластиком или листами из синтетических материалов на клее | H57: 100 м2 | I57: =ROUND(1.96/100,9) -> 0.0196 | J57: 0 | O57: =ROUND(CP57,2) -> 230.64 | P57: =ROUND(CQ57*I57,2) -> 0.05 | Q57: =ROUND(CR57*I57,2) -> 5.66 | R57: =ROUND(CS57*I57,2) -> 1.1 | S57: =ROUND(CT57*I57,2) -> 224.93 | T57: =ROUND(CU57*I57,2) -> 0 | U57: =CV57*I57 -> 3.7522338 | V57: =CW57*I57 -> 0.01421 | W57: =ROUND(CX57*I57,2) -> 0 | X57: =ROUND(CY57,2) -> 214.73 | Y57: =ROUND(CZ57,2) -> 106.23 | AA57: 39083528 | AB57: =ROUND((AC57+AD57+AF57),2) -> 1801.98 | AC57: =ROUND((ES57),2) -> 0.36 | AD57: =ROUND(((((ET57*1.25))-((EU57*1.25)))+AE57),2) -> 44.2 | AE57: =ROUND(((EU57*1.25)),2) -> 8.6 | AF57: =ROUND(((EV57*1.15)),2) -> 1757.42 | AG57: =ROUND((AP57),2) -> 0 | AH57: =((EW57*1.15)) -> 191.4405 | AI57: =((EX57*1.25)) -> 0.725 | AJ57: =ROUND((AS57),2) -> 0 | AK57: 1563.91 | AL57: 0.36 | AM57: 35.36 | AN57: 6.88 | AO57: 1528.19 | AP57: 0 | AQ57: 166.47 | AR57: 0.58 | AS57: 0 | AT57: 95 | AU57: 47 | AV57: 1 | AW57: 1 | AZ57: 6.53 | BA57: 6.53 | BB57: 6.53 | BC57: 6.53 | BH57: 0 | BI57: 1 | BJ57: ФЕР-2001, 15-01-050-04, приказ Минстроя России №1039/пр от 30.12.2016г. | BM57: 15001 | BN57: 0 | BP57: 0 | BQ57: 2 | BR57: 0 | BS57: 6.53 | BT57: 1 | BU57: 1 | BV57: 1 | BW57: 1 | BX57: 1 | BZ57: 105 | CA57: 55 | CF57: 0 | CG57: 0 | CM57: 0 | CN57: Поправка: МДС 81-35.2004, п.4.7 Наименование: Работы, выполняемые при реконструкции зданий и сооружений работы, аналогичные технологическим процессам в новом строительстве (в том числе возведение новых конструктивных элементов) стоимость которых определена по соответствующим сборникам ФЕР, кроме сборника № 46 «Работы при реконструкции зданий и сооружений» | CO57: 0 | CP57: =(P57+Q57+S57) -> 230.64 | CQ57: =AC57*BC57 -> 2.3508 | CR57: =AD57*BB57 -> 288.626 | CS57: =AE57*BS57 -> 56.158 | CT57: =AF57*BA57 -> 11475.953 | CU57: =AG57 -> 0 | CV57: =AH57 -> 191.4405 | CW57: =AI57 -> 0.725 | CX57: =AJ57 -> 0 | CY57: =(((S57+R57)*AT57)/100) -> 214.7285 | CZ57: =(((S57+R57)*AU57)/100) -> 106.2341 | DE57: )*1,25 | DF57: )*1,25 | DG57: )*1,15 | DI57: )*1,15 | DJ57: )*1,25 | DN57: 0 | DO57: 0 | DP57: 1 | DQ57: 1 | DU57: 1005 | DV57: 100 м2 | DW57: 100 м2 | DX57: 100 | EE57: 39174529 | EF57: 2 | EG57: Общестроительные работы | EH57: 0 | EJ57: 1 | EK57: 15001 | EL57: Отделочные работы | EM57: ФЕР-15 | EO57: Поправка: МДС 81-35.2004, п.4.7 | EQ57: 0 | ER57: 1563.91 | ES57: 0.36 | ET57: 35.36 | EU57: 6.88 | EV57: 1528.19 | EW57: 166.47 | EX57: 0.58 | EY57: 0 | FQ57: 0 | FR57: =ROUND(IF(AND(BH57=3,BI57=3),P57,0),2) -> 0 | FS57: 0 | FT57: *0,9 | FU57: *0,85 | FX57: 94.5 | FY57: 46.75 | GD57: 0 | GF57: 251333065 | GG57: 1 | GH57: 1 | GI57: 4 | GJ57: 0 | GK57: =ROUND(R57*(R12)/100,2) -> 0 | GL57: =ROUND(IF(AND(BH57=3,BI57=3,FS57<>0),P57,0),2) -> 0 | GM57: =ROUND(O57+X57+Y57+GK57,2)+GX57 -> 551.6 | GN57: =IF(OR(BI57=0,BI57=1),ROUND(O57+X57+Y57+GK57,2),0) -> 551.6 | GO57: =IF(BI57=2,ROUND(O57+X57+Y57+GK57,2),0) -> 0 | GP57: =IF(BI57=4,ROUND(O57+X57+Y57+GK57,2)+GX57,0) -> 0 | GR57: 0 | GS57: 3 | GT57: 0 | GV57: =ROUND(GT57,2) -> 0 | GW57: 1 | GX57: =ROUND(GV57*GW57*I57,2) -> 0 | HA57: 0 | HB57: 0 | IK57: 0
A58: 18 | B58: 1 | C58: 94 | E58: 17,1 | F58: 01.6.01.11 | G58: Листы облицовочные декоративные | H58: м2 | I58: =I57*J58 -> 2.058 | J58: 105 | O58: =ROUND(CP58,2) -> 0 | P58: =ROUND(CQ58*I58,2) -> 0 | Q58: =ROUND(CR58*I58,2) -> 0 | R58: =ROUND(CS58*I58,2) -> 0 | S58: =ROUND(CT58*I58,2) -> 0 | T58: =ROUND(CU58*I58,2) -> 0 | U58: =CV58*I58 -> 0 | V58: =CW58*I58 -> 0 | W58: =ROUND(CX58*I58,2) -> 0 | X58: =ROUND(CY58,2) -> 0 | Y58: =ROUND(CZ58,2) -> 0 | AA58: 39083528 | AB58: =ROUND((AC58+AD58+AF58),2) -> 0 | AC58: =ROUND((ES58),2) -> 0 | AD58: =ROUND((((ET58)-(EU58))+AE58),2) -> 0 | AE58: =ROUND((EU58),2) -> 0 | AF58: =ROUND((EV58),2) -> 0 | AG58: =ROUND((AP58),2) -> 0 | AH58: =(EW58) -> 0 | AI58: =(EX58) -> 0 | AJ58: =ROUND((AS58),2) -> 0 | AK58: 0 | AL58: 0 | AM58: 0 | AN58: 0 | AO58: 0 | AP58: 0 | AQ58: 0 | AR58: 0 | AS58: 0 | AT58: 95 | AU58: 47 | AV58: 1 | AW58: 1 | AZ58: 6.53 | BA58: 1 | BB58: 1 | BC58: 6.53 | BH58: 3 | BI58: 1 | BM58: 15001 | BN58: 0 | BP58: 0 | BQ58: 2 | BR58: 0 | BS58: 1 | BT58: 1 | BU58: 1 | BV58: 1 | BW58: 1 | BX58: 1 | BZ58: 105 | CA58: 55 | CF58: 0 | CG58: 0 | CM58: 0 | CO58: 0 | CP58: =(P58+Q58+S58) -> 0 | CQ58: =AC58*BC58 -> 0 | CR58: =AD58*BB58 -> 0 | CS58: =AE58*BS58 -> 0 | CT58: =AF58*BA58 -> 0 | CU58: =AG58 -> 0 | CV58: =AH58 -> 0 | CW58: =AI58 -> 0 | CX58: =AJ58 -> 0 | CY58: =(((S58+R58)*AT58)/100) -> 0 | CZ58: =(((S58+R58)*AU58)/100) -> 0 | DN58: 0 | DO58: 0 | DP58: 1 | DQ58: 1 | DU58: 1005 | DV58: м2 | DW58: м2 | DX58: 1 | EE58: 39174529 | EF58: 2 | EG58: Общестроительные работы | EH58: 0 | EJ58: 1 | EK58: 15001 | EL58: Отделочные работы | EM58: ФЕР-15 | EQ58: 0 | ER58: 0 | ES58: 0 | ET58: 0 | EU58: 0 | EV58: 0 | EW58: 0 | EX58: 0 | FQ58: 0 | FR58: =ROUND(IF(AND(BH58=3,BI58=3),P58,0),2) -> 0 | FS58: 0 | FT58: *0,9 | FU58: *0,85 | FX58: 94.5 | FY58: 46.75 | GD58: 0 | GF58: -112006704 | GG58: 1 | GH58: 1 | GI58: 4 | GJ58: 0 | GK58: =ROUND(R58*(R12)/100,2) -> 0 | GL58: =ROUND(IF(AND(BH58=3,BI58=3,FS58<>0),P58,0),2) -> 0 | GM58: =ROUND(O58+X58+Y58+GK58,2)+GX58 -> 0 | GN58: =IF(OR(BI58=0,BI58=1),ROUND(O58+X58+Y58+GK58,2),0) -> 0 | GO58: =IF(BI58=2,ROUND(O58+X58+Y58+GK58,2),0) -> 0 | GP58: =IF(BI58=4,ROUND(O58+X58+Y58+GK58,2)+GX58,0) -> 0 | GR58: 0 | GS58: 3 | GT58: 0 | GV58: =ROUND(GT58,2) -> 0 | GW58: 1 | GX58: =ROUND(GV58*GW58*I58,2) -> 0 | HA58: 0 | HB58: 0 | IK58: 0
A59: 18 | B59: 1 | C59: 96 | E59: 17,2 | F59: 11.3.03.05-0011 | G59: Сэндвич-панели для откосов (наружные слои – листы из поливинилхлорида, внутреннее наполнение – вспененный пенополистирол) белые, ширина 1,5 м, длина 3,0 м, толщина 10 мм | H59: м2 | I59: =I57*J59 -> 2.058 | J59: 105 | O59: =ROUND(CP59,2) -> 795.04 | P59: =ROUND(CQ59*I59,2) -> 795.04 | Q59: =ROUND(CR59*I59,2) -> 0 | R59: =ROUND(CS59*I59,2) -> 0 | S59: =ROUND(CT59*I59,2) -> 0 | T59: =ROUND(CU59*I59,2) -> 0 | U59: =CV59*I59 -> 0 | V59: =CW59*I59 -> 0 | W59: =ROUND(CX59*I59,2) -> 0 | X59: =ROUND(CY59,2) -> 0 | Y59: =ROUND(CZ59,2) -> 0 | AA59: 39083528 | AB59: =ROUND((AC59+AD59+AF59),2) -> 59.16 | AC59: =ROUND((ES59),2) -> 59.16 | AD59: =ROUND((((ET59)-(EU59))+AE59),2) -> 0 | AE59: =ROUND((EU59),2) -> 0 | AF59: =ROUND((EV59),2) -> 0 | AG59: =ROUND((AP59),2) -> 0 | AH59: =(EW59) -> 0 | AI59: =(EX59) -> 0 | AJ59: =ROUND((AS59),2) -> 0 | AK59: 59.16 | AL59: 59.16 | AM59: 0 | AN59: 0 | AO59: 0 | AP59: 0 | AQ59: 0 | AR59: 0 | AS59: 0 | AT59: 95 | AU59: 47 | AV59: 1 | AW59: 1 | AZ59: 6.53 | BA59: 1 | BB59: 1 | BC59: 6.53 | BH59: 3 | BI59: 1 | BJ59: ФССЦ-2001, 11.3.03.05-0011, приказ Минстроя России №1039/пр от 30.12.2016г. | BM59: 15001 | BN59: 0 | BP59: 0 | BQ59: 2 | BR59: 0 | BS59: 1 | BT59: 1 | BU59: 1 | BV59: 1 | BW59: 1 | BX59: 1 | BZ59: 105 | CA59: 55 | CF59: 0 | CG59: 0 | CM59: 0 | CO59: 0 | CP59: =(P59+Q59+S59) -> 795.04 | CQ59: =AC59*BC59 -> 386.3148 | CR59: =AD59*BB59 -> 0 | CS59: =AE59*BS59 -> 0 | CT59: =AF59*BA59 -> 0 | CU59: =AG59 -> 0 | CV59: =AH59 -> 0 | CW59: =AI59 -> 0 | CX59: =AJ59 -> 0 | CY59: =(((S59+R59)*AT59)/100) -> 0 | CZ59: =(((S59+R59)*AU59)/100) -> 0 | DN59: 0 | DO59: 0 | DP59: 1 | DQ59: 1 | DU59: 1005 | DV59: м2 | DW59: м2 | DX59: 1 | EE59: 39174529 | EF59: 2 | EG59: Общестроительные работы | EH59: 0 | EJ59: 1 | EK59: 15001 | EL59: Отделочные работы | EM59: ФЕР-15 | EQ59: 0 | ER59: 59.16 | ES59: 59.16 | ET59: 0 | EU59: 0 | EV59: 0 | EW59: 0 | EX59: 0 | FQ59: 0 | FR59: =ROUND(IF(AND(BH59=3,BI59=3),P59,0),2) -> 0 | FS59: 0 | FT59: *0,9 | FU59: *0,85 | FX59: 94.5 | FY59: 46.75 | GD59: 0 | GF59: -724546537 | GG59: 1 | GH59: 1 | GI59: 4 | GJ59: 0 | GK59: =ROUND(R59*(R12)/100,2) -> 0 | GL59: =ROUND(IF(AND(BH59=3,BI59=3,FS59<>0),P59,0),2) -> 0 | GM59: =ROUND(O59+X59+Y59+GK59,2)+GX59 -> 795.04 | GN59: =IF(OR(BI59=0,BI59=1),ROUND(O59+X59+Y59+GK59,2),0) -> 795.04 | GO59: =IF(BI59=2,ROUND(O59+X59+Y59+GK59,2),0) -> 0 | GP59: =IF(BI59=4,ROUND(O59+X59+Y59+GK59,2)+GX59,0) -> 0 | GR59: 0 | GS59: 3 | GT59: 0 | GV59: =ROUND(GT59,2) -> 0 | GW59: 1 | GX59: =ROUND(GV59*GW59*I59,2) -> 0 | HA59: 0 | HB59: 0 | IK59: 0
A60: 18 | B60: 1 | C60: 97 | E60: 17,3 | F60: 14.1.02.03-0002 | G60: Клей ПВА | H60: кг | I60: =I57*J60 -> 0.588 | J60: 30 | O60: =ROUND(CP60,2) -> 61.05 | P60: =ROUND(CQ60*I60,2) -> 61.05 | Q60: =ROUND(CR60*I60,2) -> 0 | R60: =ROUND(CS60*I60,2) -> 0 | S60: =ROUND(CT60*I60,2) -> 0 | T60: =ROUND(CU60*I60,2) -> 0 | U60: =CV60*I60 -> 0 | V60: =CW60*I60 -> 0 | W60: =ROUND(CX60*I60,2) -> 0 | X60: =ROUND(CY60,2) -> 0 | Y60: =ROUND(CZ60,2) -> 0 | AA60: 39083528 | AB60: =ROUND((AC60+AD60+AF60),2) -> 15.9 | AC60: =ROUND((ES60),2) -> 15.9 | AD60: =ROUND((((ET60)-(EU60))+AE60),2) -> 0 | AE60: =ROUND((EU60),2) -> 0 | AF60: =ROUND((EV60),2) -> 0 | AG60: =ROUND((AP60),2) -> 0 | AH60: =(EW60) -> 0 | AI60: =(EX60) -> 0 | AJ60: =ROUND((AS60),2) -> 0 | AK60: 15.9 | AL60: 15.9 | AM60: 0 | AN60: 0 | AO60: 0 | AP60: 0 | AQ60: 0 | AR60: 0 | AS60: 0 | AT60: 95 | AU60: 47 | AV60: 1 | AW60: 1 | AZ60: 6.53 | BA60: 1 | BB60: 1 | BC60: 6.53 | BH60: 3 | BI60: 1 | BJ60: ФССЦ-2001, 14.1.02.03-0002, приказ Минстроя России №1039/пр от 30.12.2016г. | BM60: 15001 | BN60: 0 | BP60: 0 | BQ60: 2 | BR60: 0 | BS60: 1 | BT60: 1 | BU60: 1 | BV60: 1 | BW60: 1 | BX60: 1 | BZ60: 105 | CA60: 55 | CF60: 0 | CG60: 0 | CM60: 0 | CO60: 0 | CP60: =(P60+Q60+S60) -> 61.05 | CQ60: =AC60*BC60 -> 103.827 | CR60: =AD60*BB60 -> 0 | CS60: =AE60*BS60 -> 0 | CT60: =AF60*BA60 -> 0 | CU60: =AG60 -> 0 | CV60: =AH60 -> 0 | CW60: =AI60 -> 0 | CX60: =AJ60 -> 0 | CY60: =(((S60+R60)*AT60)/100) -> 0 | CZ60: =(((S60+R60)*AU60)/100) -> 0 | DN60: 0 | DO60: 0 | DP60: 1 | DQ60: 1 | DU60: 1009 | DV60: кг | DW60: кг | DX60: 1 | EE60: 39174529 | EF60: 2 | EG60: Общестроительные работы | EH60: 0 | EJ60: 1 | EK60: 15001 | EL60: Отделочные работы | EM60: ФЕР-15 | EQ60: 0 | ER60: 15.9 | ES60: 15.9 | ET60: 0 | EU60: 0 | EV60: 0 | EW60: 0 | EX60: 0 | FQ60: 0 | FR60: =ROUND(IF(AND(BH60=3,BI60=3),P60,0),2) -> 0 | FS60: 0 | FT60: *0,9 | FU60: *0,85 | FX60: 94.5 | FY60: 46.75 | GD60: 0 | GF60: 1104462431 | GG60: 1 | GH60: 1 | GI60: 4 | GJ60: 0 | GK60: =ROUND(R60*(R12)/100,2) -> 0 | GL60: =ROUND(IF(AND(BH60=3,BI60=3,FS60<>0),P60,0),2) -> 0 | GM60: =ROUND(O60+X60+Y60+GK60,2)+GX60 -> 61.05 | GN60: =IF(OR(BI60=0,BI60=1),ROUND(O60+X60+Y60+GK60,2),0) -> 61.05 | GO60: =IF(BI60=2,ROUND(O60+X60+Y60+GK60,2),0) -> 0 | GP60: =IF(BI60=4,ROUND(O60+X60+Y60+GK60,2)+GX60,0) -> 0 | GR60: 0 | GS60: 3 | GT60: 0 | GV60: =ROUND(GT60,2) -> 0 | GW60: 1 | GX60: =ROUND(GV60*GW60*I60,2) -> 0 | HA60: 0 | HB60: 0 | IK60: 0
A61: 17 | B61: 1 | C61: =ROW(SmtRes!A100) -> 100 | D61: =ROW(EtalonRes!A99) -> 99 | E61: 18 | F61: 10-01-036-01 | G61: Установка уголков ПВХ на клее | H61: 100 м | I61: =ROUND(21.28/100,9) -> 0.2128 | J61: 0 | O61: =ROUND(CP61,2) -> 141.35 | P61: =ROUND(CQ61*I61,2) -> 50.03 | Q61: =ROUND(CR61*I61,2) -> 0 | R61: =ROUND(CS61*I61,2) -> 0 | S61: =ROUND(CT61*I61,2) -> 91.32 | T61: =ROUND(CU61*I61,2) -> 0 | U61: =CV61*I61 -> 1.639624 | V61: =CW61*I61 -> 0 | W61: =ROUND(CX61*I61,2) -> 0 | X61: =ROUND(CY61,2) -> 96.8 | Y61: =ROUND(CZ61,2) -> 49.31 | AA61: 39083528 | AB61: =ROUND((AC61+AD61+AF61),2) -> 101.72 | AC61: =ROUND((ES61),2) -> 36 | AD61: =ROUND(((((ET61*1.25))-((EU61*1.25)))+AE61),2) -> 0 | AE61: =ROUND(((EU61*1.25)),2) -> 0 | AF61: =ROUND(((EV61*1.15)),2) -> 65.72 | AG61: =ROUND((AP61),2) -> 0 | AH61: =((EW61*1.15)) -> 7.705 | AI61: =((EX61*1.25)) -> 0 | AJ61: =ROUND((AS61),2) -> 0 | AK61: 93.15 | AL61: 36 | AM61: 0 | AN61: 0 | AO61: 57.15 | AP61: 0 | AQ61: 6.7 | AR61: 0 | AS61: 0 | AT61: 106 | AU61: 54 | AV61: 1 | AW61: 1 | AZ61: 6.53 | BA61: 6.53 | BB61: 6.53 | BC61: 6.53 | BH61: 0 | BI61: 1 | BJ61: ФЕР-2001, 10-01-036-01, приказ Минстроя России №1039/пр от 30.12.2016г. | BM61: 10001 | BN61: 0 | BP61: 0 | BQ61: 2 | BR61: 0 | BS61: 6.53 | BT61: 1 | BU61: 1 | BV61: 1 | BW61: 1 | BX61: 1 | BZ61: 118 | CA61: 63 | CF61: 0 | CG61: 0 | CM61: 0 | CN61: Поправка: МДС 81-35.2004, п.4.7 Наименование: Работы, выполняемые при реконструкции зданий и сооружений работы, аналогичные технологическим процессам в новом строительстве (в том числе возведение новых конструктивных элементов) стоимость которых определена по соответствующим сборникам ФЕР, кроме сборника № 46 «Работы при реконструкции зданий и сооружений» | CO61: 0 | CP61: =(P61+Q61+S61) -> 141.35 | CQ61: =AC61*BC61 -> 235.08 | CR61: =AD61*BB61 -> 0 | CS61: =AE61*BS61 -> 0 | CT61: =AF61*BA61 -> 429.1516 | CU61: =AG61 -> 0 | CV61: =AH61 -> 7.705 | CW61: =AI61 -> 0 | CX61: =AJ61 -> 0 | CY61: =(((S61+R61)*AT61)/100) -> 96.7992 | CZ61: =(((S61+R61)*AU61)/100) -> 49.3128 | DE61: )*1,25 | DF61: )*1,25 | DG61: )*1,15 | DI61: )*1,15 | DJ61: )*1,25 | DN61: 0 | DO61: 0 | DP61: 1 | DQ61: 1 | DU61: 1003 | DV61: 100 м | DW61: 100 м | DX61: 100 | EE61: 39174503 | EF61: 2 | EG61: Общестроительные работы | EH61: 0 | EJ61: 1 | EK61: 10001 | EL61: Деревянные конструкции | EM61: ФЕР-10 | EO61: Поправка: МДС 81-35.2004, п.4.7 | EQ61: 0 | ER61: 93.15 | ES61: 36 | ET61: 0 | EU61: 0 | EV61: 57.15 | EW61: 6.7 | EX61: 0 | EY61: 0 | FQ61: 0 | FR61: =ROUND(IF(AND(BH61=3,BI61=3),P61,0),2) -> 0 | FS61: 0 | FT61: *0,9 | FU61: *0,85 | FX61: 106.2 | FY61: 53.55 | GD61: 0 | GF61: -1862938563 | GG61: 1 | GH61: 1 | GI61: 4 | GJ61: 0 | GK61: =ROUND(R61*(R12)/100,2) -> 0 | GL61: =ROUND(IF(AND(BH61=3,BI61=3,FS61<>0),P61,0),2) -> 0 | GM61: =ROUND(O61+X61+Y61+GK61,2)+GX61 -> 287.46 | GN61: =IF(OR(BI61=0,BI61=1),ROUND(O61+X61+Y61+GK61,2),0) -> 287.46 | GO61: =IF(BI61=2,ROUND(O61+X61+Y61+GK61,2),0) -> 0 | GP61: =IF(BI61=4,ROUND(O61+X61+Y61+GK61,2)+GX61,0) -> 0 | GR61: 0 | GS61: 3 | GT61: 0 | GV61: =ROUND(GT61,2) -> 0 | GW61: 1 | GX61: =ROUND(GV61*GW61*I61,2) -> 0 | HA61: 0 | HB61: 0 | IK61: 0
A62: 18 | B62: 1 | C62: 99 | E62: 18,1 | F62: 11.3.03.13-0043 | G62: Уголок ПВХ, размером 20х20 мм | H62: 10 м | I62: =I61*J62 -> 21.28 | J62: 100 | O62: =ROUND(CP62,2) -> 3557.34 | P62: =ROUND(CQ62*I62,2) -> 3557.34 | Q62: =ROUND(CR62*I62,2) -> 0 | R62: =ROUND(CS62*I62,2) -> 0 | S62: =ROUND(CT62*I62,2) -> 0 | T62: =ROUND(CU62*I62,2) -> 0 | U62: =CV62*I62 -> 0 | V62: =CW62*I62 -> 0 | W62: =ROUND(CX62*I62,2) -> 0 | X62: =ROUND(CY62,2) -> 0 | Y62: =ROUND(CZ62,2) -> 0 | AA62: 39083528 | AB62: =ROUND((AC62+AD62+AF62),2) -> 25.6 | AC62: =ROUND((ES62),2) -> 25.6 | AD62: =ROUND((((ET62)-(EU62))+AE62),2) -> 0 | AE62: =ROUND((EU62),2) -> 0 | AF62: =ROUND((EV62),2) -> 0 | AG62: =ROUND((AP62),2) -> 0 | AH62: =(EW62) -> 0 | AI62: =(EX62) -> 0 | AJ62: =ROUND((AS62),2) -> 0 | AK62: 25.6 | AL62: 25.6 | AM62: 0 | AN62: 0 | AO62: 0 | AP62: 0 | AQ62: 0 | AR62: 0 | AS62: 0 | AT62: 95 | AU62: 47 | AV62: 1 | AW62: 1 | AZ62: 6.53 | BA62: 1 | BB62: 1 | BC62: 6.53 | BH62: 3 | BI62: 1 | BJ62: ФССЦ-2001, 11.3.03.13-0043, приказ Минстроя России №1039/пр от 30.12.2016г. | BM62: 15001 | BN62: 0 | BP62: 0 | BQ62: 2 | BR62: 0 | BS62: 1 | BT62: 1 | BU62: 1 | BV62: 1 | BW62: 1 | BX62: 1 | BZ62: 105 | CA62: 55 | CF62: 0 | CG62: 0 | CM62: 0 | CO62: 0 | CP62: =(P62+Q62+S62) -> 3557.34 | CQ62: =AC62*BC62 -> 167.168 | CR62: =AD62*BB62 -> 0 | CS62: =AE62*BS62 -> 0 | CT62: =AF62*BA62 -> 0 | CU62: =AG62 -> 0 | CV62: =AH62 -> 0 | CW62: =AI62 -> 0 | CX62: =AJ62 -> 0 | CY62: =(((S62+R62)*AT62)/100) -> 0 | CZ62: =(((S62+R62)*AU62)/100) -> 0 | DN62: 0 | DO62: 0 | DP62: 1 | DQ62: 1 | DU62: 1003 | DV62: 10 м | DW62: 10 м | DX62: 10 | EE62: 39174529 | EF62: 2 | EG62: Общестроительные работы | EH62: 0 | EJ62: 1 | EK62: 15001 | EL62: Отделочные работы | EM62: ФЕР-15 | EQ62: 0 | ER62: 25.6 | ES62: 25.6 | ET62: 0 | EU62: 0 | EV62: 0 | EW62: 0 | EX62: 0 | FQ62: 0 | FR62: =ROUND(IF(AND(BH62=3,BI62=3),P62,0),2) -> 0 | FS62: 0 | FT62: *0,9 | FU62: *0,85 | FX62: 94.5 | FY62: 46.75 | GD62: 0 | GF62: 189188006 | GG62: 1 | GH62: 1 | GI62: 4 | GJ62: 0 | GK62: =ROUND(R62*(R12)/100,2) -> 0 | GL62: =ROUND(IF(AND(BH62=3,BI62=3,FS62<>0),P62,0),2) -> 0 | GM62: =ROUND(O62+X62+Y62+GK62,2)+GX62 -> 3557.34 | GN62: =IF(OR(BI62=0,BI62=1),ROUND(O62+X62+Y62+GK62,2),0) -> 3557.34 | GO62: =IF(BI62=2,ROUND(O62+X62+Y62+GK62,2),0) -> 0 | GP62: =IF(BI62=4,ROUND(O62+X62+Y62+GK62,2)+GX62,0) -> 0 | GR62: 0 | GS62: 3 | GT62: 0 | GV62: =ROUND(GT62,2) -> 0 | GW62: 1 | GX62: =ROUND(GV62*GW62*I62,2) -> 0 | HA62: 0 | HB62: 0 | IK62: 0
A63: 17 | B63: 1 | C63: =ROW(SmtRes!A110) -> 110 | D63: =ROW(EtalonRes!A109) -> 109 | E63: 19 | F63: 15-01-019-01 | G63: Гладкая облицовка стен, столбов, пилястр и откосов (без карнизных, плинтусных и угловых плиток) без установки плиток туалетного гарнитура на цементном растворе по кирпичу и бетону | H63: 100 м2 | I63: =ROUND(210.8/100,9) -> 2.108 | J63: 0 | O63: =ROUND(CP63,2) -> 44211.06 | P63: =ROUND(CQ63*I63,2) -> 10564.96 | Q63: =ROUND(CR63*I63,2) -> 513.17 | R63: =ROUND(CS63*I63,2) -> 196.84 | S63: =ROUND(CT63*I63,2) -> 33132.93 | T63: =ROUND(CU63*I63,2) -> 0 | U63: =CV63*I63 -> 552.7176 | V63: =CW63*I63 -> 2.2661 | W63: =ROUND(CX63*I63,2) -> 0 | X63: =ROUND(CY63,2) -> 31663.28 | Y63: =ROUND(CZ63,2) -> 15664.99 | AA63: 39083528 | AB63: =ROUND((AC63+AD63+AF63),2) -> 3211.79 | AC63: =ROUND((ES63),2) -> 767.51 | AD63: =ROUND(((((ET63*1.25))-((EU63*1.25)))+AE63),2) -> 37.28 | AE63: =ROUND(((EU63*1.25)),2) -> 14.3 | AF63: =ROUND(((EV63*1.15)),2) -> 2407 | AG63: =ROUND((AP63),2) -> 0 | AH63: =((EW63*1.15)) -> 262.2 | AI63: =((EX63*1.25)) -> 1.075 | AJ63: =ROUND((AS63),2) -> 0 | AK63: 2890.37 | AL63: 767.51 | AM63: 29.82 | AN63: 11.44 | AO63: 2093.04 | AP63: 0 | AQ63: 228 | AR63: 0.86 | AS63: 0 | AT63: 95 | AU63: 47 | AV63: 1 | AW63: 1 | AZ63: 6.53 | BA63: 6.53 | BB63: 6.53 | BC63: 6.53 | BH63: 0 | BI63: 1 | BJ63: ФЕР-2001, 15-01-019-01, приказ Минстроя России №1039/пр от 30.12.2016г. | BM63: 15001 | BN63: 0 | BP63: 0 | BQ63: 2 | BR63: 0 | BS63: 6.53 | BT63: 1 | BU63: 1 | BV63: 1 | BW63: 1 | BX63: 1 | BZ63: 105 | CA63: 55 | CF63: 0 | CG63: 0 | CM63: 0 | CN63: Поправка: МДС 81-35.2004, п.4.7 Наименование: Работы, выполняемые при реконструкции зданий и сооружений работы, аналогичные технологическим процессам в новом строительстве (в том числе возведение новых конструктивных элементов) стоимость которых определена по соответствующим сборникам ФЕР, кроме сборника № 46 «Работы при реконструкции зданий и сооружений» | CO63: 0 | CP63: =(P63+Q63+S63) -> 44211.06 | CQ63: =AC63*BC63 -> 5011.8403 | CR63: =AD63*BB63 -> 243.4384 | CS63: =AE63*BS63 -> 93.379 | CT63: =AF63*BA63 -> 15717.71 | CU63: =AG63 -> 0 | CV63: =AH63 -> 262.2 | CW63: =AI63 -> 1.075 | CX63: =AJ63 -> 0 | CY63: =(((S63+R63)*AT63)/100) -> 31663.281 | CZ63: =(((S63+R63)*AU63)/100) -> 15664.992 | DE63: )*1,25 | DF63: )*1,25 | DG63: )*1,15 | DI63: )*1,15 | DJ63: )*1,25 | DN63: 0 | DO63: 0 | DP63: 1 | DQ63: 1 | DU63: 1005 | DV63: 100 м2 | DW63: 100 м2 | DX63: 100 | EE63: 39174529 | EF63: 2 | EG63: Общестроительные работы | EH63: 0 | EJ63: 1 | EK63: 15001 | EL63: Отделочные работы | EM63: ФЕР-15 | EO63: Поправка: МДС 81-35.2004, п.4.7 | EQ63: 0 | ER63: 2890.37 | ES63: 767.51 | ET63: 29.82 | EU63: 11.44 | EV63: 2093.04 | EW63: 228 | EX63: 0.86 | EY63: 0 | FQ63: 0 | FR63: =ROUND(IF(AND(BH63=3,BI63=3),P63,0),2) -> 0 | FS63: 0 | FT63: *0,9 | FU63: *0,85 | FX63: 94.5 | FY63: 46.75 | GD63: 0 | GF63: -1551800524 | GG63: 1 | GH63: 1 | GI63: 4 | GJ63: 0 | GK63: =ROUND(R63*(R12)/100,2) -> 0 | GL63: =ROUND(IF(AND(BH63=3,BI63=3,FS63<>0),P63,0),2) -> 0 | GM63: =ROUND(O63+X63+Y63+GK63,2)+GX63 -> 91539.33 | GN63: =IF(OR(BI63=0,BI63=1),ROUND(O63+X63+Y63+GK63,2),0) -> 91539.33 | GO63: =IF(BI63=2,ROUND(O63+X63+Y63+GK63,2),0) -> 0 | GP63: =IF(BI63=4,ROUND(O63+X63+Y63+GK63,2)+GX63,0) -> 0 | GR63: 0 | GS63: 3 | GT63: 0 | GV63: =ROUND(GT63,2) -> 0 | GW63: 1 | GX63: =ROUND(GV63*GW63*I63,2) -> 0 | HA63: 0 | HB63: 0 | IK63: 0
A64: 18 | B64: 1 | C64: 110 | E64: 19,1 | F64: 06.2.01.02-0012 | G64: Плитки керамические глазурованные для внутренней облицовки стен гладкие без завала цветные (однотонные) 300х300мм | H64: м2 | I64: =I63*J64 -> 210.8 | J64: 100 | O64: =ROUND(CP64,2) -> 148829.77 | P64: =ROUND(CQ64*I64,2) -> 148829.77 | Q64: =ROUND(CR64*I64,2) -> 0 | R64: =ROUND(CS64*I64,2) -> 0 | S64: =ROUND(CT64*I64,2) -> 0 | T64: =ROUND(CU64*I64,2) -> 0 | U64: =CV64*I64 -> 0 | V64: =CW64*I64 -> 0 | W64: =ROUND(CX64*I64,2) -> 0 | X64: =ROUND(CY64,2) -> 0 | Y64: =ROUND(CZ64,2) -> 0 | AA64: 39083528 | AB64: =ROUND((AC64+AD64+AF64),2) -> 108.12 | AC64: =ROUND((ES64),2) -> 108.12 | AD64: =ROUND((((ET64)-(EU64))+AE64),2) -> 0 | AE64: =ROUND((EU64),2) -> 0 | AF64: =ROUND((EV64),2) -> 0 | AG64: =ROUND((AP64),2) -> 0 | AH64: =(EW64) -> 0 | AI64: =(EX64) -> 0 | AJ64: =ROUND((AS64),2) -> 0 | AK64: 108.12 | AL64: 108.12 | AM64: 0 | AN64: 0 | AO64: 0 | AP64: 0 | AQ64: 0 | AR64: 0 | AS64: 0 | AT64: 95 | AU64: 47 | AV64: 1 | AW64: 1 | AZ64: 6.53 | BA64: 1 | BB64: 1 | BC64: 6.53 | BH64: 3 | BI64: 1 | BJ64: ФССЦ-2001, 06.2.01.02-0012, приказ Минстроя России №1039/пр от 30.12.2016г. | BM64: 15001 | BN64: 0 | BP64: 0 | BQ64: 2 | BR64: 0 | BS64: 1 | BT64: 1 | BU64: 1 | BV64: 1 | BW64: 1 | BX64: 1 | BZ64: 105 | CA64: 55 | CF64: 0 | CG64: 0 | CM64: 0 | CO64: 0 | CP64: =(P64+Q64+S64) -> 148829.77 | CQ64: =AC64*BC64 -> 706.0236 | CR64: =AD64*BB64 -> 0 | CS64: =AE64*BS64 -> 0 | CT64: =AF64*BA64 -> 0 | CU64: =AG64 -> 0 | CV64: =AH64 -> 0 | CW64: =AI64 -> 0 | CX64: =AJ64 -> 0 | CY64: =(((S64+R64)*AT64)/100) -> 0 | CZ64: =(((S64+R64)*AU64)/100) -> 0 | DN64: 0 | DO64: 0 | DP64: 1 | DQ64: 1 | DU64: 1005 | DV64: м2 | DW64: м2 | DX64: 1 | EE64: 39174529 | EF64: 2 | EG64: Общестроительные работы | EH64: 0 | EJ64: 1 | EK64: 15001 | EL64: Отделочные работы | EM64: ФЕР-15 | EQ64: 0 | ER64: 108.12 | ES64: 108.12 | ET64: 0 | EU64: 0 | EV64: 0 | EW64: 0 | EX64: 0 | FQ64: 0 | FR64: =ROUND(IF(AND(BH64=3,BI64=3),P64,0),2) -> 0 | FS64: 0 | FT64: *0,9 | FU64: *0,85 | FX64: 94.5 | FY64: 46.75 | GD64: 0 | GF64: 1502988201 | GG64: 1 | GH64: 1 | GI64: 4 | GJ64: 0 | GK64: =ROUND(R64*(R12)/100,2) -> 0 | GL64: =ROUND(IF(AND(BH64=3,BI64=3,FS64<>0),P64,0),2) -> 0 | GM64: =ROUND(O64+X64+Y64+GK64,2)+GX64 -> 148829.77 | GN64: =IF(OR(BI64=0,BI64=1),ROUND(O64+X64+Y64+GK64,2),0) -> 148829.77 | GO64: =IF(BI64=2,ROUND(O64+X64+Y64+GK64,2),0) -> 0 | GP64: =IF(BI64=4,ROUND(O64+X64+Y64+GK64,2)+GX64,0) -> 0 | GR64: 0 | GS64: 3 | GT64: 0 | GV64: =ROUND(GT64,2) -> 0 | GW64: 1 | GX64: =ROUND(GV64*GW64*I64,2) -> 0 | HA64: 0 | HB64: 0 | IK64: 0
A65: 17 | B65: 1 | C65: =ROW(SmtRes!A122) -> 122 | D65: =ROW(EtalonRes!A121) -> 121 | E65: 20 | F65: 11-01-004-05 | G65: Устройство гидроизоляции обмазочной Litokol ELASTOCEM Mono в один слой толщиной 2 мм с выходом на стену 150 мм | H65: 100 м2 | I65: =ROUND(45.48/100,9) -> 0.4548 | J65: 0 | O65: =ROUND(CP65,2) -> 3648.27 | P65: =ROUND(CQ65*I65,2) -> 2056.97 | Q65: =ROUND(CR65*I65,2) -> 583.6 | R65: =ROUND(CS65*I65,2) -> 19.78 | S65: =ROUND(CT65*I65,2) -> 1007.7 | T65: =ROUND(CU65*I65,2) -> 0 | U65: =CV65*I65 -> 14.105849 | V65: =CW65*I65 -> 0.244455 | W65: =ROUND(CX65*I65,2) -> 0 | X65: =ROUND(CY65,2) -> 1140.5 | Y65: =ROUND(CZ65,2) -> 657.59 | AA65: 39083528 | AB65: =ROUND((AC65+AD65+AF65),2) -> 1228.44 | AC65: =ROUND((ES65),2) -> 692.62 | AD65: =ROUND(((((ET65*1.25))-((EU65*1.25)))+AE65),2) -> 196.51 | AE65: =ROUND(((EU65*1.25)),2) -> 6.66 | AF65: =ROUND(((EV65*1.15)),2) -> 339.31 | AG65: =ROUND((AP65),2) -> 0 | AH65: =((EW65*1.15)) -> 31.0155 | AI65: =((EX65*1.25)) -> 0.5375 | AJ65: =ROUND((AS65),2) -> 0 | AK65: 1144.88 | AL65: 692.62 | AM65: 157.21 | AN65: 5.33 | AO65: 295.05 | AP65: 0 | AQ65: 26.97 | AR65: 0.43 | AS65: 0 | AT65: 111 | AU65: 64 | AV65: 1 | AW65: 1 | AZ65: 6.53 | BA65: 6.53 | BB65: 6.53 | BC65: 6.53 | BH65: 0 | BI65: 1 | BJ65: ФЕР-2001, 11-01-004-05, приказ Минстроя России №1039/пр от 30.12.2016г. | BM65: 11001 | BN65: 0 | BP65: 0 | BQ65: 2 | BR65: 0 | BS65: 6.53 | BT65: 1 | BU65: 1 | BV65: 1 | BW65: 1 | BX65: 1 | BZ65: 123 | CA65: 75 | CF65: 0 | CG65: 0 | CM65: 0 | CN65: Поправка: МДС 81-35.2004, п.4.7 Наименование: Работы, выполняемые при реконструкции зданий и сооружений работы, аналогичные технологическим процессам в новом строительстве (в том числе возведение новых конструктивных элементов) стоимость которых определена по соответствующим сборникам ФЕР, кроме сборника № 46 «Работы при реконструкции зданий и сооружений» | CO65: 0 | CP65: =(P65+Q65+S65) -> 3648.27 | CQ65: =AC65*BC65 -> 4522.8086 | CR65: =AD65*BB65 -> 1283.2103 | CS65: =AE65*BS65 -> 43.4898 | CT65: =AF65*BA65 -> 2215.6943 | CU65: =AG65 -> 0 | CV65: =AH65 -> 31.0155 | CW65: =AI65 -> 0.5375 | CX65: =AJ65 -> 0 | CY65: =(((S65+R65)*AT65)/100) -> 1140.5028 | CZ65: =(((S65+R65)*AU65)/100) -> 657.5872 | DE65: )*1,25 | DF65: )*1,25 | DG65: )*1,15 | DI65: )*1,15 | DJ65: )*1,25 | DN65: 0 | DO65: 0 | DP65: 1 | DQ65: 1 | DU65: 1005 | DV65: 100 м2 | DW65: 100 м2 | DX65: 100 | EE65: 39174504 | EF65: 2 | EG65: Общестроительные работы | EH65: 0 | EJ65: 1 | EK65: 11001 | EL65: Полы | EM65: ФЕР-11 | EO65: Поправка: МДС 81-35.2004, п.4.7 | EQ65: 0 | ER65: 1144.88 | ES65: 692.62 | ET65: 157.21 | EU65: 5.33 | EV65: 295.05 | EW65: 26.97 | EX65: 0.43 | EY65: 0 | FQ65: 0 | FR65: =ROUND(IF(AND(BH65=3,BI65=3),P65,0),2) -> 0 | FS65: 0 | FT65: *0,9 | FU65: *0,85 | FX65: 110.7 | FY65: 63.75 | GD65: 0 | GF65: 1501630268 | GG65: 1 | GH65: 1 | GI65: 4 | GJ65: 0 | GK65: =ROUND(R65*(R12)/100,2) -> 0 | GL65: =ROUND(IF(AND(BH65=3,BI65=3,FS65<>0),P65,0),2) -> 0 | GM65: =ROUND(O65+X65+Y65+GK65,2)+GX65 -> 5446.36 | GN65: =IF(OR(BI65=0,BI65=1),ROUND(O65+X65+Y65+GK65,2),0) -> 5446.36 | GO65: =IF(BI65=2,ROUND(O65+X65+Y65+GK65,2),0) -> 0 | GP65: =IF(BI65=4,ROUND(O65+X65+Y65+GK65,2)+GX65,0) -> 0 | GR65: 0 | GS65: 3 | GT65: 0 | GV65: =ROUND(GT65,2) -> 0 | GW65: 1 | GX65: =ROUND(GV65*GW65*I65,2) -> 0 | HA65: 0 | HB65: 0 | IK65: 0
A66: 17 | B66: 1 | C66: =ROW(SmtRes!A131) -> 131 | D66: =ROW(EtalonRes!A130) -> 130 | E66: 21 | F66: 11-01-004-06 | G66: Устройство гидроизоляции обмазочной на каждый последующий слой толщиной 1 мм добавлять к расценке 11-01-004-05 | H66: 100 м2 | I66: =ROUND(45.48/100,9) -> 0.4548 | J66: 0 | O66: =ROUND(CP66,2) -> 1103.72 | P66: =ROUND(CQ66*I66,2) -> 463.03 | Q66: =ROUND(CR66*I66,2) -> 300.7 | R66: =ROUND(CS66*I66,2) -> 11.02 | S66: =ROUND(CT66*I66,2) -> 339.99 | T66: =ROUND(CU66*I66,2) -> 0 | U66: =CV66*I66 -> 4.759482 | V66: =CW66*I66 -> 0.13644 | W66: =ROUND(CX66*I66,2) -> 0 | X66: =ROUND(CY66,2) -> 389.62 | Y66: =ROUND(CZ66,2) -> 224.65 | AA66: 39083528 | AB66: =ROUND((AC66+AD66+AF66),2) -> 371.64 | AC66: =ROUND((ES66),2) -> 155.91 | AD66: =ROUND(((((ET66*1.25))-((EU66*1.25)))+AE66),2) -> 101.25 | AE66: =ROUND(((EU66*1.25)),2) -> 3.71 | AF66: =ROUND(((EV66*1.15)),2) -> 114.48 | AG66: =ROUND((AP66),2) -> 0 | AH66: =((EW66*1.15)) -> 10.465 | AI66: =((EX66*1.25)) -> 0.3 | AJ66: =ROUND((AS66),2) -> 0 | AK66: 336.46 | AL66: 155.91 | AM66: 81 | AN66: 2.97 | AO66: 99.55 | AP66: 0 | AQ66: 9.1 | AR66: 0.24 | AS66: 0 | AT66: 111 | AU66: 64 | AV66: 1 | AW66: 1 | AZ66: 6.53 | BA66: 6.53 | BB66: 6.53 | BC66: 6.53 | BH66: 0 | BI66: 1 | BJ66: ФЕР-2001, 11-01-004-06, приказ Минстроя России №1039/пр от 30.12.2016г. | BM66: 11001 | BN66: 0 | BP66: 0 | BQ66: 2 | BR66: 0 | BS66: 6.53 | BT66: 1 | BU66: 1 | BV66: 1 | BW66: 1 | BX66: 1 | BZ66: 123 | CA66: 75 | CF66: 0 | CG66: 0 | CM66: 0 | CN66: Поправка: МДС 81-35.2004, п.4.7 Наименование: Работы, выполняемые при реконструкции зданий и сооружений работы, аналогичные технологическим процессам в новом строительстве (в том числе возведение новых конструктивных элементов) стоимость которых определена по соответствующим сборникам ФЕР, кроме сборника № 46 «Работы при реконструкции зданий и сооружений» | CO66: 0 | CP66: =(P66+Q66+S66) -> 1103.72 | CQ66: =AC66*BC66 -> 1018.0923 | CR66: =AD66*BB66 -> 661.1625 | CS66: =AE66*BS66 -> 24.2263 | CT66: =AF66*BA66 -> 747.5544 | CU66: =AG66 -> 0 | CV66: =AH66 -> 10.465 | CW66: =AI66 -> 0.3 | CX66: =AJ66 -> 0 | CY66: =(((S66+R66)*AT66)/100) -> 389.6211 | CZ66: =(((S66+R66)*AU66)/100) -> 224.6464 | DE66: )*1,25 | DF66: )*1,25 | DG66: )*1,15 | DI66: )*1,15 | DJ66: )*1,25 | DN66: 0 | DO66: 0 | DP66: 1 | DQ66: 1 | DU66: 1005 | DV66: 100 м2 | DW66: 100 м2 | DX66: 100 | EE66: 39174504 | EF66: 2 | EG66: Общестроительные работы | EH66: 0 | EJ66: 1 | EK66: 11001 | EL66: Полы | EM66: ФЕР-11 | EO66: Поправка: МДС 81-35.2004, п.4.7 | EQ66: 0 | ER66: 336.46 | ES66: 155.91 | ET66: 81 | EU66: 2.97 | EV66: 99.55 | EW66: 9.1 | EX66: 0.24 | EY66: 0 | FQ66: 0 | FR66: =ROUND(IF(AND(BH66=3,BI66=3),P66,0),2) -> 0 | FS66: 0 | FT66: *0,9 | FU66: *0,85 | FX66: 110.7 | FY66: 63.75 | GD66: 0 | GF66: -1237303399 | GG66: 1 | GH66: 1 | GI66: 4 | GJ66: 0 | GK66: =ROUND(R66*(R12)/100,2) -> 0 | GL66: =ROUND(IF(AND(BH66=3,BI66=3,FS66<>0),P66,0),2) -> 0 | GM66: =ROUND(O66+X66+Y66+GK66,2)+GX66 -> 1717.99 | GN66: =IF(OR(BI66=0,BI66=1),ROUND(O66+X66+Y66+GK66,2),0) -> 1717.99 | GO66: =IF(BI66=2,ROUND(O66+X66+Y66+GK66,2),0) -> 0 | GP66: =IF(BI66=4,ROUND(O66+X66+Y66+GK66,2)+GX66,0) -> 0 | GR66: 0 | GS66: 3 | GT66: 0 | GV66: =ROUND(GT66,2) -> 0 | GW66: 1 | GX66: =ROUND(GV66*GW66*I66,2) -> 0 | HA66: 0 | HB66: 0 | IK66: 0
A67: 17 | B67: 1 | C67: =ROW(SmtRes!A138) -> 138 | D67: =ROW(EtalonRes!A136) -> 136 | E67: 22 | F67: 11-01-011-01 | G67: Устройство стяжек цементных толщиной 20 мм (толщ. 70 мм) | H67: 100 м2 | I67: =ROUND(38.2/100,9) -> 0.382 | J67: 0 | O67: =ROUND(CP67,2) -> 1059.17 | P67: =ROUND(CQ67*I67,2) -> 21.3 | Q67: =ROUND(CR67*I67,2) -> 137.94 | R67: =ROUND(CS67*I67,2) -> 53.48 | S67: =ROUND(CT67*I67,2) -> 899.93 | T67: =ROUND(CU67*I67,2) -> 0 | U67: =CV67*I67 -> 17.356743 | V67: =CW67*I67 -> 0.606425 | W67: =ROUND(CX67*I67,2) -> 0 | X67: =ROUND(CY67,2) -> 1058.29 | Y67: =ROUND(CZ67,2) -> 610.18 | AA67: 39083528 | AB67: =ROUND((AC67+AD67+AF67),2) -> 424.61 | AC67: =ROUND((ES67),2) -> 8.54 | AD67: =ROUND(((((ET67*1.25))-((EU67*1.25)))+AE67),2) -> 55.3 | AE67: =ROUND(((EU67*1.25)),2) -> 21.44 | AF67: =ROUND(((EV67*1.15)),2) -> 360.77 | AG67: =ROUND((AP67),2) -> 0 | AH67: =((EW67*1.15)) -> 45.4365 | AI67: =((EX67*1.25)) -> 1.5875 | AJ67: =ROUND((AS67),2) -> 0 | AK67: 366.49 | AL67: 8.54 | AM67: 44.24 | AN67: 17.15 | AO67: 313.71 | AP67: 0 | AQ67: 39.51 | AR67: 1.27 | AS67: 0 | AT67: 111 | AU67: 64 | AV67: 1 | AW67: 1 | AZ67: 6.53 | BA67: 6.53 | BB67: 6.53 | BC67: 6.53 | BH67: 0 | BI67: 1 | BJ67: ФЕР-2001, 11-01-011-01, приказ Минстроя России №1039/пр от 30.12.2016г. | BM67: 11001 | BN67: 0 | BP67: 0 | BQ67: 2 | BR67: 0 | BS67: 6.53 | BT67: 1 | BU67: 1 | BV67: 1 | BW67: 1 | BX67: 1 | BZ67: 123 | CA67: 75 | CF67: 0 | CG67: 0 | CM67: 0 | CN67: Поправка: МДС 81-35.2004, п.4.7 Наименование: Работы, выполняемые при реконструкции зданий и сооружений работы, аналогичные технологическим процессам в новом строительстве (в том числе возведение новых конструктивных элементов) стоимость которых определена по соответствующим сборникам ФЕР, кроме сборника № 46 «Работы при реконструкции зданий и сооружений» | CO67: 0 | CP67: =(P67+Q67+S67) -> 1059.17 | CQ67: =AC67*BC67 -> 55.7662 | CR67: =AD67*BB67 -> 361.109 | CS67: =AE67*BS67 -> 140.0032 | CT67: =AF67*BA67 -> 2355.8281 | CU67: =AG67 -> 0 | CV67: =AH67 -> 45.4365 | CW67: =AI67 -> 1.5875 | CX67: =AJ67 -> 0 | CY67: =(((S67+R67)*AT67)/100) -> 1058.2851 | CZ67: =(((S67+R67)*AU67)/100) -> 610.1824 | DE67: )*1,25 | DF67: )*1,25 | DG67: )*1,15 | DI67: )*1,15 | DJ67: )*1,25 | DN67: 0 | DO67: 0 | DP67: 1 | DQ67: 1 | DU67: 1005 | DV67: 100 м2 | DW67: 100 м2 | DX67: 100 | EE67: 39174504 | EF67: 2 | EG67: Общестроительные работы | EH67: 0 | EJ67: 1 | EK67: 11001 | EL67: Полы | EM67: ФЕР-11 | EO67: Поправка: МДС 81-35.2004, п.4.7 | EQ67: 0 | ER67: 366.49 | ES67: 8.54 | ET67: 44.24 | EU67: 17.15 | EV67: 313.71 | EW67: 39.51 | EX67: 1.27 | EY67: 0 | FQ67: 0 | FR67: =ROUND(IF(AND(BH67=3,BI67=3),P67,0),2) -> 0 | FS67: 0 | FT67: *0,9 | FU67: *0,85 | FX67: 110.7 | FY67: 63.75 | GD67: 0 | GF67: 742992011 | GG67: 1 | GH67: 1 | GI67: 4 | GJ67: 0 | GK67: =ROUND(R67*(R12)/100,2) -> 0 | GL67: =ROUND(IF(AND(BH67=3,BI67=3,FS67<>0),P67,0),2) -> 0 | GM67: =ROUND(O67+X67+Y67+GK67,2)+GX67 -> 2727.64 | GN67: =IF(OR(BI67=0,BI67=1),ROUND(O67+X67+Y67+GK67,2),0) -> 2727.64 | GO67: =IF(BI67=2,ROUND(O67+X67+Y67+GK67,2),0) -> 0 | GP67: =IF(BI67=4,ROUND(O67+X67+Y67+GK67,2)+GX67,0) -> 0 | GR67: 0 | GS67: 3 | GT67: 0 | GV67: =ROUND(GT67,2) -> 0 | GW67: 1 | GX67: =ROUND(GV67*GW67*I67,2) -> 0 | HA67: 0 | HB67: 0 | IK67: 0
A68: 18 | B68: 1 | C68: 137 | E68: 22,1 | F68: 04.3.01.09 | G68: Раствор готовый кладочный тяжелый цементный | H68: м3 | I68: =I67*J68 -> 0.77928 | J68: 2.04 | O68: =ROUND(CP68,2) -> 0 | P68: =ROUND(CQ68*I68,2) -> 0 | Q68: =ROUND(CR68*I68,2) -> 0 | R68: =ROUND(CS68*I68,2) -> 0 | S68: =ROUND(CT68*I68,2) -> 0 | T68: =ROUND(CU68*I68,2) -> 0 | U68: =CV68*I68 -> 0 | V68: =CW68*I68 -> 0 | W68: =ROUND(CX68*I68,2) -> 0 | X68: =ROUND(CY68,2) -> 0 | Y68: =ROUND(CZ68,2) -> 0 | AA68: 39083528 | AB68: =ROUND((AC68+AD68+AF68),2) -> 0 | AC68: =ROUND((ES68),2) -> 0 | AD68: =ROUND((((ET68)-(EU68))+AE68),2) -> 0 | AE68: =ROUND((EU68),2) -> 0 | AF68: =ROUND((EV68),2) -> 0 | AG68: =ROUND((AP68),2) -> 0 | AH68: =(EW68) -> 0 | AI68: =(EX68) -> 0 | AJ68: =ROUND((AS68),2) -> 0 | AK68: 0 | AL68: 0 | AM68: 0 | AN68: 0 | AO68: 0 | AP68: 0 | AQ68: 0 | AR68: 0 | AS68: 0 | AT68: 111 | AU68: 64 | AV68: 1 | AW68: 1 | AZ68: 6.53 | BA68: 1 | BB68: 1 | BC68: 6.53 | BH68: 3 | BI68: 1 | BM68: 11001 | BN68: 0 | BP68: 0 | BQ68: 2 | BR68: 0 | BS68: 1 | BT68: 1 | BU68: 1 | BV68: 1 | BW68: 1 | BX68: 1 | BZ68: 123 | CA68: 75 | CF68: 0 | CG68: 0 | CM68: 0 | CO68: 0 | CP68: =(P68+Q68+S68) -> 0 | CQ68: =AC68*BC68 -> 0 | CR68: =AD68*BB68 -> 0 | CS68: =AE68*BS68 -> 0 | CT68: =AF68*BA68 -> 0 | CU68: =AG68 -> 0 | CV68: =AH68 -> 0 | CW68: =AI68 -> 0 | CX68: =AJ68 -> 0 | CY68: =(((S68+R68)*AT68)/100) -> 0 | CZ68: =(((S68+R68)*AU68)/100) -> 0 | DN68: 0 | DO68: 0 | DP68: 1 | DQ68: 1 | DU68: 1007 | DV68: м3 | DW68: м3 | DX68: 1 | EE68: 39174504 | EF68: 2 | EG68: Общестроительные работы | EH68: 0 | EJ68: 1 | EK68: 11001 | EL68: Полы | EM68: ФЕР-11 | EQ68: 0 | ER68: 0 | ES68: 0 | ET68: 0 | EU68: 0 | EV68: 0 | EW68: 0 | EX68: 0 | FQ68: 0 | FR68: =ROUND(IF(AND(BH68=3,BI68=3),P68,0),2) -> 0 | FS68: 0 | FT68: *0,9 | FU68: *0,85 | FX68: 110.7 | FY68: 63.75 | GD68: 0 | GF68: -2113302258 | GG68: 1 | GH68: 1 | GI68: 4 | GJ68: 0 | GK68: =ROUND(R68*(R12)/100,2) -> 0 | GL68: =ROUND(IF(AND(BH68=3,BI68=3,FS68<>0),P68,0),2) -> 0 | GM68: =ROUND(O68+X68+Y68+GK68,2)+GX68 -> 0 | GN68: =IF(OR(BI68=0,BI68=1),ROUND(O68+X68+Y68+GK68,2),0) -> 0 | GO68: =IF(BI68=2,ROUND(O68+X68+Y68+GK68,2),0) -> 0 | GP68: =IF(BI68=4,ROUND(O68+X68+Y68+GK68,2)+GX68,0) -> 0 | GR68: 0 | GS68: 3 | GT68: 0 | GV68: =ROUND(GT68,2) -> 0 | GW68: 1 | GX68: =ROUND(GV68*GW68*I68,2) -> 0 | HA68: 0 | HB68: 0 | IK68: 0
A69: 18 | B69: 1 | C69: 138 | E69: 22,2 | F69: 04.3.01.09-0015 | G69: Раствор готовый кладочный цементный марки 150 | H69: м3 | I69: =I67*J69 -> 0.77928 | J69: 2.04 | O69: =ROUND(CP69,2) -> 2790.13 | P69: =ROUND(CQ69*I69,2) -> 2790.13 | Q69: =ROUND(CR69*I69,2) -> 0 | R69: =ROUND(CS69*I69,2) -> 0 | S69: =ROUND(CT69*I69,2) -> 0 | T69: =ROUND(CU69*I69,2) -> 0 | U69: =CV69*I69 -> 0 | V69: =CW69*I69 -> 0 | W69: =ROUND(CX69*I69,2) -> 0 | X69: =ROUND(CY69,2) -> 0 | Y69: =ROUND(CZ69,2) -> 0 | AA69: 39083528 | AB69: =ROUND((AC69+AD69+AF69),2) -> 548.3 | AC69: =ROUND((ES69),2) -> 548.3 | AD69: =ROUND((((ET69)-(EU69))+AE69),2) -> 0 | AE69: =ROUND((EU69),2) -> 0 | AF69: =ROUND((EV69),2) -> 0 | AG69: =ROUND((AP69),2) -> 0 | AH69: =(EW69) -> 0 | AI69: =(EX69) -> 0 | AJ69: =ROUND((AS69),2) -> 0 | AK69: 548.3 | AL69: 548.3 | AM69: 0 | AN69: 0 | AO69: 0 | AP69: 0 | AQ69: 0 | AR69: 0 | AS69: 0 | AT69: 111 | AU69: 64 | AV69: 1 | AW69: 1 | AZ69: 6.53 | BA69: 1 | BB69: 1 | BC69: 6.53 | BH69: 3 | BI69: 1 | BJ69: ФССЦ-2001, 04.3.01.09-0015, приказ Минстроя России №1039/пр от 30.12.2016г. | BM69: 11001 | BN69: 0 | BP69: 0 | BQ69: 2 | BR69: 0 | BS69: 1 | BT69: 1 | BU69: 1 | BV69: 1 | BW69: 1 | BX69: 1 | BZ69: 123 | CA69: 75 | CF69: 0 | CG69: 0 | CM69: 0 | CO69: 0 | CP69: =(P69+Q69+S69) -> 2790.13 | CQ69: =AC69*BC69 -> 3580.399 | CR69: =AD69*BB69 -> 0 | CS69: =AE69*BS69 -> 0 | CT69: =AF69*BA69 -> 0 | CU69: =AG69 -> 0 | CV69: =AH69 -> 0 | CW69: =AI69 -> 0 | CX69: =AJ69 -> 0 | CY69: =(((S69+R69)*AT69)/100) -> 0 | CZ69: =(((S69+R69)*AU69)/100) -> 0 | DN69: 0 | DO69: 0 | DP69: 1 | DQ69: 1 | DU69: 1007 | DV69: м3 | DW69: м3 | DX69: 1 | EE69: 39174504 | EF69: 2 | EG69: Общестроительные работы | EH69: 0 | EJ69: 1 | EK69: 11001 | EL69: Полы | EM69: ФЕР-11 | EQ69: 0 | ER69: 548.3 | ES69: 548.3 | ET69: 0 | EU69: 0 | EV69: 0 | EW69: 0 | EX69: 0 | FQ69: 0 | FR69: =ROUND(IF(AND(BH69=3,BI69=3),P69,0),2) -> 0 | FS69: 0 | FT69: *0,9 | FU69: *0,85 | FX69: 110.7 | FY69: 63.75 | GD69: 0 | GF69: -1970722706 | GG69: 1 | GH69: 1 | GI69: 4 | GJ69: 0 | GK69: =ROUND(R69*(R12)/100,2) -> 0 | GL69: =ROUND(IF(AND(BH69=3,BI69=3,FS69<>0),P69,0),2) -> 0 | GM69: =ROUND(O69+X69+Y69+GK69,2)+GX69 -> 2790.13 | GN69: =IF(OR(BI69=0,BI69=1),ROUND(O69+X69+Y69+GK69,2),0) -> 2790.13 | GO69: =IF(BI69=2,ROUND(O69+X69+Y69+GK69,2),0) -> 0 | GP69: =IF(BI69=4,ROUND(O69+X69+Y69+GK69,2)+GX69,0) -> 0 | GR69: 0 | GS69: 3 | GT69: 0 | GV69: =ROUND(GT69,2) -> 0 | GW69: 1 | GX69: =ROUND(GV69*GW69*I69,2) -> 0 | HA69: 0 | HB69: 0 | IK69: 0
A70: 17 | B70: 1 | C70: =ROW(SmtRes!A143) -> 143 | D70: =ROW(EtalonRes!A141) -> 141 | E70: 23 | F70: 11-01-011-02 | G70: Устройство стяжек на каждые 5 мм изменения толщины стяжки добавлять или исключать к расценке 11-01-011-01 | H70: 100 м2 | I70: =ROUND(38.2/100,9) -> 0.382 | J70: 0 | O70: =ROUND(CP70,2) -> 319.14 | P70: =ROUND(CQ70*I70,2) -> 0 | Q70: =ROUND(CR70*I70,2) -> 216.64 | R70: =ROUND(CS70*I70,2) -> 79.7 | S70: =ROUND(CT70*I70,2) -> 102.5 | T70: =ROUND(CU70*I70,2) -> 0 | U70: =CV70*I70 -> 1.97685 | V70: =CW70*I70 -> 0.902475 | W70: =ROUND(CX70*I70,2) -> 0 | X70: =ROUND(CY70,2) -> 202.24 | Y70: =ROUND(CZ70,2) -> 116.61 | AA70: 39083528 | AB70: =ROUND((AC70+AD70+AF70),2) -> 127.94 | AC70: =ROUND(((ES70*9)),2) -> 0 | AD70: =ROUND((((((ET70*9)*1.25))-(((EU70*9)*1.25)))+AE70),2) -> 86.85 | AE70: =ROUND((((EU70*9)*1.25)),2) -> 31.95 | AF70: =ROUND((((EV70*9)*1.15)),2) -> 41.09 | AG70: =ROUND((AP70),2) -> 0 | AH70: =(((EW70*9)*1.15)) -> 5.175 | AI70: =(((EX70*9)*1.25)) -> 2.3625 | AJ70: =ROUND((AS70),2) -> 0 | AK70: 11.69 | AL70: 0 | AM70: 7.72 | AN70: 2.84 | AO70: 3.97 | AP70: 0 | AQ70: 0.5 | AR70: 0.21 | AS70: 0 | AT70: 111 | AU70: 64 | AV70: 1 | AW70: 1 | AZ70: 6.53 | BA70: 6.53 | BB70: 6.53 | BC70: 6.53 | BH70: 0 | BI70: 1 | BJ70: ФЕР-2001, 11-01-011-02, приказ Минстроя России №1039/пр от 30.12.2016г. | BM70: 11001 | BN70: 0 | BP70: 0 | BQ70: 2 | BR70: 0 | BS70: 6.53 | BT70: 1 | BU70: 1 | BV70: 1 | BW70: 1 | BX70: 1 | BZ70: 123 | CA70: 75 | CF70: 0 | CG70: 0 | CM70: 0 | CN70: Поправка: МДС 81-35.2004, п.4.7 Наименование: Работы, выполняемые при реконструкции зданий и сооружений работы, аналогичные технологическим процессам в новом строительстве (в том числе возведение новых конструктивных элементов) стоимость которых определена по соответствующим сборникам ФЕР, кроме сборника № 46 «Работы при реконструкции зданий и сооружений» | CO70: 0 | CP70: =(P70+Q70+S70) -> 319.14 | CQ70: =AC70*BC70 -> 0 | CR70: =AD70*BB70 -> 567.1305 | CS70: =AE70*BS70 -> 208.6335 | CT70: =AF70*BA70 -> 268.3177 | CU70: =AG70 -> 0 | CV70: =AH70 -> 5.175 | CW70: =AI70 -> 2.3625 | CX70: =AJ70 -> 0 | CY70: =(((S70+R70)*AT70)/100) -> 202.242 | CZ70: =(((S70+R70)*AU70)/100) -> 116.608 | DD70: *9 | DE70: *9)*1,25 | DF70: *9)*1,25 | DG70: *9)*1,15 | DI70: *9)*1,15 | DJ70: *9)*1,25 | DN70: 0 | DO70: 0 | DP70: 1 | DQ70: 1 | DU70: 1005 | DV70: 100 м2 | DW70: 100 м2 | DX70: 100 | EE70: 39174504 | EF70: 2 | EG70: Общестроительные работы | EH70: 0 | EJ70: 1 | EK70: 11001 | EL70: Полы | EM70: ФЕР-11 | EO70: Поправка: МДС 81-35.2004, п.4.7 | EQ70: 0 | ER70: 11.69 | ES70: 0 | ET70: 7.72 | EU70: 2.84 | EV70: 3.97 | EW70: 0.5 | EX70: 0.21 | EY70: 0 | FQ70: 0 | FR70: =ROUND(IF(AND(BH70=3,BI70=3),P70,0),2) -> 0 | FS70: 0 | FT70: *0,9 | FU70: *0,85 | FX70: 110.7 | FY70: 63.75 | GD70: 0 | GF70: -869721543 | GG70: 1 | GH70: 1 | GI70: 4 | GJ70: 0 | GK70: =ROUND(R70*(R12)/100,2) -> 0 | GL70: =ROUND(IF(AND(BH70=3,BI70=3,FS70<>0),P70,0),2) -> 0 | GM70: =ROUND(O70+X70+Y70+GK70,2)+GX70 -> 637.99 | GN70: =IF(OR(BI70=0,BI70=1),ROUND(O70+X70+Y70+GK70,2),0) -> 637.99 | GO70: =IF(BI70=2,ROUND(O70+X70+Y70+GK70,2),0) -> 0 | GP70: =IF(BI70=4,ROUND(O70+X70+Y70+GK70,2)+GX70,0) -> 0 | GR70: 0 | GS70: 3 | GT70: 0 | GV70: =ROUND(GT70,2) -> 0 | GW70: 1 | GX70: =ROUND(GV70*GW70*I70,2) -> 0 | HA70: 0 | HB70: 0 | IK70: 0
A71: 18 | B71: 1 | C71: 143 | E71: 23,1 | F71: 04.3.01.09-0015 | G71: Раствор готовый кладочный цементный марки 150 | H71: м3 | I71: =I70*J71 -> 7.01352 | J71: 18.36 | O71: =ROUND(CP71,2) -> 25111.2 | P71: =ROUND(CQ71*I71,2) -> 25111.2 | Q71: =ROUND(CR71*I71,2) -> 0 | R71: =ROUND(CS71*I71,2) -> 0 | S71: =ROUND(CT71*I71,2) -> 0 | T71: =ROUND(CU71*I71,2) -> 0 | U71: =CV71*I71 -> 0 | V71: =CW71*I71 -> 0 | W71: =ROUND(CX71*I71,2) -> 0 | X71: =ROUND(CY71,2) -> 0 | Y71: =ROUND(CZ71,2) -> 0 | AA71: 39083528 | AB71: =ROUND((AC71+AD71+AF71),2) -> 548.3 | AC71: =ROUND((ES71),2) -> 548.3 | AD71: =ROUND((((ET71)-(EU71))+AE71),2) -> 0 | AE71: =ROUND((EU71),2) -> 0 | AF71: =ROUND((EV71),2) -> 0 | AG71: =ROUND((AP71),2) -> 0 | AH71: =(EW71) -> 0 | AI71: =(EX71) -> 0 | AJ71: =ROUND((AS71),2) -> 0 | AK71: 548.3 | AL71: 548.3 | AM71: 0 | AN71: 0 | AO71: 0 | AP71: 0 | AQ71: 0 | AR71: 0 | AS71: 0 | AT71: 111 | AU71: 64 | AV71: 1 | AW71: 1 | AZ71: 6.53 | BA71: 1 | BB71: 1 | BC71: 6.53 | BH71: 3 | BI71: 1 | BJ71: ФССЦ-2001, 04.3.01.09-0015, приказ Минстроя России №1039/пр от 30.12.2016г. | BM71: 11001 | BN71: 0 | BP71: 0 | BQ71: 2 | BR71: 0 | BS71: 1 | BT71: 1 | BU71: 1 | BV71: 1 | BW71: 1 | BX71: 1 | BZ71: 123 | CA71: 75 | CF71: 0 | CG71: 0 | CM71: 0 | CO71: 0 | CP71: =(P71+Q71+S71) -> 25111.2 | CQ71: =AC71*BC71 -> 3580.399 | CR71: =AD71*BB71 -> 0 | CS71: =AE71*BS71 -> 0 | CT71: =AF71*BA71 -> 0 | CU71: =AG71 -> 0 | CV71: =AH71 -> 0 | CW71: =AI71 -> 0 | CX71: =AJ71 -> 0 | CY71: =(((S71+R71)*AT71)/100) -> 0 | CZ71: =(((S71+R71)*AU71)/100) -> 0 | DN71: 0 | DO71: 0 | DP71: 1 | DQ71: 1 | DU71: 1007 | DV71: м3 | DW71: м3 | DX71: 1 | EE71: 39174504 | EF71: 2 | EG71: Общестроительные работы | EH71: 0 | EJ71: 1 | EK71: 11001 | EL71: Полы | EM71: ФЕР-11 | EQ71: 0 | ER71: 548.3 | ES71: 548.3 | ET71: 0 | EU71: 0 | EV71: 0 | EW71: 0 | EX71: 0 | FQ71: 0 | FR71: =ROUND(IF(AND(BH71=3,BI71=3),P71,0),2) -> 0 | FS71: 0 | FT71: *0,9 | FU71: *0,85 | FX71: 110.7 | FY71: 63.75 | GD71: 0 | GF71: -1970722706 | GG71: 1 | GH71: 1 | GI71: 4 | GJ71: 0 | GK71: =ROUND(R71*(R12)/100,2) -> 0 | GL71: =ROUND(IF(AND(BH71=3,BI71=3,FS71<>0),P71,0),2) -> 0 | GM71: =ROUND(O71+X71+Y71+GK71,2)+GX71 -> 25111.2 | GN71: =IF(OR(BI71=0,BI71=1),ROUND(O71+X71+Y71+GK71,2),0) -> 25111.2 | GO71: =IF(BI71=2,ROUND(O71+X71+Y71+GK71,2),0) -> 0 | GP71: =IF(BI71=4,ROUND(O71+X71+Y71+GK71,2)+GX71,0) -> 0 | GR71: 0 | GS71: 3 | GT71: 0 | GV71: =ROUND(GT71,2) -> 0 | GW71: 1 | GX71: =ROUND(GV71*GW71*I71,2) -> 0 | HA71: 0 | HB71: 0 | IK71: 0
A72: 17 | B72: 1 | C72: =ROW(SmtRes!A153) -> 153 | D72: =ROW(EtalonRes!A153) -> 153 | E72: 24 | F72: 11-01-047-01 | G72: Устройство покрытий из плит керамогранитных размером 40х40 см | H72: 100 м2 | I72: =ROUND(38.2/100,9) -> 0.382 | J72: 0 | O72: =ROUND(CP72,2) -> 54852.83 | P72: =ROUND(CQ72*I72,2) -> 46994.73 | Q72: =ROUND(CR72*I72,2) -> 75.31 | R72: =ROUND(CS72*I72,2) -> 54.6 | S72: =ROUND(CT72*I72,2) -> 7782.79 | T72: =ROUND(CU72*I72,2) -> 0 | U72: =CV72*I72 -> 136.36751 | V72: =CW72*I72 -> 0.826075 | W72: =ROUND(CX72*I72,2) -> 0 | X72: =ROUND(CY72,2) -> 8699.5 | Y72: =ROUND(CZ72,2) -> 5015.93 | AA72: 39083528 | AB72: =ROUND((AC72+AD72+AF72),2) -> 21989.86 | AC72: =ROUND((ES72),2) -> 18839.64 | AD72: =ROUND(((((ET72*1.25))-((EU72*1.25)))+AE72),2) -> 30.19 | AE72: =ROUND(((EU72*1.25)),2) -> 21.89 | AF72: =ROUND(((EV72*1.15)),2) -> 3120.03 | AG72: =ROUND((AP72),2) -> 0 | AH72: =((EW72*1.15)) -> 356.983 | AI72: =((EX72*1.25)) -> 2.1625 | AJ72: =ROUND((AS72),2) -> 0 | AK72: 21576.86 | AL72: 18839.64 | AM72: 24.15 | AN72: 17.51 | AO72: 2713.07 | AP72: 0 | AQ72: 310.42 | AR72: 1.73 | AS72: 0 | AT72: 111 | AU72: 64 | AV72: 1 | AW72: 1 | AZ72: 6.53 | BA72: 6.53 | BB72: 6.53 | BC72: 6.53 | BH72: 0 | BI72: 1 | BJ72: ФЕР-2001, 11-01-047-01, приказ Минстроя России №1039/пр от 30.12.2016г. | BM72: 11001 | BN72: 0 | BP72: 0 | BQ72: 2 | BR72: 0 | BS72: 6.53 | BT72: 1 | BU72: 1 | BV72: 1 | BW72: 1 | BX72: 1 | BZ72: 123 | CA72: 75 | CF72: 0 | CG72: 0 | CM72: 0 | CN72: Поправка: МДС 81-35.2004, п.4.7 Наименование: Работы, выполняемые при реконструкции зданий и сооружений работы, аналогичные технологическим процессам в новом строительстве (в том числе возведение новых конструктивных элементов) стоимость которых определена по соответствующим сборникам ФЕР, кроме сборника № 46 «Работы при реконструкции зданий и сооружений» | CO72: 0 | CP72: =(P72+Q72+S72) -> 54852.83 | CQ72: =AC72*BC72 -> 123022.85 | CR72: =AD72*BB72 -> 197.1407 | CS72: =AE72*BS72 -> 142.9417 | CT72: =AF72*BA72 -> 20373.796 | CU72: =AG72 -> 0 | CV72: =AH72 -> 356.983 | CW72: =AI72 -> 2.1625 | CX72: =AJ72 -> 0 | CY72: =(((S72+R72)*AT72)/100) -> 8699.5029 | CZ72: =(((S72+R72)*AU72)/100) -> 5015.9296 | DE72: )*1,25 | DF72: )*1,25 | DG72: )*1,15 | DI72: )*1,15 | DJ72: )*1,25 | DN72: 0 | DO72: 0 | DP72: 1 | DQ72: 1 | DU72: 1005 | DV72: 100 м2 | DW72: 100 м2 | DX72: 100 | EE72: 39174504 | EF72: 2 | EG72: Общестроительные работы | EH72: 0 | EJ72: 1 | EK72: 11001 | EL72: Полы | EM72: ФЕР-11 | EO72: Поправка: МДС 81-35.2004, п.4.7 | EQ72: 0 | ER72: 21576.86 | ES72: 18839.64 | ET72: 24.15 | EU72: 17.51 | EV72: 2713.07 | EW72: 310.42 | EX72: 1.73 | EY72: 0 | FQ72: 0 | FR72: =ROUND(IF(AND(BH72=3,BI72=3),P72,0),2) -> 0 | FS72: 0 | FT72: *0,9 | FU72: *0,85 | FX72: 110.7 | FY72: 63.75 | GD72: 0 | GF72: 1016495109 | GG72: 1 | GH72: 1 | GI72: 4 | GJ72: 0 | GK72: =ROUND(R72*(R12)/100,2) -> 0 | GL72: =ROUND(IF(AND(BH72=3,BI72=3,FS72<>0),P72,0),2) -> 0 | GM72: =ROUND(O72+X72+Y72+GK72,2)+GX72 -> 68568.26 | GN72: =IF(OR(BI72=0,BI72=1),ROUND(O72+X72+Y72+GK72,2),0) -> 68568.26 | GO72: =IF(BI72=2,ROUND(O72+X72+Y72+GK72,2),0) -> 0 | GP72: =IF(BI72=4,ROUND(O72+X72+Y72+GK72,2)+GX72,0) -> 0 | GR72: 0 | GS72: 3 | GT72: 0 | GV72: =ROUND(GT72,2) -> 0 | GW72: 1 | GX72: =ROUND(GV72*GW72*I72,2) -> 0 | HA72: 0 | HB72: 0 | IK72: 0
A73: 17 | B73: 1 | C73: =ROW(SmtRes!A158) -> 158 | D73: =ROW(EtalonRes!A158) -> 158 | E73: 25 | F73: 15-01-047-15 | G73: Устройство подвесных потолков типа <Армстронг> по каркасу из оцинкованного профиля | H73: 100 м2 | I73: =ROUND(38.2/100,9) -> 0.382 | J73: 0 | O73: =ROUND(CP73,2) -> 17084.26 | P73: =ROUND(CQ73*I73,2) -> 13308.94 | Q73: =ROUND(CR73*I73,2) -> 1012.48 | R73: =ROUND(CS73*I73,2) -> 197.66 | S73: =ROUND(CT73*I73,2) -> 2762.84 | T73: =ROUND(CU73*I73,2) -> 0 | U73: =CV73*I73 -> 45.010678 | V73: =CW73*I73 -> 2.54985 | W73: =ROUND(CX73*I73,2) -> 0 | X73: =ROUND(CY73,2) -> 2812.48 | Y73: =ROUND(CZ73,2) -> 1391.44 | AA73: 39083528 | AB73: =ROUND((AC73+AD73+AF73),2) -> 6848.88 | AC73: =ROUND((ES73),2) -> 5335.4 | AD73: =ROUND(((((ET73*1.25))-((EU73*1.25)))+AE73),2) -> 405.89 | AE73: =ROUND(((EU73*1.25)),2) -> 79.24 | AF73: =ROUND(((EV73*1.15)),2) -> 1107.59 | AG73: =ROUND((AP73),2) -> 0 | AH73: =((EW73*1.15)) -> 117.829 | AI73: =((EX73*1.25)) -> 6.675 | AJ73: =ROUND((AS73),2) -> 0 | AK73: 6623.23 | AL73: 5335.4 | AM73: 324.71 | AN73: 63.39 | AO73: 963.12 | AP73: 0 | AQ73: 102.46 | AR73: 5.34 | AS73: 0 | AT73: 95 | AU73: 47 | AV73: 1 | AW73: 1 | AZ73: 6.53 | BA73: 6.53 | BB73: 6.53 | BC73: 6.53 | BH73: 0 | BI73: 1 | BJ73: ФЕР-2001, 15-01-047-15, приказ Минстроя России №1039/пр от 30.12.2016г. | BM73: 15001 | BN73: 0 | BP73: 0 | BQ73: 2 | BR73: 0 | BS73: 6.53 | BT73: 1 | BU73: 1 | BV73: 1 | BW73: 1 | BX73: 1 | BZ73: 105 | CA73: 55 | CF73: 0 | CG73: 0 | CM73: 0 | CN73: Поправка: МДС 81-35.2004, п.4.7 Наименование: Работы, выполняемые при реконструкции зданий и сооружений работы, аналогичные технологическим процессам в новом строительстве (в том числе возведение новых конструктивных элементов) стоимость которых определена по соответствующим сборникам ФЕР, кроме сборника № 46 «Работы при реконструкции зданий и сооружений» | CO73: 0 | CP73: =(P73+Q73+S73) -> 17084.26 | CQ73: =AC73*BC73 -> 34840.162 | CR73: =AD73*BB73 -> 2650.4617 | CS73: =AE73*BS73 -> 517.4372 | CT73: =AF73*BA73 -> 7232.5627 | CU73: =AG73 -> 0 | CV73: =AH73 -> 117.829 | CW73: =AI73 -> 6.675 | CX73: =AJ73 -> 0 | CY73: =(((S73+R73)*AT73)/100) -> 2812.475 | CZ73: =(((S73+R73)*AU73)/100) -> 1391.435 | DE73: )*1,25 | DF73: )*1,25 | DG73: )*1,15 | DI73: )*1,15 | DJ73: )*1,25 | DN73: 0 | DO73: 0 | DP73: 1 | DQ73: 1 | DU73: 1005 | DV73: 100 м2 | DW73: 100 м2 | DX73: 100 | EE73: 39174529 | EF73: 2 | EG73: Общестроительные работы | EH73: 0 | EJ73: 1 | EK73: 15001 | EL73: Отделочные работы | EM73: ФЕР-15 | EO73: Поправка: МДС 81-35.2004, п.4.7 | EQ73: 0 | ER73: 6623.23 | ES73: 5335.4 | ET73: 324.71 | EU73: 63.39 | EV73: 963.12 | EW73: 102.46 | EX73: 5.34 | EY73: 0 | FQ73: 0 | FR73: =ROUND(IF(AND(BH73=3,BI73=3),P73,0),2) -> 0 | FS73: 0 | FT73: *0,9 | FU73: *0,85 | FX73: 94.5 | FY73: 46.75 | GD73: 0 | GF73: -59192285 | GG73: 1 | GH73: 1 | GI73: 4 | GJ73: 0 | GK73: =ROUND(R73*(R12)/100,2) -> 0 | GL73: =ROUND(IF(AND(BH73=3,BI73=3,FS73<>0),P73,0),2) -> 0 | GM73: =ROUND(O73+X73+Y73+GK73,2)+GX73 -> 21288.18 | GN73: =IF(OR(BI73=0,BI73=1),ROUND(O73+X73+Y73+GK73,2),0) -> 21288.18 | GO73: =IF(BI73=2,ROUND(O73+X73+Y73+GK73,2),0) -> 0 | GP73: =IF(BI73=4,ROUND(O73+X73+Y73+GK73,2)+GX73,0) -> 0 | GR73: 0 | GS73: 3 | GT73: 0 | GV73: =ROUND(GT73,2) -> 0 | GW73: 1 | GX73: =ROUND(GV73*GW73*I73,2) -> 0 | HA73: 0 | HB73: 0 | IK73: 0
A74: 17 | B74: 1 | C74: =ROW(SmtRes!A166) -> 166 | D74: =ROW(EtalonRes!A166) -> 166 | E74: 26 | F74: 10-01-015-01 | G74: Устройство перегородок каркасно-филенчатых в санузлах | H74: 100 м2 | I74: =ROUND(33.18/100,9) -> 0.3318 | J74: 0 | O74: =ROUND(CP74,2) -> 5002.74 | P74: =ROUND(CQ74*I74,2) -> 2775.42 | Q74: =ROUND(CR74*I74,2) -> 543.85 | R74: =ROUND(CS74*I74,2) -> 96 | S74: =ROUND(CT74*I74,2) -> 1683.47 | T74: =ROUND(CU74*I74,2) -> 0 | U74: =CV74*I74 -> 29.49702 | V74: =CW74*I74 -> 1.267476 | W74: =ROUND(CX74*I74,2) -> 0 | X74: =ROUND(CY74,2) -> 1886.24 | Y74: =ROUND(CZ74,2) -> 960.91 | AA74: 39083528 | AB74: =ROUND((AC74+AD74+AF74),2) -> 2308.97 | AC74: =ROUND((ES74),2) -> 1280.97 | AD74: =ROUND((((ET74)-(EU74))+AE74),2) -> 251.01 | AE74: =ROUND((EU74),2) -> 44.31 | AF74: =ROUND((EV74),2) -> 776.99 | AG74: =ROUND((AP74),2) -> 0 | AH74: =(EW74) -> 88.9 | AI74: =(EX74) -> 3.82 | AJ74: =ROUND((AS74),2) -> 0 | AK74: 2308.97 | AL74: 1280.97 | AM74: 251.01 | AN74: 44.31 | AO74: 776.99 | AP74: 0 | AQ74: 88.9 | AR74: 3.82 | AS74: 0 | AT74: 106 | AU74: 54 | AV74: 1 | AW74: 1 | AZ74: 6.53 | BA74: 6.53 | BB74: 6.53 | BC74: 6.53 | BH74: 0 | BI74: 1 | BJ74: ФЕР-2001, 10-01-015-01, приказ Минстроя России №1039/пр от 30.12.2016г. | BM74: 10001 | BN74: 0 | BP74: 0 | BQ74: 2 | BR74: 0 | BS74: 6.53 | BT74: 1 | BU74: 1 | BV74: 1 | BW74: 1 | BX74: 1 | BZ74: 118 | CA74: 63 | CF74: 0 | CG74: 0 | CM74: 0 | CO74: 0 | CP74: =(P74+Q74+S74) -> 5002.74 | CQ74: =AC74*BC74 -> 8364.7341 | CR74: =AD74*BB74 -> 1639.0953 | CS74: =AE74*BS74 -> 289.3443 | CT74: =AF74*BA74 -> 5073.7447 | CU74: =AG74 -> 0 | CV74: =AH74 -> 88.9 | CW74: =AI74 -> 3.82 | CX74: =AJ74 -> 0 | CY74: =(((S74+R74)*AT74)/100) -> 1886.2382 | CZ74: =(((S74+R74)*AU74)/100) -> 960.9138 | DN74: 0 | DO74: 0 | DP74: 1 | DQ74: 1 | DU74: 1005 | DV74: 100 м2 | DW74: 100 м2 | DX74: 100 | EE74: 39174503 | EF74: 2 | EG74: Общестроительные работы | EH74: 0 | EJ74: 1 | EK74: 10001 | EL74: Деревянные конструкции | EM74: ФЕР-10 | EQ74: 0 | ER74: 2308.97 | ES74: 1280.97 | ET74: 251.01 | EU74: 44.31 | EV74: 776.99 | EW74: 88.9 | EX74: 3.82 | EY74: 0 | FQ74: 0 | FR74: =ROUND(IF(AND(BH74=3,BI74=3),P74,0),2) -> 0 | FS74: 0 | FT74: *0,9 | FU74: *0,85 | FX74: 106.2 | FY74: 53.55 | GD74: 0 | GF74: 313215853 | GG74: 1 | GH74: 1 | GI74: 4 | GJ74: 0 | GK74: =ROUND(R74*(R12)/100,2) -> 0 | GL74: =ROUND(IF(AND(BH74=3,BI74=3,FS74<>0),P74,0),2) -> 0 | GM74: =ROUND(O74+X74+Y74+GK74,2)+GX74 -> 7849.89 | GN74: =IF(OR(BI74=0,BI74=1),ROUND(O74+X74+Y74+GK74,2),0) -> 7849.89 | GO74: =IF(BI74=2,ROUND(O74+X74+Y74+GK74,2),0) -> 0 | GP74: =IF(BI74=4,ROUND(O74+X74+Y74+GK74,2)+GX74,0) -> 0 | GR74: 0 | GS74: 3 | GT74: 0 | GV74: =ROUND(GT74,2) -> 0 | GW74: 1 | GX74: =ROUND(GV74*GW74*I74,2) -> 0 | HA74: 0 | HB74: 0 | IK74: 0
A75: 18 | B75: 1 | C75: 162 | E75: 26,1 | F75: 01.7.04.11-0021 | G75: Приборы дверные в перегородках санузлов | H75: компл. | I75: =I74*J75 -> 4 | J75: 12.055455 | O75: =ROUND(CP75,2) -> 1900.75 | P75: =ROUND(CQ75*I75,2) -> 1900.75 | Q75: =ROUND(CR75*I75,2) -> 0 | R75: =ROUND(CS75*I75,2) -> 0 | S75: =ROUND(CT75*I75,2) -> 0 | T75: =ROUND(CU75*I75,2) -> 0 | U75: =CV75*I75 -> 0 | V75: =CW75*I75 -> 0 | W75: =ROUND(CX75*I75,2) -> 0 | X75: =ROUND(CY75,2) -> 0 | Y75: =ROUND(CZ75,2) -> 0 | AA75: 39083528 | AB75: =ROUND((AC75+AD75+AF75),2) -> 72.77 | AC75: =ROUND((ES75),2) -> 72.77 | AD75: =ROUND((((ET75)-(EU75))+AE75),2) -> 0 | AE75: =ROUND((EU75),2) -> 0 | AF75: =ROUND((EV75),2) -> 0 | AG75: =ROUND((AP75),2) -> 0 | AH75: =(EW75) -> 0 | AI75: =(EX75) -> 0 | AJ75: =ROUND((AS75),2) -> 0 | AK75: 72.77 | AL75: 72.77 | AM75: 0 | AN75: 0 | AO75: 0 | AP75: 0 | AQ75: 0 | AR75: 0 | AS75: 0 | AT75: 106 | AU75: 54 | AV75: 1 | AW75: 1 | AZ75: 6.53 | BA75: 1 | BB75: 1 | BC75: 6.53 | BH75: 3 | BI75: 1 | BJ75: ФССЦ-2001, 01.7.04.11-0021, приказ Минстроя России №1039/пр от 30.12.2016г. | BM75: 10001 | BN75: 0 | BP75: 0 | BQ75: 2 | BR75: 0 | BS75: 1 | BT75: 1 | BU75: 1 | BV75: 1 | BW75: 1 | BX75: 1 | BZ75: 118 | CA75: 63 | CF75: 0 | CG75: 0 | CM75: 0 | CO75: 0 | CP75: =(P75+Q75+S75) -> 1900.75 | CQ75: =AC75*BC75 -> 475.1881 | CR75: =AD75*BB75 -> 0 | CS75: =AE75*BS75 -> 0 | CT75: =AF75*BA75 -> 0 | CU75: =AG75 -> 0 | CV75: =AH75 -> 0 | CW75: =AI75 -> 0 | CX75: =AJ75 -> 0 | CY75: =(((S75+R75)*AT75)/100) -> 0 | CZ75: =(((S75+R75)*AU75)/100) -> 0 | DN75: 0 | DO75: 0 | DP75: 1 | DQ75: 1 | DU75: 1013 | DV75: компл. | DW75: компл. | DX75: 1 | EE75: 39174503 | EF75: 2 | EG75: Общестроительные работы | EH75: 0 | EJ75: 1 | EK75: 10001 | EL75: Деревянные конструкции | EM75: ФЕР-10 | EQ75: 0 | ER75: 72.77 | ES75: 72.77 | ET75: 0 | EU75: 0 | EV75: 0 | EW75: 0 | EX75: 0 | FQ75: 0 | FR75: =ROUND(IF(AND(BH75=3,BI75=3),P75,0),2) -> 0 | FS75: 0 | FT75: *0,9 | FU75: *0,85 | FX75: 106.2 | FY75: 53.55 | GD75: 0 | GF75: 178640745 | GG75: 1 | GH75: 1 | GI75: 4 | GJ75: 0 | GK75: =ROUND(R75*(R12)/100,2) -> 0 | GL75: =ROUND(IF(AND(BH75=3,BI75=3,FS75<>0),P75,0),2) -> 0 | GM75: =ROUND(O75+X75+Y75+GK75,2)+GX75 -> 1900.75 | GN75: =IF(OR(BI75=0,BI75=1),ROUND(O75+X75+Y75+GK75,2),0) -> 1900.75 | GO75: =IF(BI75=2,ROUND(O75+X75+Y75+GK75,2),0) -> 0 | GP75: =IF(BI75=4,ROUND(O75+X75+Y75+GK75,2)+GX75,0) -> 0 | GR75: 0 | GS75: 3 | GT75: 0 | GV75: =ROUND(GT75,2) -> 0 | GW75: 1 | GX75: =ROUND(GV75*GW75*I75,2) -> 0 | HA75: 0 | HB75: 0 | IK75: 0
A76: 18 | B76: 1 | C76: 166 | E76: 26,2 | F76: 11.3.03.04-0001 | G76: Панели декоративные пластиковые «PROFIPLAST» | H76: м2 | I76: =I74*J76 -> 33.18 | J76: 100 | O76: =ROUND(CP76,2) -> 13450.59 | P76: =ROUND(CQ76*I76,2) -> 13450.59 | Q76: =ROUND(CR76*I76,2) -> 0 | R76: =ROUND(CS76*I76,2) -> 0 | S76: =ROUND(CT76*I76,2) -> 0 | T76: =ROUND(CU76*I76,2) -> 0 | U76: =CV76*I76 -> 0 | V76: =CW76*I76 -> 0 | W76: =ROUND(CX76*I76,2) -> 0 | X76: =ROUND(CY76,2) -> 0 | Y76: =ROUND(CZ76,2) -> 0 | AA76: 39083528 | AB76: =ROUND((AC76+AD76+AF76),2) -> 62.08 | AC76: =ROUND((ES76),2) -> 62.08 | AD76: =ROUND((((ET76)-(EU76))+AE76),2) -> 0 | AE76: =ROUND((EU76),2) -> 0 | AF76: =ROUND((EV76),2) -> 0 | AG76: =ROUND((AP76),2) -> 0 | AH76: =(EW76) -> 0 | AI76: =(EX76) -> 0 | AJ76: =ROUND((AS76),2) -> 0 | AK76: 62.08 | AL76: 62.08 | AM76: 0 | AN76: 0 | AO76: 0 | AP76: 0 | AQ76: 0 | AR76: 0 | AS76: 0 | AT76: 106 | AU76: 54 | AV76: 1 | AW76: 1 | AZ76: 6.53 | BA76: 1 | BB76: 1 | BC76: 6.53 | BH76: 3 | BI76: 1 | BJ76: ФССЦ-2001, 11.3.03.04-0001, приказ Минстроя России №1039/пр от 30.12.2016г. | BM76: 10001 | BN76: 0 | BP76: 0 | BQ76: 2 | BR76: 0 | BS76: 1 | BT76: 1 | BU76: 1 | BV76: 1 | BW76: 1 | BX76: 1 | BZ76: 118 | CA76: 63 | CF76: 0 | CG76: 0 | CM76: 0 | CO76: 0 | CP76: =(P76+Q76+S76) -> 13450.59 | CQ76: =AC76*BC76 -> 405.3824 | CR76: =AD76*BB76 -> 0 | CS76: =AE76*BS76 -> 0 | CT76: =AF76*BA76 -> 0 | CU76: =AG76 -> 0 | CV76: =AH76 -> 0 | CW76: =AI76 -> 0 | CX76: =AJ76 -> 0 | CY76: =(((S76+R76)*AT76)/100) -> 0 | CZ76: =(((S76+R76)*AU76)/100) -> 0 | DN76: 0 | DO76: 0 | DP76: 1 | DQ76: 1 | DU76: 1005 | DV76: м2 | DW76: м2 | DX76: 1 | EE76: 39174503 | EF76: 2 | EG76: Общестроительные работы | EH76: 0 | EJ76: 1 | EK76: 10001 | EL76: Деревянные конструкции | EM76: ФЕР-10 | EQ76: 0 | ER76: 62.08 | ES76: 62.08 | ET76: 0 | EU76: 0 | EV76: 0 | EW76: 0 | EX76: 0 | FQ76: 0 | FR76: =ROUND(IF(AND(BH76=3,BI76=3),P76,0),2) -> 0 | FS76: 0 | FT76: *0,9 | FU76: *0,85 | FX76: 106.2 | FY76: 53.55 | GD76: 0 | GF76: 1068629195 | GG76: 1 | GH76: 1 | GI76: 4 | GJ76: 0 | GK76: =ROUND(R76*(R12)/100,2) -> 0 | GL76: =ROUND(IF(AND(BH76=3,BI76=3,FS76<>0),P76,0),2) -> 0 | GM76: =ROUND(O76+X76+Y76+GK76,2)+GX76 -> 13450.59 | GN76: =IF(OR(BI76=0,BI76=1),ROUND(O76+X76+Y76+GK76,2),0) -> 13450.59 | GO76: =IF(BI76=2,ROUND(O76+X76+Y76+GK76,2),0) -> 0 | GP76: =IF(BI76=4,ROUND(O76+X76+Y76+GK76,2)+GX76,0) -> 0 | GR76: 0 | GS76: 3 | GT76: 0 | GV76: =ROUND(GT76,2) -> 0 | GW76: 1 | GX76: =ROUND(GV76*GW76*I76,2) -> 0 | HA76: 0 | HB76: 0 | IK76: 0
A77: 17 | B77: 1 | C77: =ROW(SmtRes!A169) -> 169 | D77: =ROW(EtalonRes!A171) -> 171 | E77: 27 | F77: 17-01-002-04 | G77: Установка гарнитуры туалетной: вешалок, подстаканников, поручней для ванн и т.д. | H77: 10 ШТ | I77: =ROUND(8/10,9) -> 0.8 | J77: 0 | O77: =ROUND(CP77,2) -> 164.97 | P77: =ROUND(CQ77*I77,2) -> 3.13 | Q77: =ROUND(CR77*I77,2) -> 0 | R77: =ROUND(CS77*I77,2) -> 0 | S77: =ROUND(CT77*I77,2) -> 161.84 | T77: =ROUND(CU77*I77,2) -> 0 | U77: =CV77*I77 -> 2.576 | V77: =CW77*I77 -> 0 | W77: =ROUND(CX77*I77,2) -> 0 | X77: =ROUND(CY77,2) -> 186.12 | Y77: =ROUND(CZ77,2) -> 114.91 | AA77: 39083528 | AB77: =ROUND((AC77+AD77+AF77),2) -> 31.58 | AC77: =ROUND((ES77),2) -> 0.6 | AD77: =ROUND(((((ET77*1.25))-((EU77*1.25)))+AE77),2) -> 0 | AE77: =ROUND(((EU77*1.25)),2) -> 0 | AF77: =ROUND(((EV77*1.15)),2) -> 30.98 | AG77: =ROUND((AP77),2) -> 0 | AH77: =((EW77*1.15)) -> 3.22 | AI77: =((EX77*1.25)) -> 0 | AJ77: =ROUND((AS77),2) -> 0 | AK77: 27.54 | AL77: 0.6 | AM77: 0 | AN77: 0 | AO77: 26.94 | AP77: 0 | AQ77: 2.8 | AR77: 0 | AS77: 0 | AT77: 115 | AU77: 71 | AV77: 1 | AW77: 1 | AZ77: 6.53 | BA77: 6.53 | BB77: 6.53 | BC77: 6.53 | BH77: 0 | BI77: 1 | BJ77: ФЕР-2001, 17-01-002-04, приказ Минстроя России №1039/пр от 30.12.2016г. | BM77: 17001 | BN77: 0 | BP77: 0 | BQ77: 2 | BR77: 0 | BS77: 6.53 | BT77: 1 | BU77: 1 | BV77: 1 | BW77: 1 | BX77: 1 | BZ77: 128 | CA77: 83 | CF77: 0 | CG77: 0 | CM77: 0 | CN77: Поправка: МДС 81-35.2004, п.4.7 Наименование: Работы, выполняемые при реконструкции зданий и сооружений работы, аналогичные технологическим процессам в новом строительстве (в том числе возведение новых конструктивных элементов) стоимость которых определена по соответствующим сборникам ФЕР, кроме сборника № 46 «Работы при реконструкции зданий и сооружений» | CO77: 0 | CP77: =(P77+Q77+S77) -> 164.97 | CQ77: =AC77*BC77 -> 3.918 | CR77: =AD77*BB77 -> 0 | CS77: =AE77*BS77 -> 0 | CT77: =AF77*BA77 -> 202.2994 | CU77: =AG77 -> 0 | CV77: =AH77 -> 3.22 | CW77: =AI77 -> 0 | CX77: =AJ77 -> 0 | CY77: =(((S77+R77)*AT77)/100) -> 186.116 | CZ77: =(((S77+R77)*AU77)/100) -> 114.9064 | DE77: )*1,25 | DF77: )*1,25 | DG77: )*1,15 | DI77: )*1,15 | DJ77: )*1,25 | DN77: 0 | DO77: 0 | DP77: 1 | DQ77: 1 | DU77: 1013 | DV77: 10 ШТ | DW77: 10 ШТ | DX77: 1 | EE77: 39174531 | EF77: 2 | EG77: Общестроительные работы | EH77: 0 | EJ77: 1 | EK77: 17001 | EL77: Водопровод и канализация - внутренние устройства | EM77: ФЕР-17 | EO77: Поправка: МДС 81-35.2004, п.4.7 | EQ77: 0 | ER77: 27.54 | ES77: 0.6 | ET77: 0 | EU77: 0 | EV77: 26.94 | EW77: 2.8 | EX77: 0 | EY77: 0 | FQ77: 0 | FR77: =ROUND(IF(AND(BH77=3,BI77=3),P77,0),2) -> 0 | FS77: 0 | FT77: *0,9 | FU77: *0,85 | FX77: 115.2 | FY77: 70.55 | GD77: 0 | GF77: -1697463624 | GG77: 1 | GH77: 1 | GI77: 4 | GJ77: 0 | GK77: =ROUND(R77*(R12)/100,2) -> 0 | GL77: =ROUND(IF(AND(BH77=3,BI77=3,FS77<>0),P77,0),2) -> 0 | GM77: =ROUND(O77+X77+Y77+GK77,2)+GX77 -> 466 | GN77: =IF(OR(BI77=0,BI77=1),ROUND(O77+X77+Y77+GK77,2),0) -> 466 | GO77: =IF(BI77=2,ROUND(O77+X77+Y77+GK77,2),0) -> 0 | GP77: =IF(BI77=4,ROUND(O77+X77+Y77+GK77,2)+GX77,0) -> 0 | GR77: 0 | GS77: 3 | GT77: 0 | GV77: =ROUND(GT77,2) -> 0 | GW77: 1 | GX77: =ROUND(GV77*GW77*I77,2) -> 0 | HA77: 0 | HB77: 0 | IK77: 0
A78: 18 | B78: 1 | C78: 169 | E78: 27,1 | F78: 18.2.06.05-0013 | G78: Держатель (диспенсер) настенный для туалетной бумаги из нержавеющей стали | H78: шт. | I78: =I77*J78 -> 8 | J78: 10 | O78: =ROUND(CP78,2) -> 6401.49 | P78: =ROUND(CQ78*I78,2) -> 6401.49 | Q78: =ROUND(CR78*I78,2) -> 0 | R78: =ROUND(CS78*I78,2) -> 0 | S78: =ROUND(CT78*I78,2) -> 0 | T78: =ROUND(CU78*I78,2) -> 0 | U78: =CV78*I78 -> 0 | V78: =CW78*I78 -> 0 | W78: =ROUND(CX78*I78,2) -> 0 | X78: =ROUND(CY78,2) -> 0 | Y78: =ROUND(CZ78,2) -> 0 | AA78: 39083528 | AB78: =ROUND((AC78+AD78+AF78),2) -> 122.54 | AC78: =ROUND((ES78),2) -> 122.54 | AD78: =ROUND((((ET78)-(EU78))+AE78),2) -> 0 | AE78: =ROUND((EU78),2) -> 0 | AF78: =ROUND((EV78),2) -> 0 | AG78: =ROUND((AP78),2) -> 0 | AH78: =(EW78) -> 0 | AI78: =(EX78) -> 0 | AJ78: =ROUND((AS78),2) -> 0 | AK78: 122.54 | AL78: 122.54 | AM78: 0 | AN78: 0 | AO78: 0 | AP78: 0 | AQ78: 0 | AR78: 0 | AS78: 0 | AT78: 115 | AU78: 71 | AV78: 1 | AW78: 1 | AZ78: 6.53 | BA78: 1 | BB78: 1 | BC78: 6.53 | BH78: 3 | BI78: 1 | BJ78: ФССЦ-2001, 18.2.06.05-0013, приказ Минстроя России №1039/пр от 30.12.2016г. | BM78: 17001 | BN78: 0 | BP78: 0 | BQ78: 2 | BR78: 0 | BS78: 1 | BT78: 1 | BU78: 1 | BV78: 1 | BW78: 1 | BX78: 1 | BZ78: 128 | CA78: 83 | CF78: 0 | CG78: 0 | CM78: 0 | CO78: 0 | CP78: =(P78+Q78+S78) -> 6401.49 | CQ78: =AC78*BC78 -> 800.1862 | CR78: =AD78*BB78 -> 0 | CS78: =AE78*BS78 -> 0 | CT78: =AF78*BA78 -> 0 | CU78: =AG78 -> 0 | CV78: =AH78 -> 0 | CW78: =AI78 -> 0 | CX78: =AJ78 -> 0 | CY78: =(((S78+R78)*AT78)/100) -> 0 | CZ78: =(((S78+R78)*AU78)/100) -> 0 | DN78: 0 | DO78: 0 | DP78: 1 | DQ78: 1 | DU78: 1010 | DV78: шт. | DW78: шт. | DX78: 1 | EE78: 39174531 | EF78: 2 | EG78: Общестроительные работы | EH78: 0 | EJ78: 1 | EK78: 17001 | EL78: Водопровод и канализация - внутренние устройства | EM78: ФЕР-17 | EQ78: 0 | ER78: 122.54 | ES78: 122.54 | ET78: 0 | EU78: 0 | EV78: 0 | EW78: 0 | EX78: 0 | FQ78: 0 | FR78: =ROUND(IF(AND(BH78=3,BI78=3),P78,0),2) -> 0 | FS78: 0 | FT78: *0,9 | FU78: *0,85 | FX78: 115.2 | FY78: 70.55 | GD78: 0 | GF78: -423887668 | GG78: 1 | GH78: 1 | GI78: 4 | GJ78: 0 | GK78: =ROUND(R78*(R12)/100,2) -> 0 | GL78: =ROUND(IF(AND(BH78=3,BI78=3,FS78<>0),P78,0),2) -> 0 | GM78: =ROUND(O78+X78+Y78+GK78,2)+GX78 -> 6401.49 | GN78: =IF(OR(BI78=0,BI78=1),ROUND(O78+X78+Y78+GK78,2),0) -> 6401.49 | GO78: =IF(BI78=2,ROUND(O78+X78+Y78+GK78,2),0) -> 0 | GP78: =IF(BI78=4,ROUND(O78+X78+Y78+GK78,2)+GX78,0) -> 0 | GR78: 0 | GS78: 3 | GT78: 0 | GV78: =ROUND(GT78,2) -> 0 | GW78: 1 | GX78: =ROUND(GV78*GW78*I78,2) -> 0 | HA78: 0 | HB78: 0 | IK78: 0
A80: 51 | B80: =B24 -> 1 | C80: =A24 -> 4 | D80: =ROW(A24) -> 24 | F80: =IF(F24<>"",F24,"") | G80: =IF(G24<>"",G24,"") -> 1 Общестроительные работы | H80: 0 | O80: =ROUND(AB80,2) -> 507531.11 | P80: =ROUND(AC80,2) -> 416393.95 | Q80: =ROUND(AD80,2) -> 10850.7 | R80: =ROUND(AE80,2) -> 2082.57 | S80: =ROUND(AF80,2) -> 80286.46 | T80: =ROUND(AG80,2) -> 0 | U80: =AH80 -> 1368.7393 | V80: =AI80 -> 29.321197 | W80: =ROUND(AJ80,2) -> 0 | X80: =ROUND(AK80,2) -> 79000.74 | Y80: =ROUND(AL80,2) -> 42990.5 | AB80: =ROUND(SUMIF(AA28:AA78,"=39083528",O28:O78),2) -> 507531.11 | AC80: =ROUND(SUMIF(AA28:AA78,"=39083528",P28:P78),2) -> 416393.95 | AD80: =ROUND(SUMIF(AA28:AA78,"=39083528",Q28:Q78),2) -> 10850.7 | AE80: =ROUND(SUMIF(AA28:AA78,"=39083528",R28:R78),2) -> 2082.57 | AF80: =ROUND(SUMIF(AA28:AA78,"=39083528",S28:S78),2) -> 80286.46 | AG80: =ROUND(SUMIF(AA28:AA78,"=39083528",T28:T78),2) -> 0 | AH80: =SUMIF(AA28:AA78,"=39083528",U28:U78) -> 1368.7393 | AI80: =SUMIF(AA28:AA78,"=39083528",V28:V78) -> 29.321197 | AJ80: =ROUND(SUMIF(AA28:AA78,"=39083528",W28:W78),2) -> 0 | AK80: =ROUND(SUMIF(AA28:AA78,"=39083528",X28:X78),2) -> 79000.74 | AL80: =ROUND(SUMIF(AA28:AA78,"=39083528",Y28:Y78),2) -> 42990.5 | AO80: =ROUND(BX80,2) -> 0 | AP80: =ROUND(BY80,2) -> 0 | AQ80: =ROUND(BZ80,2) -> 0 | AR80: =ROUND(CA80,2) -> 629522.35 | AS80: =ROUND(CB80,2) -> 629522.35 | AT80: =ROUND(CC80,2) -> 0 | AU80: =ROUND(CD80,2) -> 0 | AV80: =ROUND(CE80,2) -> 416393.95 | ... BC80: =ROUND(CL80,2) -> 0 | BX80: =ROUND(SUMIF(AA28:AA78,"=39083528",FQ28:FQ78),2) -> 0 | BY80: =ROUND(SUMIF(AA28:AA78,"=39083528",FR28:FR78),2) -> 0 | BZ80: =ROUND(SUMIF(AA28:AA78,"=39083528",GL28:GL78),2) -> 0 | CA80: =ROUND(SUMIF(AA28:AA78,"=39083528",GM28:GM78),2) -> 629522.35 | CB80: =ROUND(SUMIF(AA28:AA78,"=39083528",GN28:GN78),2) -> 629522.35 | CC80: =ROUND(SUMIF(AA28:AA78,"=39083528",GO28:GO78),2) -> 0 | CD80: =ROUND(SUMIF(AA28:AA78,"=39083528",GP28:GP78),2) -> 0 | CE80: =AC80-BX80 -> 416393.95 | CF80: =AC80-BY80 -> 416393.95 | CG80: =BX80-BZ80 -> 0 | CH80: =AC80-BX80-BY80+BZ80 -> 416393.95 | CI80: =BY80-BZ80 -> 0 | CJ80: =ROUND(SUMIF(AA28:AA78,"=39083528",GX28:GX78),2) -> 0 | CK80: =ROUND(SUMIF(AA28:AA78,"=39083528",GY28:GY78),2) -> 0 | CL80: =ROUND(SUMIF(AA28:AA78,"=39083528",GZ28:GZ78),2) -> 0 | GX80: 0
A82: 50 | B82: 0 | C82: 0 | D82: 1 | E82: 201 | F82: =ROUND(Source!O80,O82) -> 507531.11 | G82: ПЗ | H82: Прямые затраты | K82: 201 | L82: 1 | M82: 3 | O82: 2
A83: 50 | B83: 0 | C83: 0 | D83: 1 | E83: 202 | F83: =ROUND(Source!P80,O83) -> 416393.95 | G83: СтМатОб | H83: Стоимость материальных ресурсов (всего) | K83: 202 | L83: 2 | M83: 3 | O83: 2
A84: 50 | B84: 0 | C84: 0 | D84: 1 | E84: 222 | F84: =ROUND(Source!AO80,O84) -> 0 | G84: СтМатОбЗак | H84: Стоимость материалов и оборудования заказчика | K84: 222 | L84: 3 | M84: 3 | O84: 2
A85: 50 | B85: 0 | C85: 0 | D85: 1 | E85: 225 | F85: =ROUND(Source!AV80,O85) -> 416393.95 | G85: СтМатОбПод | H85: Стоимость материалов и оборудования подрядчика | K85: 225 | L85: 4 | M85: 3 | O85: 2
A86: 50 | B86: 0 | C86: 0 | D86: 1 | E86: 226 | F86: =ROUND(Source!AW80,O86) -> 416393.95 | G86: СтМат | H86: Стоимость материалов (всего) | K86: 226 | L86: 5 | M86: 3 | O86: 2
A87: 50 | B87: 0 | C87: 0 | D87: 1 | E87: 227 | F87: =ROUND(Source!AX80,O87) -> 0 | G87: СтМатЗак | H87: Стоимость материалов заказчика | K87: 227 | L87: 6 | M87: 3 | O87: 2
A88: 50 | B88: 0 | C88: 0 | D88: 1 | E88: 228 | F88: =ROUND(Source!AY80,O88) -> 416393.95 | G88: СтМатПод | H88: Стоимость материалов подрядчика | K88: 228 | L88: 7 | M88: 3 | O88: 2
A89: 50 | B89: 0 | C89: 0 | D89: 1 | E89: 216 | F89: =ROUND(Source!AP80,O89) -> 0 | G89: Оборуд | H89: Стоимость оборудования (всего) | K89: 216 | L89: 8 | M89: 3 | O89: 2
A90: 50 | B90: 0 | C90: 0 | D90: 1 | E90: 223 | F90: =ROUND(Source!AQ80,O90) -> 0 | G90: ОборудЗак | H90: Стоимость оборудования заказчика | K90: 223 | L90: 9 | M90: 3 | O90: 2
A91: 50 | B91: 0 | C91: 0 | D91: 1 | E91: 229 | F91: =ROUND(Source!AZ80,O91) -> 0 | G91: ОборудПод | H91: Стоимость оборудования подрядчика | K91: 229 | L91: 10 | M91: 3 | O91: 2
A92: 50 | B92: 0 | C92: 0 | D92: 1 | E92: 203 | F92: =ROUND(Source!Q80,O92) -> 10850.7 | G92: ЭММ | H92: Эксплуатация машин | K92: 203 | L92: 11 | M92: 3 | O92: 2
A93: 50 | B93: 0 | C93: 0 | D93: 1 | E93: 231 | F93: =ROUND(Source!BB80,O93) -> 0 | G93: ЭММсНРиСП | H93: Эксплуатация машин по ТСН-2001.16 | K93: 231 | L93: 12 | M93: 3 | O93: 2
A94: 50 | B94: 0 | C94: 0 | D94: 1 | E94: 204 | F94: =ROUND(Source!R80,O94) -> 2082.57 | G94: ЗПМ | H94: ЗП машинистов | K94: 204 | L94: 13 | M94: 3 | O94: 2
A95: 50 | B95: 0 | C95: 0 | D95: 1 | E95: 205 | F95: =ROUND(Source!S80,O95) -> 80286.46 | G95: ОЗП | H95: Основная ЗП рабочих | K95: 205 | L95: 14 | M95: 3 | O95: 2
A96: 50 | B96: 0 | C96: 0 | D96: 1 | E96: 232 | F96: =ROUND(Source!BC80,O96) -> 0 | G96: ОЗПсНРиСП | H96: Основная ЗП рабочих по ТСН-2001.16 | K96: 232 | L96: 15 | M96: 3 | O96: 2
A97: 50 | B97: 0 | C97: 0 | D97: 1 | E97: 214 | F97: =ROUND(Source!AS80,O97) -> 629522.35 | G97: Строит | H97: Строительные работы с НР и СП | K97: 214 | L97: 16 | M97: 3 | O97: 2
A98: 50 | B98: 0 | C98: 0 | D98: 1 | E98: 215 | F98: =ROUND(Source!AT80,O98) -> 0 | G98: Монтаж | H98: Монтажные работы с НР и СП | K98: 215 | L98: 17 | M98: 3 | O98: 2
A99: 50 | B99: 0 | C99: 0 | D99: 1 | E99: 217 | F99: =ROUND(Source!AU80,O99) -> 0 | G99: Прочие | H99: Прочие работы с НР и СП | K99: 217 | L99: 18 | M99: 3 | O99: 2
A100: 50 | B100: 0 | C100: 0 | D100: 1 | E100: 230 | F100: =ROUND(Source!BA80,O100) -> 0 | G100: ПрочиеЗатр | H100: Прочие затраты по ТСН-2001.16 | K100: 230 | L100: 19 | M100: 3 | O100: 2
A101: 50 | B101: 0 | C101: 0 | D101: 1 | E101: 206 | F101: =ROUND(Source!T80,O101) -> 0 | G101: ВозврМат | H101: Возврат материалов | K101: 206 | L101: 20 | M101: 3 | O101: 2
A102: 50 | B102: 0 | C102: 0 | D102: 1 | E102: 207 | F102: =Source!U80 -> 1368.7393 | G102: ТрудСтр | H102: Трудозатраты строителей | K102: 207 | L102: 21 | M102: 3 | O102: -1
A103: 50 | B103: 0 | C103: 0 | D103: 1 | E103: 208 | F103: =Source!V80 -> 29.321197 | G103: ТрудМаш | H103: Трудозатраты машинистов | K103: 208 | L103: 22 | M103: 3 | O103: -1
A104: 50 | B104: 0 | C104: 0 | D104: 1 | E104: 209 | F104: =ROUND(Source!W80,O104) -> 0 | G104: ТранспМат | H104: Транспорт материалов | K104: 209 | L104: 23 | M104: 3 | O104: 2
A105: 50 | B105: 0 | C105: 0 | D105: 1 | E105: 210 | F105: =ROUND(Source!X80,O105) -> 79000.74 | G105: НР | H105: Накладные расходы | K105: 210 | L105: 24 | M105: 3 | O105: 2
A106: 50 | B106: 0 | C106: 0 | D106: 1 | E106: 211 | F106: =ROUND(Source!Y80,O106) -> 42990.5 | G106: СмПриб | H106: Сметная прибыль | K106: 211 | L106: 25 | M106: 3 | O106: 2
A107: 50 | B107: 0 | C107: 0 | D107: 1 | E107: 224 | F107: =ROUND(Source!AR80,O107) -> 629522.35 | G107: Всего | H107: Всего с НР и СП | K107: 224 | L107: 26 | M107: 3 | O107: 2
A108: 50 | B108: 1 | C108: 0 | D108: 2 | E108: 0 | F108: =ROUND(F107,O108) -> 629522.35 | G108: и1 | H108: Итого | K108: 212 | L108: 27 | M108: 0 | O108: 2
A109: 50 | B109: 0 | C109: 0 | D109: 2 | E109: 0 | F109: =ROUND(F108*0.18,O109) -> 113314.02 | G109: и2 | H109: НДС 18% | K109: 212 | L109: 28 | M109: 3 | O109: 2
A110: 50 | B110: 0 | C110: 0 | D110: 2 | E110: 213 | F110: =ROUND(F108+F109,O110) -> 742836.37 | G110: и3 | H110: Всего | K110: 212 | L110: 29 | M110: 3 | O110: 2
A112: 4 | B112: 1 | D112: =ROW(A142) -> 142 | F112: Новый раздел | G112: 2 Система водоснабжения | I112: 0 | K112: -1 | V112: 0 | BX112: 0 | CJ112: 0
A114: 52 | B114: =B142 -> 1 | C114: =C142 -> 4 | D114: =D142 -> 112 | E114: =E142 -> 0 | F114: =F142 -> Новый раздел | G114: =G142 -> 2 Система водоснабжения | O114: =O142 -> 56889.45 | P114: =P142 -> 36952.61 | Q114: =Q142 -> 6768.65 | R114: =R142 -> 799.47 | S114: =S142 -> 13168.19 | T114: =T142 -> 0 | U114: =U142 -> 209.43135 | V114: =V142 -> 9.1472 | ... GX114: =GX142 -> 0
A116: 17 | B116: 1 | C116: =ROW(SmtRes!A175) -> 175 | D116: =ROW(EtalonRes!A178) -> 178 | E116: 28 | F116: 65-1-1 | G116: Разборка трубопроводов из водогазопроводных труб диаметром до 32 мм | H116: 100 м | I116: 0.27 | J116: 0 | O116: =ROUND(CP116,2) -> 520.31 | P116: =ROUND(CQ116*I116,2) -> 0 | Q116: =ROUND(CR116*I116,2) -> 12.5 | R116: =ROUND(CS116*I116,2) -> 2.38 | S116: =ROUND(CT116*I116,2) -> 507.81 | T116: =ROUND(CU116*I116,2) -> 0 | U116: =CV116*I116 -> 9.3582 | V116: =CW116*I116 -> 0.027 | W116: =ROUND(CX116*I116,2) -> 0 | X116: =ROUND(CY116,2) -> 377.54 | Y116: =ROUND(CZ116,2) -> 255.1 | AA116: 39083528 | AB116: =ROUND((AC116+AD116+AF116),2) -> 295.11 | AC116: =ROUND(((ES116*0)),2) -> 0 | AD116: =ROUND((((ET116)-(EU116))+AE116),2) -> 7.09 | AE116: =ROUND((EU116),2) -> 1.35 | AF116: =ROUND((EV116),2) -> 288.02 | AG116: =ROUND((AP116),2) -> 0 | AH116: =(EW116) -> 34.66 | AI116: =(EX116) -> 0.1 | AJ116: =ROUND((AS116),2) -> 0 | AK116: 328.71 | AL116: 33.6 | AM116: 7.09 | AN116: 1.35 | AO116: 288.02 | AP116: 0 | AQ116: 34.66 | AR116: 0.1 | AS116: 0 | AT116: 74 | AU116: 50 | AV116: 1 | AW116: 1 | AZ116: 6.53 | BA116: 6.53 | BB116: 6.53 | BC116: 6.53 | BH116: 0 | BI116: 1 | BJ116: ФЕР-2001, 65-1-1, приказ Минстроя России №1039/пр от 30.12.2016г. | BM116: 65001 | BN116: 0 | BP116: 0 | BQ116: 6 | BR116: 0 | BS116: 6.53 | BT116: 1 | BU116: 1 | BV116: 1 | BW116: 1 | BX116: 1 | BZ116: 74 | CA116: 50 | CF116: 0 | CG116: 0 | CM116: 0 | CO116: 0 | CP116: =(P116+Q116+S116) -> 520.31 | CQ116: =AC116*BC116 -> 0 | CR116: =AD116*BB116 -> 46.2977 | CS116: =AE116*BS116 -> 8.8155 | CT116: =AF116*BA116 -> 1880.7706 | CU116: =AG116 -> 0 | CV116: =AH116 -> 34.66 | CW116: =AI116 -> 0.1 | CX116: =AJ116 -> 0 | CY116: =(((S116+R116)*AT116)/100) -> 377.5406 | CZ116: =(((S116+R116)*AU116)/100) -> 255.095 | DD116: )*0 | DN116: 0 | DO116: 0 | DP116: 1 | DQ116: 1 | DU116: 1003 | DV116: 100 м | DW116: 100 м | DX116: 100 | EE116: 39174590 | EF116: 6 | EG116: Ремонтно-строительные работы | EH116: 0 | EJ116: 1 | EK116: 65001 | EL116: Внтуренниие с/техработы: демонтаж, разборка, промывка | EM116: рФЕР-65 | EQ116: 0 | ER116: 328.71 | ES116: 33.6 | ET116: 7.09 | EU116: 1.35 | EV116: 288.02 | EW116: 34.66 | EX116: 0.1 | EY116: 0 | FQ116: 0 | FR116: =ROUND(IF(AND(BH116=3,BI116=3),P116,0),2) -> 0 | FS116: 0 | FX116: 74 | FY116: 50 | GD116: 0 | GF116: -93922138 | GG116: 1 | GH116: 1 | GI116: 4 | GJ116: 0 | GK116: =ROUND(R116*(R12)/100,2) -> 0 | GL116: =ROUND(IF(AND(BH116=3,BI116=3,FS116<>0),P116,0),2) -> 0 | GM116: =ROUND(O116+X116+Y116+GK116,2)+GX116 -> 1152.95 | GN116: =IF(OR(BI116=0,BI116=1),ROUND(O116+X116+Y116+GK116,2),0) -> 1152.95 | GO116: =IF(BI116=2,ROUND(O116+X116+Y116+GK116,2),0) -> 0 | GP116: =IF(BI116=4,ROUND(O116+X116+Y116+GK116,2)+GX116,0) -> 0 | GR116: 0 | GS116: 3 | GT116: 0 | GV116: =ROUND(GT116,2) -> 0 | GW116: 1 | GX116: =ROUND(GV116*GW116*I116,2) -> 0 | HA116: 0 | HB116: 0 | IK116: 0
A117: 17 | B117: 1 | C117: =ROW(SmtRes!A182) -> 182 | D117: =ROW(EtalonRes!A187) -> 187 | E117: 29 | F117: 16-05-001-01 | G117: Демонтаж кранов проходных на трубопроводах из стальных труб диаметром до 25 мм | H117: ШТ | I117: 8 | J117: 0 | O117: =ROUND(CP117,2) -> 351.58 | P117: =ROUND(CQ117*I117,2) -> 0 | Q117: =ROUND(CR117*I117,2) -> 73.14 | R117: =ROUND(CS117*I117,2) -> 2.61 | S117: =ROUND(CT117*I117,2) -> 278.44 | T117: =ROUND(CU117*I117,2) -> 0 | U117: =CV117*I117 -> 4.704 | V117: =CW117*I117 -> 0.032 | W117: =ROUND(CX117*I117,2) -> 0 | X117: =ROUND(CY117,2) -> 323.21 | Y117: =ROUND(CZ117,2) -> 199.55 | AA117: 39083528 | AB117: =ROUND((AC117+AD117+AF117),2) -> 6.73 | AC117: =ROUND(((ES117*0)),2) -> 0 | AD117: =ROUND(((((ET117*0.4))-((EU117*0.4)))+AE117),2) -> 1.4 | AE117: =ROUND(((EU117*0.4)),2) -> 0.05 | AF117: =ROUND(((EV117*0.4)),2) -> 5.33 | AG117: =ROUND((AP117),2) -> 0 | AH117: =((EW117*0.4)) -> 0.588 | AI117: =((EX117*0.4)) -> 0.004 | AJ117: =ROUND((AS117),2) -> 0 | AK117: 42.04 | AL117: 25.21 | AM117: 3.5 | AN117: 0.12 | AO117: 13.33 | AP117: 0 | AQ117: 1.47 | AR117: 0.01 | AS117: 0 | AT117: 115 | AU117: 71 | AV117: 1 | AW117: 1 | AZ117: 6.53 | BA117: 6.53 | BB117: 6.53 | BC117: 6.53 | BH117: 0 | BI117: 1 | BJ117: ФЕР-2001, 16-05-001-01, приказ Минстроя России №1039/пр от 30.12.2016г. | BM117: 16001 | BN117: 0 | BP117: 0 | BQ117: 2 | BR117: 0 | BS117: 6.53 | BT117: 1 | BU117: 1 | BV117: 1 | BW117: 1 | BX117: 1 | BZ117: 128 | CA117: 83 | CF117: 0 | CG117: 0 | CM117: 0 | CN117: Поправка: МДС 81-36.2004, п.3.3.1.в Наименование: При демонтаже внутренних санитарно-технических устройств (водопровода, газопровода, канализации, водостоков, отопления, вентиляции) | CO117: 0 | CP117: =(P117+Q117+S117) -> 351.58 | CQ117: =AC117*BC117 -> 0 | CR117: =AD117*BB117 -> 9.142 | CS117: =AE117*BS117 -> 0.3265 | CT117: =AF117*BA117 -> 34.8049 | CU117: =AG117 -> 0 | CV117: =AH117 -> 0.588 | CW117: =AI117 -> 0.004 | CX117: =AJ117 -> 0 | CY117: =(((S117+R117)*AT117)/100) -> 323.2075 | CZ117: =(((S117+R117)*AU117)/100) -> 199.5455 | DD117: )*0 | DE117: )*0,4 | DF117: )*0,4 | DG117: )*0,4 | DI117: )*0,4 | DJ117: )*0,4 | DN117: 0 | DO117: 0 | DP117: 1 | DQ117: 1 | DU117: 1013 | DV117: ШТ | DW117: ШТ | DX117: 1 | EE117: 39174530 | EF117: 2 | EG117: Общестроительные работы | EH117: 0 | EJ117: 1 | EK117: 16001 | EL117: Трубопроводы внутренние | EM117: ФЕР-16 | EO117: Поправка: МДС 81-36.2004, п.3.3.1.в | EQ117: 0 | ER117: 42.04 | ES117: 25.21 | ET117: 3.5 | EU117: 0.12 | EV117: 13.33 | EW117: 1.47 | EX117: 0.01 | EY117: 0 | FQ117: 0 | FR117: =ROUND(IF(AND(BH117=3,BI117=3),P117,0),2) -> 0 | FS117: 0 | FT117: *0,9 | FU117: *0,85 | FX117: 115.2 | FY117: 70.55 | GD117: 0 | GF117: 36748840 | GG117: 1 | GH117: 1 | GI117: 4 | GJ117: 0 | GK117: =ROUND(R117*(R12)/100,2) -> 0 | GL117: =ROUND(IF(AND(BH117=3,BI117=3,FS117<>0),P117,0),2) -> 0 | GM117: =ROUND(O117+X117+Y117+GK117,2)+GX117 -> 874.34 | GN117: =IF(OR(BI117=0,BI117=1),ROUND(O117+X117+Y117+GK117,2),0) -> 874.34 | GO117: =IF(BI117=2,ROUND(O117+X117+Y117+GK117,2),0) -> 0 | GP117: =IF(BI117=4,ROUND(O117+X117+Y117+GK117,2)+GX117,0) -> 0 | GR117: 0 | GS117: 3 | GT117: 0 | GV117: =ROUND(GT117,2) -> 0 | GW117: 1 | GX117: =ROUND(GV117*GW117*I117,2) -> 0 | HA117: 0 | HB117: 0 | IK117: 0
A118: 17 | B118: 1 | C118: =ROW(SmtRes!A185) -> 185 | D118: =ROW(EtalonRes!A191) -> 191 | E118: 30 | F118: 65-4-1 | G118: Демонтаж умывальников c с пъедесталом | H118: 100 ШТ | I118: 0.04 | J118: 0 | O118: =ROUND(CP118,2) -> 116.42 | P118: =ROUND(CQ118*I118,2) -> 0 | Q118: =ROUND(CR118*I118,2) -> 2.12 | R118: =ROUND(CS118*I118,2) -> 0.92 | S118: =ROUND(CT118*I118,2) -> 114.3 | T118: =ROUND(CU118*I118,2) -> 0 | U118: =CV118*I118 -> 2.052 | V118: =CW118*I118 -> 0.0104 | W118: =ROUND(CX118*I118,2) -> 0 | X118: =ROUND(CY118,2) -> 85.26 | Y118: =ROUND(CZ118,2) -> 57.61 | AA118: 39083528 | AB118: =ROUND((AC118+AD118+AF118),2) -> 445.72 | AC118: =ROUND((ES118),2) -> 0 | AD118: =ROUND((((ET118)-(EU118))+AE118),2) -> 8.13 | AE118: =ROUND((EU118),2) -> 3.51 | AF118: =ROUND((EV118),2) -> 437.59 | AG118: =ROUND((AP118),2) -> 0 | AH118: =(EW118) -> 51.3 | AI118: =(EX118) -> 0.26 | AJ118: =ROUND((AS118),2) -> 0 | AK118: 445.72 | AL118: 0 | AM118: 8.13 | AN118: 3.51 | AO118: 437.59 | AP118: 0 | AQ118: 51.3 | AR118: 0.26 | AS118: 0 | AT118: 74 | AU118: 50 | AV118: 1 | AW118: 1 | AZ118: 6.53 | BA118: 6.53 | BB118: 6.53 | BC118: 6.53 | BH118: 0 | BI118: 1 | BJ118: ФЕР-2001, 65-4-1, приказ Минстроя России №1039/пр от 30.12.2016г. | BM118: 65001 | BN118: 0 | BP118: 0 | BQ118: 6 | BR118: 0 | BS118: 6.53 | BT118: 1 | BU118: 1 | BV118: 1 | BW118: 1 | BX118: 1 | BZ118: 74 | CA118: 50 | CF118: 0 | CG118: 0 | CM118: 0 | CO118: 0 | CP118: =(P118+Q118+S118) -> 116.42 | CQ118: =AC118*BC118 -> 0 | CR118: =AD118*BB118 -> 53.0889 | CS118: =AE118*BS118 -> 22.9203 | CT118: =AF118*BA118 -> 2857.4627 | CU118: =AG118 -> 0 | CV118: =AH118 -> 51.3 | CW118: =AI118 -> 0.26 | CX118: =AJ118 -> 0 | CY118: =(((S118+R118)*AT118)/100) -> 85.2628 | CZ118: =(((S118+R118)*AU118)/100) -> 57.61 | DN118: 0 | DO118: 0 | DP118: 1 | DQ118: 1 | DU118: 1013 | DV118: 100 ШТ | DW118: 100 ШТ | DX118: 1 | EE118: 39174590 | EF118: 6 | EG118: Ремонтно-строительные работы | EH118: 0 | EJ118: 1 | EK118: 65001 | EL118: Внтуренниие с/техработы: демонтаж, разборка, промывка | EM118: рФЕР-65 | EQ118: 0 | ER118: 445.72 | ES118: 0 | ET118: 8.13 | EU118: 3.51 | EV118: 437.59 | EW118: 51.3 | EX118: 0.26 | EY118: 0 | FQ118: 0 | FR118: =ROUND(IF(AND(BH118=3,BI118=3),P118,0),2) -> 0 | FS118: 0 | FX118: 74 | FY118: 50 | GD118: 0 | GF118: -14916723 | GG118: 1 | GH118: 1 | GI118: 4 | GJ118: 0 | GK118: =ROUND(R118*(R12)/100,2) -> 0 | GL118: =ROUND(IF(AND(BH118=3,BI118=3,FS118<>0),P118,0),2) -> 0 | GM118: =ROUND(O118+X118+Y118+GK118,2)+GX118 -> 259.29 | GN118: =IF(OR(BI118=0,BI118=1),ROUND(O118+X118+Y118+GK118,2),0) -> 259.29 | GO118: =IF(BI118=2,ROUND(O118+X118+Y118+GK118,2),0) -> 0 | GP118: =IF(BI118=4,ROUND(O118+X118+Y118+GK118,2)+GX118,0) -> 0 | GR118: 0 | GS118: 3 | GT118: 0 | GV118: =ROUND(GT118,2) -> 0 | GW118: 1 | GX118: =ROUND(GV118*GW118*I118,2) -> 0 | HA118: 0 | HB118: 0 | IK118: 0
A119: 17 | B119: 1 | C119: =ROW(SmtRes!A188) -> 188 | D119: =ROW(EtalonRes!A195) -> 195 | E119: 31 | F119: 65-3-7 | G119: Снятие смесителя без душевой сетки | H119: 100 ШТ | I119: 0.04 | J119: 0 | O119: =ROUND(CP119,2) -> 82.36 | P119: =ROUND(CQ119*I119,2) -> 0 | Q119: =ROUND(CR119*I119,2) -> 0.57 | R119: =ROUND(CS119*I119,2) -> 0.25 | S119: =ROUND(CT119*I119,2) -> 81.79 | T119: =ROUND(CU119*I119,2) -> 0 | U119: =CV119*I119 -> 1.4684 | V119: =CW119*I119 -> 0.0028 | W119: =ROUND(CX119*I119,2) -> 0 | X119: =ROUND(CY119,2) -> 60.71 | Y119: =ROUND(CZ119,2) -> 41.02 | AA119: 39083528 | AB119: =ROUND((AC119+AD119+AF119),2) -> 315.33 | AC119: =ROUND((ES119),2) -> 0 | AD119: =ROUND((((ET119)-(EU119))+AE119),2) -> 2.19 | AE119: =ROUND((EU119),2) -> 0.95 | AF119: =ROUND((EV119),2) -> 313.14 | AG119: =ROUND((AP119),2) -> 0 | AH119: =(EW119) -> 36.71 | AI119: =(EX119) -> 0.07 | AJ119: =ROUND((AS119),2) -> 0 | AK119: 315.33 | AL119: 0 | AM119: 2.19 | AN119: 0.95 | AO119: 313.14 | AP119: 0 | AQ119: 36.71 | AR119: 0.07 | AS119: 0 | AT119: 74 | AU119: 50 | AV119: 1 | AW119: 1 | AZ119: 6.53 | BA119: 6.53 | BB119: 6.53 | BC119: 6.53 | BH119: 0 | BI119: 1 | BJ119: ФЕР-2001, 65-3-7, приказ Минстроя России №1039/пр от 30.12.2016г. | BM119: 65001 | BN119: 0 | BP119: 0 | BQ119: 6 | BR119: 0 | BS119: 6.53 | BT119: 1 | BU119: 1 | BV119: 1 | BW119: 1 | BX119: 1 | BZ119: 74 | CA119: 50 | CF119: 0 | CG119: 0 | CM119: 0 | CO119: 0 | CP119: =(P119+Q119+S119) -> 82.36 | CQ119: =AC119*BC119 -> 0 | CR119: =AD119*BB119 -> 14.3007 | CS119: =AE119*BS119 -> 6.2035 | CT119: =AF119*BA119 -> 2044.8042 | CU119: =AG119 -> 0 | CV119: =AH119 -> 36.71 | CW119: =AI119 -> 0.07 | CX119: =AJ119 -> 0 | CY119: =(((S119+R119)*AT119)/100) -> 60.7096 | CZ119: =(((S119+R119)*AU119)/100) -> 41.02 | DN119: 0 | DO119: 0 | DP119: 1 | DQ119: 1 | DU119: 1013 | DV119: 100 ШТ | DW119: 100 ШТ | DX119: 1 | EE119: 39174590 | EF119: 6 | EG119: Ремонтно-строительные работы | EH119: 0 | EJ119: 1 | EK119: 65001 | EL119: Внтуренниие с/техработы: демонтаж, разборка, промывка | EM119: рФЕР-65 | EQ119: 0 | ER119: 315.33 | ES119: 0 | ET119: 2.19 | EU119: 0.95 | EV119: 313.14 | EW119: 36.71 | EX119: 0.07 | EY119: 0 | FQ119: 0 | FR119: =ROUND(IF(AND(BH119=3,BI119=3),P119,0),2) -> 0 | FS119: 0 | FX119: 74 | FY119: 50 | GD119: 0 | GF119: 610234898 | GG119: 1 | GH119: 1 | GI119: 4 | GJ119: 0 | GK119: =ROUND(R119*(R12)/100,2) -> 0 | GL119: =ROUND(IF(AND(BH119=3,BI119=3,FS119<>0),P119,0),2) -> 0 | GM119: =ROUND(O119+X119+Y119+GK119,2)+GX119 -> 184.09 | GN119: =IF(OR(BI119=0,BI119=1),ROUND(O119+X119+Y119+GK119,2),0) -> 184.09 | GO119: =IF(BI119=2,ROUND(O119+X119+Y119+GK119,2),0) -> 0 | GP119: =IF(BI119=4,ROUND(O119+X119+Y119+GK119,2)+GX119,0) -> 0 | GR119: 0 | GS119: 3 | GT119: 0 | GV119: =ROUND(GT119,2) -> 0 | GW119: 1 | GX119: =ROUND(GV119*GW119*I119,2) -> 0 | HA119: 0 | HB119: 0 | IK119: 0
A120: 17 | B120: 1 | C120: =ROW(SmtRes!A203) -> 203 | D120: =ROW(EtalonRes!A212) -> 212 | E120: 32 | F120: 16-04-002-01 | G120: Прокладка трубопроводов водоснабжения из напорных полиэтиленовых труб наружным диаметром 20 мм | H120: 100 м | I120: 0.5 | J120: 0 | O120: =ROUND(CP120,2) -> 12808.53 | P120: =ROUND(CQ120*I120,2) -> 182.45 | Q120: =ROUND(CR120*I120,2) -> 5540.18 | R120: =ROUND(CS120*I120,2) -> 749.84 | S120: =ROUND(CT120*I120,2) -> 7085.9 | T120: =ROUND(CU120*I120,2) -> 0 | U120: =CV120*I120 -> 109.388 | V120: =CW120*I120 -> 8.525 | W120: =ROUND(CX120*I120,2) -> 0 | X120: =ROUND(CY120,2) -> 9011.1 | Y120: =ROUND(CZ120,2) -> 5563.38 | AA120: 39083528 | AB120: =ROUND((AC120+AD120+AF120),2) -> 3922.98 | AC120: =ROUND((ES120),2) -> 55.88 | AD120: =ROUND(((((ET120*1.25))-((EU120*1.25)))+AE120),2) -> 1696.84 | AE120: =ROUND(((EU120*1.25)),2) -> 229.66 | AF120: =ROUND(((EV120*1.15)),2) -> 2170.26 | AG120: =ROUND((AP120),2) -> 0 | AH120: =((EW120*1.15)) -> 218.776 | AI120: =((EX120*1.25)) -> 17.05 | AJ120: =ROUND((AS120),2) -> 0 | AK120: 3300.53 | AL120: 55.88 | AM120: 1357.47 | AN120: 183.73 | AO120: 1887.18 | AP120: 0 | AQ120: 190.24 | AR120: 13.64 | AS120: 0 | AT120: 115 | AU120: 71 | AV120: 1 | AW120: 1 | AZ120: 6.53 | BA120: 6.53 | BB120: 6.53 | BC120: 6.53 | BH120: 0 | BI120: 1 | BJ120: ФЕР-2001, 16-04-002-01, приказ Минстроя России №1039/пр от 30.12.2016г. | BM120: 16001 | BN120: 0 | BP120: 0 | BQ120: 2 | BR120: 0 | BS120: 6.53 | BT120: 1 | BU120: 1 | BV120: 1 | BW120: 1 | BX120: 1 | BZ120: 128 | CA120: 83 | CF120: 0 | CG120: 0 | CM120: 0 | CN120: Поправка: МДС 81-35.2004, п.4.7 Наименование: Работы, выполняемые при реконструкции зданий и сооружений работы, аналогичные технологическим процессам в новом строительстве (в том числе возведение новых конструктивных элементов) стоимость которых определена по соответствующим сборникам ФЕР, кроме сборника № 46 «Работы при реконструкции зданий и сооружений» | CO120: 0 | CP120: =(P120+Q120+S120) -> 12808.53 | CQ120: =AC120*BC120 -> 364.8964 | CR120: =AD120*BB120 -> 11080.365 | CS120: =AE120*BS120 -> 1499.6798 | CT120: =AF120*BA120 -> 14171.798 | CU120: =AG120 -> 0 | CV120: =AH120 -> 218.776 | CW120: =AI120 -> 17.05 | CX120: =AJ120 -> 0 | CY120: =(((S120+R120)*AT120)/100) -> 9011.101 | CZ120: =(((S120+R120)*AU120)/100) -> 5563.3754 | DE120: )*1,25 | DF120: )*1,25 | DG120: )*1,15 | DI120: )*1,15 | DJ120: )*1,25 | DN120: 0 | DO120: 0 | DP120: 1 | DQ120: 1 | DU120: 1003 | DV120: 100 м | DW120: 100 м | DX120: 100 | EE120: 39174530 | EF120: 2 | EG120: Общестроительные работы | EH120: 0 | EJ120: 1 | EK120: 16001 | EL120: Трубопроводы внутренние | EM120: ФЕР-16 | EO120: Поправка: МДС 81-35.2004, п.4.7 | EQ120: 0 | ER120: 3300.53 | ES120: 55.88 | ET120: 1357.47 | EU120: 183.73 | EV120: 1887.18 | EW120: 190.24 | EX120: 13.64 | EY120: 0 | FQ120: 0 | FR120: =ROUND(IF(AND(BH120=3,BI120=3),P120,0),2) -> 0 | FS120: 0 | FT120: *0,9 | FU120: *0,85 | FX120: 115.2 | FY120: 70.55 | GD120: 0 | GF120: -506903989 | GG120: 1 | GH120: 1 | GI120: 4 | GJ120: 0 | GK120: =ROUND(R120*(R12)/100,2) -> 0 | GL120: =ROUND(IF(AND(BH120=3,BI120=3,FS120<>0),P120,0),2) -> 0 | GM120: =ROUND(O120+X120+Y120+GK120,2)+GX120 -> 27383.01 | GN120: =IF(OR(BI120=0,BI120=1),ROUND(O120+X120+Y120+GK120,2),0) -> 27383.01 | GO120: =IF(BI120=2,ROUND(O120+X120+Y120+GK120,2),0) -> 0 | GP120: =IF(BI120=4,ROUND(O120+X120+Y120+GK120,2)+GX120,0) -> 0 | GR120: 0 | GS120: 3 | GT120: 0 | GV120: =ROUND(GT120,2) -> 0 | GW120: 1 | GX120: =ROUND(GV120*GW120*I120,2) -> 0 | HA120: 0 | HB120: 0 | IK120: 0
A121: 18 | B121: 1 | C121: 201 | E121: 32,1 | F121: 24.1.02.01-0003 | G121: Хомут FGRS системы крепежа трубопроводов, размером 20-24 мм | H121: 10 шт. | I121: =I120*J121 -> 5 | J121: 10 | O121: =ROUND(CP121,2) -> 3163.79 | P121: =ROUND(CQ121*I121,2) -> 3163.79 | Q121: =ROUND(CR121*I121,2) -> 0 | R121: =ROUND(CS121*I121,2) -> 0 | S121: =ROUND(CT121*I121,2) -> 0 | T121: =ROUND(CU121*I121,2) -> 0 | U121: =CV121*I121 -> 0 | V121: =CW121*I121 -> 0 | W121: =ROUND(CX121*I121,2) -> 0 | X121: =ROUND(CY121,2) -> 0 | Y121: =ROUND(CZ121,2) -> 0 | AA121: 39083528 | AB121: =ROUND((AC121+AD121+AF121),2) -> 96.9 | AC121: =ROUND((ES121),2) -> 96.9 | AD121: =ROUND((((ET121)-(EU121))+AE121),2) -> 0 | AE121: =ROUND((EU121),2) -> 0 | AF121: =ROUND((EV121),2) -> 0 | AG121: =ROUND((AP121),2) -> 0 | AH121: =(EW121) -> 0 | AI121: =(EX121) -> 0 | AJ121: =ROUND((AS121),2) -> 0 | AK121: 96.9 | AL121: 96.9 | AM121: 0 | AN121: 0 | AO121: 0 | AP121: 0 | AQ121: 0 | AR121: 0 | AS121: 0 | AT121: 115 | AU121: 71 | AV121: 1 | AW121: 1 | AZ121: 6.53 | BA121: 1 | BB121: 1 | BC121: 6.53 | BH121: 3 | BI121: 1 | BJ121: ФССЦ-2001, 24.1.02.01-0003, приказ Минстроя России №1039/пр от 30.12.2016г. | BM121: 16001 | BN121: 0 | BP121: 0 | BQ121: 2 | BR121: 0 | BS121: 1 | BT121: 1 | BU121: 1 | BV121: 1 | BW121: 1 | BX121: 1 | BZ121: 128 | CA121: 83 | CF121: 0 | CG121: 0 | CM121: 0 | CO121: 0 | CP121: =(P121+Q121+S121) -> 3163.79 | CQ121: =AC121*BC121 -> 632.757 | CR121: =AD121*BB121 -> 0 | CS121: =AE121*BS121 -> 0 | CT121: =AF121*BA121 -> 0 | CU121: =AG121 -> 0 | CV121: =AH121 -> 0 | CW121: =AI121 -> 0 | CX121: =AJ121 -> 0 | CY121: =(((S121+R121)*AT121)/100) -> 0 | CZ121: =(((S121+R121)*AU121)/100) -> 0 | DN121: 0 | DO121: 0 | DP121: 1 | DQ121: 1 | DU121: 1010 | DV121: 10 шт. | DW121: 10 шт. | DX121: 10 | EE121: 39174530 | EF121: 2 | EG121: Общестроительные работы | EH121: 0 | EJ121: 1 | EK121: 16001 | EL121: Трубопроводы внутренние | EM121: ФЕР-16 | EQ121: 0 | ER121: 96.9 | ES121: 96.9 | ET121: 0 | EU121: 0 | EV121: 0 | EW121: 0 | EX121: 0 | FQ121: 0 | FR121: =ROUND(IF(AND(BH121=3,BI121=3),P121,0),2) -> 0 | FS121: 0 | FT121: *0,9 | FU121: *0,85 | FX121: 115.2 | FY121: 70.55 | GD121: 0 | GF121: 392491266 | GG121: 1 | GH121: 1 | GI121: 4 | GJ121: 0 | GK121: =ROUND(R121*(R12)/100,2) -> 0 | GL121: =ROUND(IF(AND(BH121=3,BI121=3,FS121<>0),P121,0),2) -> 0 | GM121: =ROUND(O121+X121+Y121+GK121,2)+GX121 -> 3163.79 | GN121: =IF(OR(BI121=0,BI121=1),ROUND(O121+X121+Y121+GK121,2),0) -> 3163.79 | GO121: =IF(BI121=2,ROUND(O121+X121+Y121+GK121,2),0) -> 0 | GP121: =IF(BI121=4,ROUND(O121+X121+Y121+GK121,2)+GX121,0) -> 0 | GR121: 0 | GS121: 3 | GT121: 0 | GV121: =ROUND(GT121,2) -> 0 | GW121: 1 | GX121: =ROUND(GV121*GW121*I121,2) -> 0 | HA121: 0 | HB121: 0 | IK121: 0
A122: 18 | B122: 1 | C122: 202 | E122: 32,2 | F122: 24.3.02.01-0002 | G122: Трубопроводы напорные из полипропилена PPRS с гильзами и креплениями для холодного и горячего водоснабжения PN10 SDR 11, диаметром 20 мм, толщина стенки 1,9 мм (включая фасонные части) | H122: м | I122: =I120*J122 -> 30 | J122: 60 | O122: =ROUND(CP122,2) -> 901.14 | P122: =ROUND(CQ122*I122,2) -> 901.14 | Q122: =ROUND(CR122*I122,2) -> 0 | R122: =ROUND(CS122*I122,2) -> 0 | S122: =ROUND(CT122*I122,2) -> 0 | T122: =ROUND(CU122*I122,2) -> 0 | U122: =CV122*I122 -> 0 | V122: =CW122*I122 -> 0 | W122: =ROUND(CX122*I122,2) -> 0 | X122: =ROUND(CY122,2) -> 0 | Y122: =ROUND(CZ122,2) -> 0 | AA122: 39083528 | AB122: =ROUND((AC122+AD122+AF122),2) -> 4.6 | AC122: =ROUND((ES122),2) -> 4.6 | AD122: =ROUND((((ET122)-(EU122))+AE122),2) -> 0 | AE122: =ROUND((EU122),2) -> 0 | AF122: =ROUND((EV122),2) -> 0 | AG122: =ROUND((AP122),2) -> 0 | AH122: =(EW122) -> 0 | AI122: =(EX122) -> 0 | AJ122: =ROUND((AS122),2) -> 0 | AK122: 4.6 | AL122: 4.6 | AM122: 0 | AN122: 0 | AO122: 0 | AP122: 0 | AQ122: 0 | AR122: 0 | AS122: 0 | AT122: 115 | AU122: 71 | AV122: 1 | AW122: 1 | AZ122: 6.53 | BA122: 1 | BB122: 1 | BC122: 6.53 | BH122: 3 | BI122: 1 | BJ122: ФССЦ-2001, 24.3.02.01-0002, приказ Минстроя России №1039/пр от 30.12.2016г. | BM122: 16001 | BN122: 0 | BP122: 0 | BQ122: 2 | BR122: 0 | BS122: 1 | BT122: 1 | BU122: 1 | BV122: 1 | BW122: 1 | BX122: 1 | BZ122: 128 | CA122: 83 | CF122: 0 | CG122: 0 | CM122: 0 | CO122: 0 | CP122: =(P122+Q122+S122) -> 901.14 | CQ122: =AC122*BC122 -> 30.038 | CR122: =AD122*BB122 -> 0 | CS122: =AE122*BS122 -> 0 | CT122: =AF122*BA122 -> 0 | CU122: =AG122 -> 0 | CV122: =AH122 -> 0 | CW122: =AI122 -> 0 | CX122: =AJ122 -> 0 | CY122: =(((S122+R122)*AT122)/100) -> 0 | CZ122: =(((S122+R122)*AU122)/100) -> 0 | DN122: 0 | DO122: 0 | DP122: 1 | DQ122: 1 | DU122: 1003 | DV122: м | DW122: м | DX122: 1 | EE122: 39174530 | EF122: 2 | EG122: Общестроительные работы | EH122: 0 | EJ122: 1 | EK122: 16001 | EL122: Трубопроводы внутренние | EM122: ФЕР-16 | EQ122: 0 | ER122: 4.6 | ES122: 4.6 | ET122: 0 | EU122: 0 | EV122: 0 | EW122: 0 | EX122: 0 | FQ122: 0 | FR122: =ROUND(IF(AND(BH122=3,BI122=3),P122,0),2) -> 0 | FS122: 0 | FT122: *0,9 | FU122: *0,85 | FX122: 115.2 | FY122: 70.55 | GD122: 0 | GF122: 2095653139 | GG122: 1 | GH122: 1 | GI122: 4 | GJ122: 0 | GK122: =ROUND(R122*(R12)/100,2) -> 0 | GL122: =ROUND(IF(AND(BH122=3,BI122=3,FS122<>0),P122,0),2) -> 0 | GM122: =ROUND(O122+X122+Y122+GK122,2)+GX122 -> 901.14 | GN122: =IF(OR(BI122=0,BI122=1),ROUND(O122+X122+Y122+GK122,2),0) -> 901.14 | GO122: =IF(BI122=2,ROUND(O122+X122+Y122+GK122,2),0) -> 0 | GP122: =IF(BI122=4,ROUND(O122+X122+Y122+GK122,2)+GX122,0) -> 0 | GR122: 0 | GS122: 3 | GT122: 0 | GV122: =ROUND(GT122,2) -> 0 | GW122: 1 | GX122: =ROUND(GV122*GW122*I122,2) -> 0 | HA122: 0 | HB122: 0 | IK122: 0
